Workbook
Name __xlfn_IFERROR: #N/A
Name __xlfn_IFERROR: NA()
Name Excel_BuiltIn_Print_Area: 'Paramount Title, LLC'!$A$1:$F$78
Name Excel_BuiltIn_Print_Area: 'Tierras Title, LLC'!$A$1:$F$78
Name Excel_BuiltIn_Sheet_Title: "Schedule A"
Name SCH_A: #REF!
Name SCH_A: #REF!
Name SCH_A: #REF!
Name SCH_A: #REF!
Name SCH_A: #REF!
Name SCH_A: #REF!
Name SCH_A: #REF!
Name SCH_A: #REF!
Name SCH_A: #REF!
Name SCH_A: #REF!
Name SCH_A: #REF!
Name SCH_A: #REF!
Name SCH_A: #REF!
Name SCH_A: #REF!
Name SCH_A: #REF!
Name SCH_A: #REF!
Name SCH_A: #REF!
Name SCH_A: #REF!
Name SCH_A: #REF!
Name SCH_A: #REF!
Name SCH_A: #REF!
Name SCH_A: #REF!
Name SCH_A: #REF!
Name SCH_A: #REF!
Name SCH_A: #REF!
Name SCH_A: #REF!
Name SCH_A: #REF!
Name SCH_A: NA()
Name SCH_A: #REF!
Name SCH_A: #REF!
Name SCH_A: #REF!
Name SCH_A: #REF!
Name SCH_A: #REF!
Name SCH_A: #REF!
Name SCH_A: #REF!
Name SCH_A: #REF!
Name SCH_A: #REF!
Name SCH_A: #REF!
Name SCH_A: #REF!
Name SCH_A: #REF!
Name SCH_A: #REF!
Name SCH_A: #REF!
Name SCH_A: #REF!
Name SCH_A: #REF!
Name SCH_A: #REF!
Name SCH_A: #REF!
Name SCH_A: #REF!
Name SCH_A: #REF!
Name SCH_A: #REF!
Name SCH_A: #REF!
Name SCH_A: #REF!
Name SCH_A: #REF!
Name SCH_A: #REF!
Name SCH_A: #REF!
Name SCH_A: #REF!

Sheet Aggregation
A1: Exhibit IV
A2: SCHEDULE A OF THE NEW MEXICO TITLE INSURANCE AGENTS STATISTICAL REPORT
A3: Aggregated for all Independent Agents
A4: For the Year Ended December 31, 2022
A6: Agencies reporting: 58
C8: Part A: Revenue
C9: 1. | D9: Title insurance written premiums | E9: =ROUND( SUM('Alliance Abstract & Title:Western Plains, Inc.'!E18),0)+1 -> 57497522
C10: 2. | D10: Less: Remitted title insurance premiums | E10: =ROUND( SUM('Alliance Abstract & Title:Western Plains, Inc.'!E19),0) -> 12405938
C11: 3. | D11: Retained title insurance premiums | E11: =E9-E10 -> 45091584
C12: 4. | D12: Other income | E12: =ROUND( SUM('Alliance Abstract & Title:Western Plains, Inc.'!E21),0) -> 22881231
C13: 5. | D13: Total Revenue | E13: =E11+E12 -> 67972815
C15: Part B: Expenses
C16: 1. | D16: Employees' salaries and wages | E16: =ROUND( SUM('Alliance Abstract & Title:Western Plains, Inc.'!E25),0)+0.4 -> 23190611
C17: 2. | D17: Owners' and partners' salaries and wages | E17: =ROUND( SUM('Alliance Abstract & Title:Western Plains, Inc.'!E26),0)+0.4 -> 5977425.4
C18: 3. | D18: Employee benefits | E18: =ROUND( SUM('Alliance Abstract & Title:Western Plains, Inc.'!E27),0)+0.4 -> 3426782.4
C19: 4. | D19: Rent | E19: =ROUND( SUM('Alliance Abstract & Title:Western Plains, Inc.'!E28),0)+0.4 -> 2879619.4
C20: 5. | D20: Insurance | E20: =ROUND( SUM('Alliance Abstract & Title:Western Plains, Inc.'!E29),0)+0.4 -> 540223.4
C21: 6. | D21: Legal expense | E21: =ROUND( SUM('Alliance Abstract & Title:Western Plains, Inc.'!E30),0)+0.4 -> 145321.4
C22: 7. | D22: Licenses, taxes and fees | E22: =ROUND( SUM('Alliance Abstract & Title:Western Plains, Inc.'!E31),0)+0.4 -> 655623.4
C23: 8. | D23: Title plant expense and maintenance | E23: =ROUND( SUM('Alliance Abstract & Title:Western Plains, Inc.'!E32),0) -> 1899704
C24: 9. | D24: Office supplies | E24: =ROUND( SUM('Alliance Abstract & Title:Western Plains, Inc.'!E33),0) -> 1560711
C25: 10. | D25: Depreciation | E25: =ROUND( SUM('Alliance Abstract & Title:Western Plains, Inc.'!E34),0) -> 1059516
C26: 11. | D26: Automobile expense | E26: =ROUND( SUM('Alliance Abstract & Title:Western Plains, Inc.'!E35),0) -> 249580
C27: 12. | D27: Communication expense | E27: =ROUND( SUM('Alliance Abstract & Title:Western Plains, Inc.'!E36),0) -> 1213932
C28: 13. | D28: Education expense | E28: =ROUND( SUM('Alliance Abstract & Title:Western Plains, Inc.'!E37),0) -> 120005
C29: 14. | D29: Bad debts | E29: =ROUND( SUM('Alliance Abstract & Title:Western Plains, Inc.'!E38),0) -> 10124
C30: 15. | D30: Interest expense | E30: =ROUND( SUM('Alliance Abstract & Title:Western Plains, Inc.'!E39),0) -> 597752
C31: 16. | D31: Employee travel and lodging | E31: =ROUND( SUM('Alliance Abstract & Title:Western Plains, Inc.'!E40),0) -> 256605
C32: 17. | D32: Loss and loss adjustment expense | E32: =ROUND( SUM('Alliance Abstract & Title:Western Plains, Inc.'!E41),0) -> 896339
C33: 18. | D33: Accounting and auditing expense | E33: =ROUND( SUM('Alliance Abstract & Title:Western Plains, Inc.'!E42),0) -> 705326
C34: 19. | D34: Public relations expense | E34: =ROUND( SUM('Alliance Abstract & Title:Western Plains, Inc.'!E43),0) -> 901604
C35: 20. | D35: Other expenses | E35: =ROUND( SUM('Alliance Abstract & Title:Western Plains, Inc.'!E44),0) -> 8122157
C36: 21. | D36: Total Expenses | E36: =SUM(E16:E35) -> 54408962
C38: Part C: Net Income for Ratemaking Purposes
C39: 1. | D39: Income (Loss) from Operations | E39: =E13-E36 -> 13563853
C41: Part D: Excluded Expenses
C42: 1. | D42: NMLTA lobbying expense | E42: =ROUND( SUM('Alliance Abstract & Title:Western Plains, Inc.'!E51),0) -> 3734
C43: 2. | D43: Direct lobbying expense | E43: =ROUND( SUM('Alliance Abstract & Title:Western Plains, Inc.'!E52),0) -> 4
C44: 3. | D44: Political contributions | E44: =ROUND( SUM('Alliance Abstract & Title:Western Plains, Inc.'!E53),0) -> 5100
C45: 4. | D45: State and federal income tax expense | E45: =ROUND( SUM('Alliance Abstract & Title:Western Plains, Inc.'!E54),0) -> 226185
C46: 5. | D46: 1/2 of meals and entertainment expense | E46: =ROUND( SUM('Alliance Abstract & Title:Western Plains, Inc.'!E55),0) -> 54316
C47: 6. | D47: Penalties | E47: =ROUND( SUM('Alliance Abstract & Title:Western Plains, Inc.'!E56),0) -> 104432
C48: 7. | D48: Country club dues | E48: =ROUND( SUM('Alliance Abstract & Title:Western Plains, Inc.'!E57),0) -> 23645
C49: 8. | D49: Salaries in excess of salary cap | E49: =ROUND( SUM('Alliance Abstract & Title:Western Plains, Inc.'!E58),0) -> 1174685
C50: 9. | D50: Other excluded expenses | E50: =ROUND( SUM('Alliance Abstract & Title:Western Plains, Inc.'!E59),0) -> 1012502
C51: 10. | D51: Total Excluded Expenses | E51: =SUM(E42:E50) -> 2604603
C53: Part E: Net Income
C54: 1. | D54: Net income as reported on the books of the agency | E54: =E39-E51 -> 10959250
C56: Part F: Equity
C57: 1. | D57: Total equity as reported on balance sheet of the agency | E57: =ROUND( SUM('Alliance Abstract & Title:Western Plains, Inc.'!E66),0) -> 112660054
C59: Part G: Employees
C60: 1. | D60: Total number of employees | E60: =ROUND( SUM('Alliance Abstract & Title:Western Plains, Inc.'!E69),0) -> 656

Sheet Alliance Abstract & Title
D1: NEW MEXICO TITLE INSURANCE AGENTS STATISTICAL REPORT
D2: SCHEDULE A: STATEMENT OF INCOME AND EXPENSES
D3: For the Calendar Year Ending December 31, 2022
C5: AGENCY NAME: | D5: Alliance Abstract and Title, LLC
C6: ADDRESS: | D6: 207 Fisher, Socorro, NM 87801
C7: CONTACT NAME: | D7: Lori Fernandez
A8: Check One:
A9: x | B9: INDEPENDENT (NON-AFFILIATED) Title insurance agencies that are independently owned and write title insurance business
B10: one or more title insurance underwriters.
B12: AFFILIATED Title insurance agencies with 10% or greater ownership by a title insurance underwriter, including wholly-owned agencies.
B14: DIRECT Agency-type operations performed by the home or branch office of a title insurance underwriter. This does NOT include
B15: wholly-owned agencies.
C17: Part A: Revenue
C18: 1. | D18: Title insurance written premiums (from Schedule B) | E18: 1378589
C19: 2. | D19: Less: Remitted title insurance premiums (from Schedule B) | E19: 277730
C20: 3. | D20: Retained title insurance premiums (from Schedule B) | E20: 1100859
C21: 4. | D21: Other income (from Schedule C) | E21: 706196
C22: 5. | D22: Total Revenue | E22: =SUM(E20:E21) -> 1807055
C24: Part B: Expenses
C25: 1. | D25: Employees' salaries and wages | E25: 733266
C26: 2. | D26: Owners' and partners' salaries and wages | E26: 81666
C27: 3. | D27: Employee benefits | E27: 43996
C28: 4. | D28: Rent | E28: 63083
C29: 5. | D29: Insurance | E29: 16609
C30: 6. | D30: Legal expense | E30: 39037
C31: 7. | D31: Licenses, taxes and fees | E31: 51861
C32: 8. | D32: Title plant expense and maintenance | E32: 36800
C33: 9. | D33: Office supplies | E33: 8956
C34: 10. | D34: Depreciation
C35: 11. | D35: Automobile expense | E35: 12629
C36: 12. | D36: Communication expense | E36: 10252
C37: 13. | D37: Education expense
C38: 14. | D38: Bad debts
C39: 15. | D39: Interest expense | E39: 0
C40: 16. | D40: Employee travel and lodging | E40: 0
C41: 17. | D41: Loss and loss adjustment expense (from Schedule D) | E41: 8361
C42: 18. | D42: Accounting and auditing expense | E42: 16631
C43: 19. | D43: Public relations expense
C44: 20. | D44: Other expenses (from Schedule E) | E44: 293802
C45: 21. | D45: Total Expenses | E45: =SUM(E25:E44) -> 1416949
C47: Part C: Net Income for Ratemaking Purposes
C48: 1. | D48: Income (Loss) from Operations | E48: =E22-E45 -> 390106
C50: Part D: Excluded Expenses
C51: 1. | D51: NMLTA lobbying expense
C52: 2. | D52: Direct lobbying expense
C53: 3. | D53: Political contributions
C54: 4. | D54: State and federal income tax expense
C55: 5. | D55: 1/2 of meals and entertainment expense | E55: 444
C56: 6. | D56: Penalties
C57: 7. | D57: Country club dues
C58: 8. | D58: Salaries in excess of salary cap
C59: 9. | D59: Other excluded expenses (from Schedule E) | E59: 0
C60: 10. | D60: Total Excluded Expenses | E60: =SUM(E51:E59) -> 444
C62: Part E: Net Income
C63: 1. | D63: Net income as reported on the books of the agency | E63: =E48-E60 -> 389662
C65: Part F: Equity
C66: 1. | D66: Total equity as reported on balance sheet of the agency
C68: Part G: Employees
C69: 1. | D69: Total number of employees | E69: 20

Sheet Amrock, Inc.
D1: NEW MEXICO TITLE INSURANCE AGENTS STATISTICAL REPORT
D2: SCHEDULE A: STATEMENT OF INCOME AND EXPENSES
D3: For the Calendar Year Ending December 31, 2022
C5: AGENCY NAME: | D5: Amrock, LLC
C6: ADDRESS: | D6: 662 Woodward Avenue, Detroit, MI 48226
C7: CONTACT NAME: | D7: Nicole Beattie
A8: Check One:
A9: x | B9: INDEPENDENT (NON-AFFILIATED) Title insurance agencies that are independently owned and write title insurance business
B10: one or more title insurance underwriters.
B12: AFFILIATED Title insurance agencies with 10% or greater ownership by a title insurance underwriter, including wholly-owned agencies.
B14: DIRECT Agency-type operations performed by the home or branch office of a title insurance underwriter. This does NOT include
B15: wholly-owned agencies.
C17: Part A: Revenue
C18: 1. | D18: Title insurance written premiums (from Schedule B) | E18: 1811470.7
C19: 2. | D19: Less: Remitted title insurance premiums (from Schedule B) | E19: 393220.3
C20: 3. | D20: Retained title insurance premiums (from Schedule B) | E20: 1418250.4
C21: 4. | D21: Other income (from Schedule C) | E21: 1591960.9
C22: 5. | D22: Total Revenue | E22: =SUM(E20:E21) -> 3010211.2
C24: Part B: Expenses
C25: 1. | D25: Employees' salaries and wages | E25: 640596.82
C26: 2. | D26: Owners' and partners' salaries and wages
C27: 3. | D27: Employee benefits | E27: 73507.997
C28: 4. | D28: Rent | E28: 52085.983
C29: 5. | D29: Insurance | E29: 3493.6539
C30: 6. | D30: Legal expense
C31: 7. | D31: Licenses, taxes and fees | E31: 35033.62
C32: 8. | D32: Title plant expense and maintenance | E32: 603.5
C33: 9. | D33: Office supplies | E33: 2570.3165
C34: 10. | D34: Depreciation
C35: 11. | D35: Automobile expense
C36: 12. | D36: Communication expense | E36: 446596.24
C37: 13. | D37: Education expense | E37: 367.99996
C38: 14. | D38: Bad debts
C39: 15. | D39: Interest expense
C40: 16. | D40: Employee travel and lodging | E40: 5786.2696
C41: 17. | D41: Loss and loss adjustment expense (from Schedule D) | E41: 143766.75
C42: 18. | D42: Accounting and auditing expense | E42: 2874.7483
C43: 19. | D43: Public relations expense | E43: 1201.1956
C44: 20. | D44: Other expenses (from Schedule E) | E44: 776907.28
C45: 21. | D45: Total Expenses | E45: =SUM(E25:E44) -> 2185392.4
C47: Part C: Net Income for Ratemaking Purposes
C48: 1. | D48: Income (Loss) from Operations | E48: =E22-E45 -> 824818.86
C50: Part D: Excluded Expenses
C51: 1. | D51: NMLTA lobbying expense
C52: 2. | D52: Direct lobbying expense
C53: 3. | D53: Political contributions
C54: 4. | D54: State and federal income tax expense | E54: 7041.8407
C55: 5. | D55: 1/2 of meals and entertainment expense | E55: =2606.83770735295/2 -> 1303.4189
C56: 6. | D56: Penalties
C57: 7. | D57: Country club dues
C58: 8. | D58: Salaries in excess of salary cap
C59: 9. | D59: Other excluded expenses (from Schedule E) | E59: 0
C60: 10. | D60: Total Excluded Expenses | E60: =SUM(E51:E59) -> 8345.2596
C62: Part E: Net Income
C63: 1. | D63: Net income as reported on the books of the agency | E63: =E48-E60 -> 816473.61
C65: Part F: Equity
C66: 1. | D66: Total equity as reported on balance sheet of the agency | E66: 67041000
C68: Part G: Employees
C69: 1. | D69: Total number of employees | E69: 12

Sheet Aztec Abstract & Title
D1: NEW MEXICO TITLE INSURANCE AGENTS STATISTICAL REPORT
D2: SCHEDULE A: STATEMENT OF INCOME AND EXPENSES
D3: For the Calendar Year Ending December 31, 2022
C5: AGENCY NAME: | D5: Aztec Abstract & Title Insurance, Inc.
C6: ADDRESS: | D6: 708 S. Ave. C, Portales, NM 88130
C7: CONTACT NAME: | D7: Kristin Nichols
A8: Check One:
A9: x | B9: INDEPENDENT (NON-AFFILIATED) Title insurance agencies that are independently owned and write title insurance business
B10: one or more title insurance underwriters.
B12: AFFILIATED Title insurance agencies with 10% or greater ownership by a title insurance underwriter, including wholly-owned agencies.
B14: DIRECT Agency-type operations performed by the home or branch office of a title insurance underwriter. This does NOT include
B15: wholly-owned agencies.
C17: Part A: Revenue
C18: 1. | D18: Title insurance written premiums (from Schedule B) | E18: 717070
C19: 2. | D19: Less: Remitted title insurance premiums (from Schedule B) | E19: 143414
C20: 3. | D20: Retained title insurance premiums (from Schedule B) | E20: 573656
C21: 4. | D21: Other income (from Schedule C) | E21: 455295.67
C22: 5. | D22: Total Revenue | E22: =SUM(E20:E21) -> 1028951.7
C24: Part B: Expenses
C25: 1. | D25: Employees' salaries and wages | E25: 335020
C26: 2. | D26: Owners' and partners' salaries and wages | E26: 154500
C27: 3. | D27: Employee benefits | E27: 53034.75
C28: 4. | D28: Rent | E28: 111100
C29: 5. | D29: Insurance | E29: 6071.61
C30: 6. | D30: Legal expense | E30: 168.84
C31: 7. | D31: Licenses, taxes and fees | E31: 6417.66
C32: 8. | D32: Title plant expense and maintenance | E32: 6833
C33: 9. | D33: Office supplies | E33: 20876
C34: 10. | D34: Depreciation | E34: 19200
C35: 11. | D35: Automobile expense | E35: 24873.52
C36: 12. | D36: Communication expense | E36: 37918.73
C37: 13. | D37: Education expense | E37: 180
C38: 14. | D38: Bad debts
C39: 15. | D39: Interest expense | E39: 927
C40: 16. | D40: Employee travel and lodging | E40: 6851.33
C41: 17. | D41: Loss and loss adjustment expense (from Schedule D) | E41: 17277.37
C42: 18. | D42: Accounting and auditing expense | E42: 6454.82
C43: 19. | D43: Public relations expense | E43: 57799.42
C44: 20. | D44: Other expenses (from Schedule E) | E44: 105681.3
C45: 21. | D45: Total Expenses | E45: =SUM(E25:E44) -> 971185.35
C47: Part C: Net Income for Ratemaking Purposes
C48: 1. | D48: Income (Loss) from Operations | E48: =E22-E45 -> 57766.32
C50: Part D: Excluded Expenses
C51: 1. | D51: NMLTA lobbying expense
C52: 2. | D52: Direct lobbying expense
C53: 3. | D53: Political contributions
C54: 4. | D54: State and federal income tax expense | E54: 25550.07
C55: 5. | D55: 1/2 of meals and entertainment expense
C56: 6. | D56: Penalties
C57: 7. | D57: Country club dues
C58: 8. | D58: Salaries in excess of salary cap
C59: 9. | D59: Other excluded expenses (from Schedule E) | E59: 250
C60: 10. | D60: Total Excluded Expenses | E60: =SUM(E51:E59) -> 25800.07
C62: Part E: Net Income
C63: 1. | D63: Net income as reported on the books of the agency | E63: =E48-E60 -> 31966.25
C65: Part F: Equity
C66: 1. | D66: Total equity as reported on balance sheet of the agency
C68: Part G: Employees
C69: 1. | D69: Total number of employees | E69: 15

Sheet BGMJ, Inc.
D1: NEW MEXICO TITLE INSURANCE AGENTS STATISTICAL REPORT
D2: SCHEDULE A: STATEMENT OF INCOME AND EXPENSES
D3: For the Calendar Year Ending December 31, 2022
C5: AGENCY NAME: | D5: BGMJ, INC.
C6: ADDRESS: | D6: 2724 WILSHIRE BLVD, ROSWELL, NM 88201
C7: CONTACT NAME: | D7: MAURITA LOVELACE
A8: Check One:
A9: X | B9: INDEPENDENT (NON-AFFILIATED) Title insurance agencies that are independently owned and write title insurance business
B10: one or more title insurance underwriters.
B12: AFFILIATED Title insurance agencies with 10% or greater ownership by a title insurance underwriter, including wholly-owned agencies.
B14: DIRECT Agency-type operations performed by the home or branch office of a title insurance underwriter. This does NOT include
B15: wholly-owned agencies.
C17: Part A: Revenue
C18: 1. | D18: Title insurance written premiums (from Schedule B) | E18: 1233410.6
C19: 2. | D19: Less: Remitted title insurance premiums (from Schedule B) | E19: 246975.24
C20: 3. | D20: Retained title insurance premiums (from Schedule B) | E20: 986435.41
C21: 4. | D21: Other income (from Schedule C) | E21: 619884.17
C22: 5. | D22: Total Revenue | E22: =SUM(E20:E21) -> 1606319.6
C24: Part B: Expenses
C25: 1. | D25: Employees' salaries and wages | E25: 641072.9
C26: 2. | D26: Owners' and partners' salaries and wages | E26: 96000
C27: 3. | D27: Employee benefits | E27: 113650.93
C28: 4. | D28: Rent | E28: 91434.71
C29: 5. | D29: Insurance | E29: 39339.49
C30: 6. | D30: Legal expense
C31: 7. | D31: Licenses, taxes and fees | E31: 1391.37
C32: 8. | D32: Title plant expense and maintenance | E32: 56918.09
C33: 9. | D33: Office supplies | E33: 64495.57
C34: 10. | D34: Depreciation | E34: 34352.12
C35: 11. | D35: Automobile expense | E35: 7104.43
C36: 12. | D36: Communication expense | E36: 13453.17
C37: 13. | D37: Education expense
C38: 14. | D38: Bad debts
C39: 15. | D39: Interest expense
C40: 16. | D40: Employee travel and lodging | E40: 4303.98
C41: 17. | D41: Loss and loss adjustment expense (from Schedule D) | E41: 7231.67
C42: 18. | D42: Accounting and auditing expense | E42: 16082.89
C43: 19. | D43: Public relations expense | E43: 34715.91
C44: 20. | D44: Other expenses (from Schedule E) | E44: 66607.63
C45: 21. | D45: Total Expenses | E45: =SUM(E25:E44) -> 1288154.9
C47: Part C: Net Income for Ratemaking Purposes
C48: 1. | D48: Income (Loss) from Operations | E48: =E22-E45 -> 318164.72
C50: Part D: Excluded Expenses
C51: 1. | D51: NMLTA lobbying expense | E51: 190
C52: 2. | D52: Direct lobbying expense
C53: 3. | D53: Political contributions
C54: 4. | D54: State and federal income tax expense
C55: 5. | D55: 1/2 of meals and entertainment expense
C56: 6. | D56: Penalties
C57: 7. | D57: Country club dues
C58: 8. | D58: Salaries in excess of salary cap
C59: 9. | D59: Other excluded expenses (from Schedule E) | E59: 63285.42
C60: 10. | D60: Total Excluded Expenses | E60: =SUM(E51:E59) -> 63475.42
C62: Part E: Net Income
C63: 1. | D63: Net income as reported on the books of the agency | E63: =E48-E60 -> 254689.3
C65: Part F: Equity
C66: 1. | D66: Total equity as reported on balance sheet of the agency | E66: 452430
C68: Part G: Employees
C69: 1. | D69: Total number of employees | E69: 19

Sheet Bueno Title & Escrow Company
D1: NEW MEXICO TITLE INSURANCE AGENTS STATISTICAL REPORT
D2: SCHEDULE A: STATEMENT OF INCOME AND EXPENSES
D3: For the Calendar Year Ending December 31, 2022
C5: AGENCY NAME: | D5: Bueno Title & Escrow Company LLC
C6: ADDRESS: | D6: 2802 Doral Ct. Las Cruces NM 88011
C7: CONTACT NAME: | D7: Sonya Harmon
A8: Check One:
A9: X | B9: INDEPENDENT (NON-AFFILIATED) Title insurance agencies that are independently owned and write title insurance business
B10: one or more title insurance underwriters.
B12: AFFILIATED Title insurance agencies with 10% or greater ownership by a title insurance underwriter, including wholly-owned agencies.
B14: DIRECT Agency-type operations performed by the home or branch office of a title insurance underwriter. This does NOT include
B15: wholly-owned agencies.
C17: Part A: Revenue
C18: 1. | D18: Title insurance written premiums (from Schedule B) | E18: 1286224.8
C19: 2. | D19: Less: Remitted title insurance premiums (from Schedule B) | E19: 256747.1
C20: 3. | D20: Retained title insurance premiums (from Schedule B) | E20: 1029477.7
C21: 4. | D21: Other income (from Schedule C) | E21: 339469.81
C22: 5. | D22: Total Revenue | E22: 1368947.5
C24: Part B: Expenses
C25: 1. | D25: Employees' salaries and wages | E25: =37698.94+61764.35+174980.38+66307.93+113558.81 -> 454310.41
C26: 2. | D26: Owners' and partners' salaries and wages | E26: =68244.72+50258.64 -> 118503.36
C27: 3. | D27: Employee benefits | E27: =25505.11+45727.64+1018.06 -> 72250.81
C28: 4. | D28: Rent | E28: 75759
C29: 5. | D29: Insurance | E29: 1014.24
C30: 6. | D30: Legal expense | E30: 679.61
C31: 7. | D31: Licenses, taxes and fees | E31: 991.19
C32: 8. | D32: Title plant expense and maintenance | E32: 6000
C33: 9. | D33: Office supplies | E33: =100.85+20659.76 -> 20760.61
C34: 10. | D34: Depreciation | E34: 3098.85
C35: 11. | D35: Automobile expense | E35: =408.85+2820.87 -> 3229.72
C36: 12. | D36: Communication expense | E36: 51102.16
C37: 13. | D37: Education expense | E37: 194
C38: 14. | D38: Bad debts
C39: 15. | D39: Interest expense | E39: =4.07+36725.82 -> 36729.89
C40: 16. | D40: Employee travel and lodging | E40: =684.22+121.82+1567.2 -> 2373.24
C41: 17. | D41: Loss and loss adjustment expense (from Schedule D) | E41: 18711.81
C42: 18. | D42: Accounting and auditing expense | E42: =24253.72+2875.53 -> 27129.25
C43: 19. | D43: Public relations expense | E43: 11635.21
C44: 20. | D44: Other expenses (from Schedule E) | E44: 210008.38
C45: 21. | D45: Total Expenses | E45: =SUM(E25:E44) -> 1114481.7
C47: Part C: Net Income for Ratemaking Purposes
C48: 1. | D48: Income (Loss) from Operations | E48: =E22-E45 -> 254465.73
C50: Part D: Excluded Expenses
C51: 1. | D51: NMLTA lobbying expense
C52: 2. | D52: Direct lobbying expense
C53: 3. | D53: Political contributions
C54: 4. | D54: State and federal income tax expense
C55: 5. | D55: 1/2 of meals and entertainment expense
C56: 6. | D56: Penalties | E56: 1482
C57: 7. | D57: Country club dues
C58: 8. | D58: Salaries in excess of salary cap
C59: 9. | D59: Other excluded expenses (from Schedule E) | E59: 9878
C60: 10. | D60: Total Excluded Expenses | E60: =SUM(E51:E59) -> 11360
C62: Part E: Net Income
C63: 1. | D63: Net income as reported on the books of the agency | E63: =E48-E60 -> 243105.73
C65: Part F: Equity
C66: 1. | D66: Total equity as reported on balance sheet of the agency | E66: 16392
C68: Part G: Employees
C69: 1. | D69: Total number of employees | E69: 24

Sheet Camino Real Abstract & Title
D1: NEW MEXICO TITLE INSURANCE AGENTS STATISTICAL REPORT
D2: SCHEDULE A: STATEMENT OF INCOME AND EXPENSES
D3: For the Calendar Year Ending December 31, 2022
C5: AGENCY NAME: | D5: Camino Real Abstract & Title, LLC
C6: ADDRESS: | D6: 6701 N. Mesa, El Paso, TX 79912
C7: CONTACT NAME: | D7: Andy Quintana
A8: Check One:
A9: X | B9: INDEPENDENT (NON-AFFILIATED) Title insurance agencies that are independently owned and write title insurance business
B10: one or more title insurance underwriters.
B12: AFFILIATED Title insurance agencies with 10% or greater ownership by a title insurance underwriter, including wholly-owned agencies.
B14: DIRECT Agency-type operations performed by the home or branch office of a title insurance underwriter. This does NOT include
B15: wholly-owned agencies.
C17: Part A: Revenue
C18: 1. | D18: Title insurance written premiums (from Schedule B) | E18: 201026
C19: 2. | D19: Less: Remitted title insurance premiums (from Schedule B) | E19: 40140
C20: 3. | D20: Retained title insurance premiums (from Schedule B) | E20: 160886
C21: 4. | D21: Other income (from Schedule C) | E21: 87547
C22: 5. | D22: Total Revenue | E22: =SUM(E20:E21) -> 248433
C24: Part B: Expenses
C25: 1. | D25: Employees' salaries and wages | E25: 81196
C26: 2. | D26: Owners' and partners' salaries and wages
C27: 3. | D27: Employee benefits | E27: 13040
C28: 4. | D28: Rent | E28: 58260
C29: 5. | D29: Insurance | E29: 2856
C30: 6. | D30: Legal expense
C31: 7. | D31: Licenses, taxes and fees | E31: 3497
C32: 8. | D32: Title plant expense and maintenance | E32: 13023
C33: 9. | D33: Office supplies | E33: 1215
C34: 10. | D34: Depreciation | E34: 4969
C35: 11. | D35: Automobile expense
C36: 12. | D36: Communication expense | E36: 3975
C37: 13. | D37: Education expense | E37: 2250
C38: 14. | D38: Bad debts
C39: 15. | D39: Interest expense
C40: 16. | D40: Employee travel and lodging
C41: 17. | D41: Loss and loss adjustment expense (from Schedule D) | E41: 958
C42: 18. | D42: Accounting and auditing expense | E42: 2676
C43: 19. | D43: Public relations expense | E43: 100
C44: 20. | D44: Other expenses (from Schedule E) | E44: 23245
C45: 21. | D45: Total Expenses | E45: =SUM(E25:E44) -> 211260
C47: Part C: Net Income for Ratemaking Purposes
C48: 1. | D48: Income (Loss) from Operations | E48: =E22-E45 -> 37173
C50: Part D: Excluded Expenses
C51: 1. | D51: NMLTA lobbying expense
C52: 2. | D52: Direct lobbying expense
C53: 3. | D53: Political contributions
C54: 4. | D54: State and federal income tax expense
C55: 5. | D55: 1/2 of meals and entertainment expense
C56: 6. | D56: Penalties
C57: 7. | D57: Country club dues
C58: 8. | D58: Salaries in excess of salary cap
C59: 9. | D59: Other excluded expenses (from Schedule E) | E59: 0
C60: 10. | D60: Total Excluded Expenses | E60: =SUM(E51:E59) -> 0
C62: Part E: Net Income
C63: 1. | D63: Net income as reported on the books of the agency | E63: =E48-E60 -> 37173
C65: Part F: Equity
C66: 1. | D66: Total equity as reported on balance sheet of the agency | E66: 210700
C68: Part G: Employees
C69: 1. | D69: Total number of employees | E69: 4

Sheet Casa Y Tierra Abstract & Title
D1: NEW MEXICO TITLE INSURANCE AGENTS STATISTICAL REPORT
D2: SCHEDULE A: STATEMENT OF INCOME AND EXPENSES
D3: For the Calendar Year Ending December 31, 2022
C5: AGENCY NAME: | D5: Casa Y Tierra Abstract and Title Co.
C6: ADDRESS: | D6: 2420 N White Sands Blvd, Alamogordo, NM 88310
C7: CONTACT NAME: | D7: Craig Danekas
A8: Check One:
A9: X | B9: INDEPENDENT (NON-AFFILIATED) Title insurance agencies that are independently owned and write title insurance business
B10: one or more title insurance underwriters.
B12: AFFILIATED Title insurance agencies with 10% or greater ownership by a title insurance underwriter, including wholly-owned agencies.
B14: DIRECT Agency-type operations performed by the home or branch office of a title insurance underwriter. This does NOT include
B15: wholly-owned agencies.
C17: Part A: Revenue
C18: 1. | D18: Title insurance written premiums (from Schedule B) | E18: 1534246
C19: 2. | D19: Less: Remitted title insurance premiums (from Schedule B) | E19: 306849
C20: 3. | D20: Retained title insurance premiums (from Schedule B) | E20: 1227397
C21: 4. | D21: Other income (from Schedule C) | E21: 364510
C22: 5. | D22: Total Revenue | E22: =SUM(E20:E21) -> 1591907
C24: Part B: Expenses
C25: 1. | D25: Employees' salaries and wages | E25: 201598.71
C26: 2. | D26: Owners' and partners' salaries and wages | E26: 185687.34
C27: 3. | D27: Employee benefits | E27: 37188.49
C28: 4. | D28: Rent | E28: 14925
C29: 5. | D29: Insurance | E29: 4374
C30: 6. | D30: Legal expense | E30: 865
C31: 7. | D31: Licenses, taxes and fees | E31: 328.85
C32: 8. | D32: Title plant expense and maintenance | E32: 4974
C33: 9. | D33: Office supplies | E33: 65296
C34: 10. | D34: Depreciation | E34: 0
C35: 11. | D35: Automobile expense | E35: 2572
C36: 12. | D36: Communication expense | E36: 12820
... C44: 20. | D44: Other expenses (from Schedule E) | E44: 14644
C45: 21. | D45: Total Expenses | E45: =SUM(E25:E44) -> 613463.39
C47: Part C: Net Income for Ratemaking Purposes
C48: 1. | D48: Income (Loss) from Operations | E48: =E22-E45 -> 978443.61
C50: Part D: Excluded Expenses
C51: 1. | D51: NMLTA lobbying expense | E51: 74
C52: 2. | D52: Direct lobbying expense | E52: 0
C53: 3. | D53: Political contributions | E53: 0
C54: 4. | D54: State and federal income tax expense | E54: 0
C55: 5. | D55: 1/2 of meals and entertainment expense | E55: 621
C56: 6. | D56: Penalties | E56: 0
C57: 7. | D57: Country club dues | E57: 0
C58: 8. | D58: Salaries in excess of salary cap | E58: 0
C59: 9. | D59: Other excluded expenses (from Schedule E) | E59: 55063
C60: 10. | D60: Total Excluded Expenses | E60: =SUM(E51:E59) -> 55758
C62: Part E: Net Income
C63: 1. | D63: Net income as reported on the books of the agency | E63: =E48-E60 -> 922685.61
C65: Part F: Equity
C66: 1. | D66: Total equity as reported on balance sheet of the agency | E66: 859334
C68: Part G: Employees
C69: 1. | D69: Total number of employees | E69: 8

Sheet Centric Title & Escrow, LLC.
D1: NEW MEXICO TITLE INSURANCE AGENTS STATISTICAL REPORT
D2: SCHEDULE A: STATEMENT OF INCOME AND EXPENSES
D3: For the Calendar Year Ending December 31, 2022
C5: AGENCY NAME: | D5: Centric Title & Escrow, LLC
C6: ADDRESS: | D6: 189 Fulweiler Ave, Auburn CA 95603
C7: CONTACT NAME: | D7: Victoria Marshall
A8: Check One:
A9: X | B9: INDEPENDENT (NON-AFFILIATED) Title insurance agencies that are independently owned and write title insurance business
B10: one or more title insurance underwriters.
B12: AFFILIATED Title insurance agencies with 10% or greater ownership by a title insurance underwriter, including wholly-owned agencies.
B14: DIRECT Agency-type operations performed by the home or branch office of a title insurance underwriter. This does NOT include
B15: wholly-owned agencies.
C17: Part A: Revenue
C18: 1. | D18: Title insurance written premiums (from Schedule B) | E18: 1499277
C19: 2. | D19: Less: Remitted title insurance premiums (from Schedule B) | E19: 326429
C20: 3. | D20: Retained title insurance premiums (from Schedule B) | E20: 1172848
C21: 4. | D21: Other income (from Schedule C) | E21: 596968
C22: 5. | D22: Total Revenue | E22: 1769816
C24: Part B: Expenses
C25: 1. | D25: Employees' salaries and wages | E25: 1074446
C26: 2. | D26: Owners' and partners' salaries and wages | E26: 0
C27: 3. | D27: Employee benefits | E27: 191359
C28: 4. | D28: Rent | E28: 115354
C29: 5. | D29: Insurance | E29: 0
C30: 6. | D30: Legal expense | E30: 0
C31: 7. | D31: Licenses, taxes and fees | E31: 997
C32: 8. | D32: Title plant expense and maintenance | E32: 100992
C33: 9. | D33: Office supplies | E33: 42066
C34: 10. | D34: Depreciation | E34: 16461
C35: 11. | D35: Automobile expense | E35: 0
C36: 12. | D36: Communication expense | E36: 51851
... C45: 21. | D45: Total Expenses | E45: 1836120
C47: Part C: Net Income for Ratemaking Purposes
C48: 1. | D48: Income (Loss) from Operations | E48: -66304
C50: Part D: Excluded Expenses
C51: 1. | D51: NMLTA lobbying expense | E51: 500
C52: 2. | D52: Direct lobbying expense | E52: 4
C53: 3. | D53: Political contributions | E53: 0
C54: 4. | D54: State and federal income tax expense | E54: 0
C55: 5. | D55: 1/2 of meals and entertainment expense | E55: 0
C56: 6. | D56: Penalties | E56: 0
C57: 7. | D57: Country club dues | E57: 0
C58: 8. | D58: Salaries in excess of salary cap | E58: 0
C59: 9. | D59: Other excluded expenses (from Schedule E) | E59: 0
C60: 10. | D60: Total Excluded Expenses | E60: 504
C62: Part E: Net Income
C63: 1. | D63: Net income as reported on the books of the agency | E63: -66808
C65: Part F: Equity
C66: 1. | D66: Total equity as reported on balance sheet of the agency | E66: 2164137
C68: Part G: Employees
C69: 1. | D69: Total number of employees | E69: 32

Sheet Cibola County Title Company Inc
D1: NEW MEXICO TITLE INSURANCE AGENTS STATISTICAL REPORT
D2: SCHEDULE A: STATEMENT OF INCOME AND EXPENSES
D3: For the Calendar Year Ending December 31, 2022
C5: AGENCY NAME: | D5: Cibola Title Company LLC
C6: ADDRESS: | D6: Po Box 238 Grants, NM 87020
C7: CONTACT NAME: | D7: Dolores Vallejos
A8: Check One:
A9: X | B9: INDEPENDENT (NON-AFFILIATED) Title insurance agencies that are independently owned and write title insurance business
B10: one or more title insurance underwriters.
B12: AFFILIATED Title insurance agencies with 10% or greater ownership by a title insurance underwriter, including wholly-owned agencies.
B14: DIRECT Agency-type operations performed by the home or branch office of a title insurance underwriter. This does NOT include
B15: wholly-owned agencies.
C17: Part A: Revenue
C18: 1. | D18: Title insurance written premiums (from Schedule B) | E18: 277786
C19: 2. | D19: Less: Remitted title insurance premiums (from Schedule B) | E19: 58742
C20: 3. | D20: Retained title insurance premiums (from Schedule B) | E20: 219044
C21: 4. | D21: Other income (from Schedule C) | E21: 72
C22: 5. | D22: Total Revenue | E22: =SUM(E20:E21) -> 219116
C24: Part B: Expenses
C25: 1. | D25: Employees' salaries and wages
C26: 2. | D26: Owners' and partners' salaries and wages
C27: 3. | D27: Employee benefits
C28: 4. | D28: Rent | E28: 320
C29: 5. | D29: Insurance | E29: 6568
C30: 6. | D30: Legal expense
C31: 7. | D31: Licenses, taxes and fees | E31: 3293
C32: 8. | D32: Title plant expense and maintenance | E32: 26743
C33: 9. | D33: Office supplies | E33: 15919
C34: 10. | D34: Depreciation | E34: 1792
C35: 11. | D35: Automobile expense | E35: 8360
C36: 12. | D36: Communication expense | E36: 1814
C37: 13. | D37: Education expense | E37: 500
C38: 14. | D38: Bad debts
C39: 15. | D39: Interest expense | E39: 6380
C40: 16. | D40: Employee travel and lodging | E40: 782
C41: 17. | D41: Loss and loss adjustment expense (from Schedule D) | E41: 0
C42: 18. | D42: Accounting and auditing expense | E42: 4077
C43: 19. | D43: Public relations expense | E43: 145
C44: 20. | D44: Other expenses (from Schedule E) | E44: 13134
C45: 21. | D45: Total Expenses | E45: =SUM(E25:E44) -> 89827
C47: Part C: Net Income for Ratemaking Purposes
C48: 1. | D48: Income (Loss) from Operations | E48: =E22-E45 -> 129289
C50: Part D: Excluded Expenses
C51: 1. | D51: NMLTA lobbying expense
C52: 2. | D52: Direct lobbying expense
C53: 3. | D53: Political contributions
C54: 4. | D54: State and federal income tax expense
C55: 5. | D55: 1/2 of meals and entertainment expense
C56: 6. | D56: Penalties
C57: 7. | D57: Country club dues
C58: 8. | D58: Salaries in excess of salary cap
C59: 9. | D59: Other excluded expenses (from Schedule E) | E59: 0
C60: 10. | D60: Total Excluded Expenses | E60: =SUM(E51:E59) -> 0
C62: Part E: Net Income
C63: 1. | D63: Net income as reported on the books of the agency | E63: =E48-E60 -> 129289
C65: Part F: Equity
C66: 1. | D66: Total equity as reported on balance sheet of the agency | E66: 99861
C68: Part G: Employees
C69: 1. | D69: Total number of employees | E69: 0

Sheet Empower Settlement Services LLC
D1: NEW MEXICO TITLE INSURANCE AGENTS STATISTICAL REPORT
D2: SCHEDULE A: STATEMENT OF INCOME AND EXPENSES
D3: For the Calendar Year Ending December 31, 2022
C5: AGENCY NAME: | D5: Empower Settlement Services LLC
C6: ADDRESS: | D6: 345 Rouser Rd. Building 5, #402 Coraopolis, PA 15108
C7: CONTACT NAME: | D7: Donald Komoroski
A8: Check One:
A9: X | B9: INDEPENDENT (NON-AFFILIATED) Title insurance agencies that are independently owned and write title insurance business
B10: one or more title insurance underwriters.
B12: AFFILIATED Title insurance agencies with 10% or greater ownership by a title insurance underwriter, including wholly-owned agencies.
B14: DIRECT Agency-type operations performed by the home or branch office of a title insurance underwriter. This does NOT include
B15: wholly-owned agencies.
C17: Part A: Revenue
C18: 1. | D18: Title insurance written premiums (from Schedule B) | E18: 2326
C19: 2. | D19: Less: Remitted title insurance premiums (from Schedule B) | E19: 465
C20: 3. | D20: Retained title insurance premiums (from Schedule B) | E20: 1861
C21: 4. | D21: Other income (from Schedule C) | E21: 2890
C22: 5. | D22: Total Revenue | E22: =SUM(E20:E21) -> 4751
C24: Part B: Expenses
C25: 1. | D25: Employees' salaries and wages | E25: 2685
C26: 2. | D26: Owners' and partners' salaries and wages | E26: 2300
C27: 3. | D27: Employee benefits | E27: 758
C28: 4. | D28: Rent | E28: 0
C29: 5. | D29: Insurance | E29: 0
C30: 6. | D30: Legal expense | E30: 0
C31: 7. | D31: Licenses, taxes and fees | E31: 142
C32: 8. | D32: Title plant expense and maintenance | E32: 10015.2
C33: 9. | D33: Office supplies | E33: 0
C34: 10. | D34: Depreciation | E34: 0
C35: 11. | D35: Automobile expense | E35: 0
C36: 12. | D36: Communication expense | E36: 0
... C44: 20. | D44: Other expenses (from Schedule E) | E44: 0
C45: 21. | D45: Total Expenses | E45: =SUM(E25:E44) -> 15900.2
C47: Part C: Net Income for Ratemaking Purposes
C48: 1. | D48: Income (Loss) from Operations | E48: =E22-E45 -> -11149.2
C50: Part D: Excluded Expenses
C51: 1. | D51: NMLTA lobbying expense
C52: 2. | D52: Direct lobbying expense
C53: 3. | D53: Political contributions
C54: 4. | D54: State and federal income tax expense
C55: 5. | D55: 1/2 of meals and entertainment expense
C56: 6. | D56: Penalties
C57: 7. | D57: Country club dues
C58: 8. | D58: Salaries in excess of salary cap
C59: 9. | D59: Other excluded expenses (from Schedule E) | E59: 0
C60: 10. | D60: Total Excluded Expenses | E60: =SUM(E51:E59) -> 0
C62: Part E: Net Income
C63: 1. | D63: Net income as reported on the books of the agency | E63: =E48-E60 -> -11149.2
C65: Part F: Equity
C66: 1. | D66: Total equity as reported on balance sheet of the agency | E66: 1782
C68: Part G: Employees
C69: 1. | D69: Total number of employees | E69: 1

Sheet First NM Title & Abstract Co
D1: NEW MEXICO TITLE INSURANCE AGENTS STATISTICAL REPORT
D2: SCHEDULE A: STATEMENT OF INCOME AND EXPENSES
D3: For the Calendar Year Ending December 31, 2022
C5: AGENCY NAME: | D5: First New Mexico Title & Abstract Co. Inc.
C6: ADDRESS: | D6: PO Box 3590 Taos, New Mexico 87571
C7: CONTACT NAME: | D7: Matthew Height
A8: Check One:
A9: X | B9: INDEPENDENT (NON-AFFILIATED) Title insurance agencies that are independently owned and write title insurance business
B10: one or more title insurance underwriters.
B12: AFFILIATED Title insurance agencies with 10% or greater ownership by a title insurance underwriter, including wholly-owned agencies.
B14: DIRECT Agency-type operations performed by the home or branch office of a title insurance underwriter. This does NOT include
B15: wholly-owned agencies.
C17: Part A: Revenue
C18: 1. | D18: Title insurance written premiums (from Schedule B) | E18: 1746548.6
C19: 2. | D19: Less: Remitted title insurance premiums (from Schedule B) | E19: 368323.26
C20: 3. | D20: Retained title insurance premiums (from Schedule B) | E20: 1378225.3
C21: 4. | D21: Other income (from Schedule C) | E21: 450457
C22: 5. | D22: Total Revenue | E22: =SUM(E20:E21) -> 1828682.3
C24: Part B: Expenses
C25: 1. | D25: Employees' salaries and wages | E25: 621689
C26: 2. | D26: Owners' and partners' salaries and wages | E26: 319170
C27: 3. | D27: Employee benefits | E27: 119310
C28: 4. | D28: Rent | E28: 87517
C29: 5. | D29: Insurance | E29: 4685
C30: 6. | D30: Legal expense | E30: 1000
C31: 7. | D31: Licenses, taxes and fees | E31: 1019
C32: 8. | D32: Title plant expense and maintenance | E32: 17729
C33: 9. | D33: Office supplies | E33: 27097
C34: 10. | D34: Depreciation | E34: 13504
C35: 11. | D35: Automobile expense | E35: 1713
C36: 12. | D36: Communication expense | E36: 36186
... C44: 20. | D44: Other expenses (from Schedule E) | E44: 27038
C45: 21. | D45: Total Expenses | E45: =SUM(E25:E44) -> 1316498
C47: Part C: Net Income for Ratemaking Purposes
C48: 1. | D48: Income (Loss) from Operations | E48: =E22-E45 -> 512184.31
C50: Part D: Excluded Expenses
C51: 1. | D51: NMLTA lobbying expense | E51: 134
C52: 2. | D52: Direct lobbying expense
C53: 3. | D53: Political contributions
C54: 4. | D54: State and federal income tax expense | E54: 50
C55: 5. | D55: 1/2 of meals and entertainment expense | E55: 4249
C56: 6. | D56: Penalties
C57: 7. | D57: Country club dues | E57: 7703
C58: 8. | D58: Salaries in excess of salary cap
C59: 9. | D59: Other excluded expenses (from Schedule E) | E59: 89498
C60: 10. | D60: Total Excluded Expenses | E60: =SUM(E51:E59) -> 101634
C62: Part E: Net Income
C63: 1. | D63: Net income as reported on the books of the agency | E63: =E48-E60 -> 410550.31
C65: Part F: Equity
C66: 1. | D66: Total equity as reported on balance sheet of the agency | E66: 521388
C68: Part G: Employees
C69: 1. | D69: Total number of employees | E69: 23

Sheet First Title Services, LLC
D1: NEW MEXICO TITLE INSURANCE AGENTS STATISTICAL REPORT
D2: SCHEDULE A: STATEMENT OF INCOME AND EXPENSES
D3: For the Calendar Year Ending December 31, 2022
C5: AGENCY NAME: | D5: First Title Services LLC
C6: ADDRESS: | D6: PO Box 1288, Tucumcari, NM 88401
C7: CONTACT NAME: | D7: Peggy Brown
A8: Check One:
A9: x | B9: INDEPENDENT (NON-AFFILIATED) Title insurance agencies that are independently owned and write title insurance business
B10: one or more title insurance underwriters.
B12: AFFILIATED Title insurance agencies with 10% or greater ownership by a title insurance underwriter, including wholly-owned agencies.
B14: DIRECT Agency-type operations performed by the home or branch office of a title insurance underwriter. This does NOT include
B15: wholly-owned agencies.
C17: Part A: Revenue
C18: 1. | D18: Title insurance written premiums (from Schedule B) | E18: 321458
C19: 2. | D19: Less: Remitted title insurance premiums (from Schedule B) | E19: 68115
C20: 3. | D20: Retained title insurance premiums (from Schedule B) | E20: 253343
C21: 4. | D21: Other income (from Schedule C) | E21: 183794.3
C22: 5. | D22: Total Revenue | E22: =SUM(E20:E21) -> 437137.3
C24: Part B: Expenses
C25: 1. | D25: Employees' salaries and wages | E25: 93702.43
C26: 2. | D26: Owners' and partners' salaries and wages | E26: 63600
C27: 3. | D27: Employee benefits | E27: 3865.1
C28: 4. | D28: Rent | E28: 21250
C29: 5. | D29: Insurance | E29: 4708.24
C30: 6. | D30: Legal expense | E30: =757.31+702.41 -> 1459.72
C31: 7. | D31: Licenses, taxes and fees | E31: =70+570.53+24938.74 -> 25579.27
C32: 8. | D32: Title plant expense and maintenance | E32: 14726.53
C33: 9. | D33: Office supplies | E33: 10677.78
C34: 10. | D34: Depreciation | E34: =953.69+40388+3888.13 -> 45229.82
C35: 11. | D35: Automobile expense | E35: 7883.13
C36: 12. | D36: Communication expense | E36: 14220.89
C37: 13. | D37: Education expense | E37: =160 -> 160
C38: 14. | D38: Bad debts | E38: 0
C39: 15. | D39: Interest expense | E39: 9.66
C40: 16. | D40: Employee travel and lodging | E40: 1158.39
C41: 17. | D41: Loss and loss adjustment expense (from Schedule D) | E41: 0
C42: 18. | D42: Accounting and auditing expense | E42: =10291.28-1460 -> 8831.28
C43: 19. | D43: Public relations expense | E43: 7040.63
C44: 20. | D44: Other expenses (from Schedule E) | E44: 48033.84
C45: 21. | D45: Total Expenses | E45: =SUM(E25:E44) -> 372136.71
C47: Part C: Net Income for Ratemaking Purposes
C48: 1. | D48: Income (Loss) from Operations | E48: =E22-E45 -> 65000.59
C50: Part D: Excluded Expenses
C51: 1. | D51: NMLTA lobbying expense | E51: 54
C52: 2. | D52: Direct lobbying expense
C53: 3. | D53: Political contributions
C54: 4. | D54: State and federal income tax expense
C55: 5. | D55: 1/2 of meals and entertainment expense | E55: =6492.63/2 -> 3246.315
C56: 6. | D56: Penalties
C57: 7. | D57: Country club dues
C58: 8. | D58: Salaries in excess of salary cap
C59: 9. | D59: Other excluded expenses (from Schedule E) | E59: 0
C60: 10. | D60: Total Excluded Expenses | E60: =SUM(E51:E59) -> 3300.315
C62: Part E: Net Income
C63: 1. | D63: Net income as reported on the books of the agency | E63: =E48-E60 -> 61700.275
C65: Part F: Equity
C66: 1. | D66: Total equity as reported on balance sheet of the agency | E66: 307623.55
C68: Part G: Employees
C69: 1. | D69: Total number of employees | E69: 4

Sheet Four Corners Title Company
D1: NEW MEXICO TITLE INSURANCE AGENTS STATISTICAL REPORT
D2: SCHEDULE A: STATEMENT OF INCOME AND EXPENSES
D3: For the Calendar Year Ending December 31, 2022
C5: AGENCY NAME: | D5: Four Corners Title Company
C6: ADDRESS: | D6: 311 S. Third Street
C7: CONTACT NAME: | D7: Mary Villanueva
A8: Check One:
A9: X | B9: INDEPENDENT (NON-AFFILIATED) Title insurance agencies that are independently owned and write title insurance business
B10: one or more title insurance underwriters.
B12: AFFILIATED Title insurance agencies with 10% or greater ownership by a title insurance underwriter, including wholly-owned agencies.
B14: DIRECT Agency-type operations performed by the home or branch office of a title insurance underwriter. This does NOT include
B15: wholly-owned agencies.
C17: Part A: Revenue
C18: 1. | D18: Title insurance written premiums (from Schedule B) | E18: 327262
C19: 2. | D19: Less: Remitted title insurance premiums (from Schedule B) | E19: 73172
C20: 3. | D20: Retained title insurance premiums (from Schedule B) | E20: 254090
C21: 4. | D21: Other income (from Schedule C) | E21: 111121
C22: 5. | D22: Total Revenue | E22: =SUM(E20:E21) -> 365211
C24: Part B: Expenses
C25: 1. | D25: Employees' salaries and wages | E25: 78616
C26: 2. | D26: Owners' and partners' salaries and wages | E26: 77700
C27: 3. | D27: Employee benefits | E27: 622
C28: 4. | D28: Rent | E28: 6000
C29: 5. | D29: Insurance | E29: 8450
C30: 6. | D30: Legal expense | E30: 6329
C31: 7. | D31: Licenses, taxes and fees | E31: 415
C32: 8. | D32: Title plant expense and maintenance | E32: 9796
C33: 9. | D33: Office supplies | E33: 9784
C34: 10. | D34: Depreciation | E34: 1900
C35: 11. | D35: Automobile expense | E35: 578
C36: 12. | D36: Communication expense | E36: 9796
... C38: 14. | D38: Bad debts | E38: 100
C39: 15. | D39: Interest expense
C40: 16. | D40: Employee travel and lodging | E40: 430
C41: 17. | D41: Loss and loss adjustment expense (from Schedule D) | E41: 13064
C42: 18. | D42: Accounting and auditing expense | E42: 708
C43: 19. | D43: Public relations expense
C44: 20. | D44: Other expenses (from Schedule E) | E44: 17294
C45: 21. | D45: Total Expenses | E45: 241873
C47: Part C: Net Income for Ratemaking Purposes
C48: 1. | D48: Income (Loss) from Operations | E48: 123338
C50: Part D: Excluded Expenses
C51: 1. | D51: NMLTA lobbying expense
C52: 2. | D52: Direct lobbying expense
C53: 3. | D53: Political contributions
C54: 4. | D54: State and federal income tax expense | E54: 12636
C55: 5. | D55: 1/2 of meals and entertainment expense | E55: 738
C56: 6. | D56: Penalties | E56: 420
C57: 7. | D57: Country club dues
C58: 8. | D58: Salaries in excess of salary cap
C59: 9. | D59: Other excluded expenses (from Schedule E) | E59: 2883
C60: 10. | D60: Total Excluded Expenses | E60: 16677
C62: Part E: Net Income
C63: 1. | D63: Net income as reported on the books of the agency | E63: 106661
C65: Part F: Equity
C66: 1. | D66: Total equity as reported on balance sheet of the agency | E66: 106661
C68: Part G: Employees
C69: 1. | D69: Total number of employees | E69: 5

Sheet G&P Inc. dba Gallup Title Co
D1: NEW MEXICO TITLE INSURANCE AGENTS STATISTICAL REPORT
D2: SCHEDULE A: STATEMENT OF INCOME AND EXPENSES
D3: For the Calendar Year Ending December 31, 2022
C5: AGENCY NAME: | D5: G&P, Inc. dba Gallup Title Company
C6: ADDRESS: | D6: P.O. Box 998, Gallup, NM 87305
C7: CONTACT NAME: | D7: Lyneve A. Garcia
A8: Check One:
A9: X | B9: INDEPENDENT (NON-AFFILIATED) Title insurance agencies that are independently owned and write title insurance business
B10: one or more title insurance underwriters.
B12: AFFILIATED Title insurance agencies with 10% or greater ownership by a title insurance underwriter, including wholly-owned agencies.
B14: DIRECT Agency-type operations performed by the home or branch office of a title insurance underwriter. This does NOT include
B15: wholly-owned agencies.
C17: Part A: Revenue
C18: 1. | D18: Title insurance written premiums (from Schedule B) | E18: 602469.99
C19: 2. | D19: Less: Remitted title insurance premiums (from Schedule B) | E19: 129150
C20: 3. | D20: Retained title insurance premiums (from Schedule B) | E20: 473319.99
C21: 4. | D21: Other income (from Schedule C) | E21: 234789.99
C22: 5. | D22: Total Revenue | E22: =SUM(E20:E21) -> 708109.98
C24: Part B: Expenses
C25: 1. | D25: Employees' salaries and wages | E25: 246744
C26: 2. | D26: Owners' and partners' salaries and wages | E26: 43229
C27: 3. | D27: Employee benefits | E27: 53131
C28: 4. | D28: Rent | E28: 60000
C29: 5. | D29: Insurance | E29: 8485
C30: 6. | D30: Legal expense | E30: 731
C31: 7. | D31: Licenses, taxes and fees | E31: 9478
C32: 8. | D32: Title plant expense and maintenance | E32: 58512
C33: 9. | D33: Office supplies | E33: 11828
C34: 10. | D34: Depreciation | E34: 8194
C35: 11. | D35: Automobile expense
C36: 12. | D36: Communication expense | E36: 19583
C37: 13. | D37: Education expense
C38: 14. | D38: Bad debts
C39: 15. | D39: Interest expense | E39: 13562
C40: 16. | D40: Employee travel and lodging
C41: 17. | D41: Loss and loss adjustment expense (from Schedule D) | E41: 6987
C42: 18. | D42: Accounting and auditing expense | E42: 15711
C43: 19. | D43: Public relations expense | E43: 8745
C44: 20. | D44: Other expenses (from Schedule E) | E44: 23731
C45: 21. | D45: Total Expenses | E45: 588651
C47: Part C: Net Income for Ratemaking Purposes
C48: 1. | D48: Income (Loss) from Operations | E48: 119458.98
C50: Part D: Excluded Expenses
C51: 1. | D51: NMLTA lobbying expense
C52: 2. | D52: Direct lobbying expense
C53: 3. | D53: Political contributions
C54: 4. | D54: State and federal income tax expense
C55: 5. | D55: 1/2 of meals and entertainment expense | E55: 833
C56: 6. | D56: Penalties
C57: 7. | D57: Country club dues
C58: 8. | D58: Salaries in excess of salary cap
C59: 9. | D59: Other excluded expenses (from Schedule E) | E59: 4959
C60: 10. | D60: Total Excluded Expenses | E60: 5792
C62: Part E: Net Income
C63: 1. | D63: Net income as reported on the books of the agency | E63: 113666.98
C65: Part F: Equity
C66: 1. | D66: Total equity as reported on balance sheet of the agency | E66: 472882.56
C68: Part G: Employees
C69: 1. | D69: Total number of employees | E69: 10

Sheet Grant County Title Company Inc.
D1: NEW MEXICO TITLE INSURANCE AGENTS STATISTICAL REPORT
D2: SCHEDULE A: STATEMENT OF INCOME AND EXPENSES
D3: For the Calendar Year Ending December 31, 2022
C5: AGENCY NAME: | D5: GRANT COUNTY TITLE COMPANY INC.
C6: ADDRESS: | D6: PO BOX 534 SILVER CITY, NM 88062
C7: CONTACT NAME: | D7: MARISSA CASTRILLO
A8: Check One:
A9: X | B9: INDEPENDENT (NON-AFFILIATED) Title insurance agencies that are independently owned and write title insurance business
B10: one or more title insurance underwriters.
B12: AFFILIATED Title insurance agencies with 10% or greater ownership by a title insurance underwriter, including wholly-owned agencies.
B14: DIRECT Agency-type operations performed by the home or branch office of a title insurance underwriter. This does NOT include
B15: wholly-owned agencies.
C17: Part A: Revenue
C18: 1. | D18: Title insurance written premiums (from Schedule B) | E18: 979125
C19: 2. | D19: Less: Remitted title insurance premiums (from Schedule B) | E19: 197985
C20: 3. | D20: Retained title insurance premiums (from Schedule B) | E20: 781140
C21: 4. | D21: Other income (from Schedule C) | E21: 385367
C22: 5. | D22: Total Revenue | E22: =SUM(E20:E21) -> 1166507
C24: Part B: Expenses
C25: 1. | D25: Employees' salaries and wages | E25: 306008
C26: 2. | D26: Owners' and partners' salaries and wages | E26: 77580
C27: 3. | D27: Employee benefits | E27: 74365
C28: 4. | D28: Rent | E28: 48110
C29: 5. | D29: Insurance | E29: 10241
C30: 6. | D30: Legal expense
C31: 7. | D31: Licenses, taxes and fees | E31: 44552
C32: 8. | D32: Title plant expense and maintenance | E32: 16625
C33: 9. | D33: Office supplies | E33: 109932
C34: 10. | D34: Depreciation | E34: 73186
C35: 11. | D35: Automobile expense | E35: 4951
C36: 12. | D36: Communication expense | E36: 18081
C37: 13. | D37: Education expense | E37: 1400
C38: 14. | D38: Bad debts | E38: 2409
C39: 15. | D39: Interest expense | E39: 15468
C40: 16. | D40: Employee travel and lodging
C41: 17. | D41: Loss and loss adjustment expense (from Schedule D) | E41: 0
C42: 18. | D42: Accounting and auditing expense | E42: 2796
C43: 19. | D43: Public relations expense | E43: 10602
C44: 20. | D44: Other expenses (from Schedule E) | E44: 86799
C45: 21. | D45: Total Expenses | E45: 903105
C47: Part C: Net Income for Ratemaking Purposes
C48: 1. | D48: Income (Loss) from Operations | E48: 263402
C50: Part D: Excluded Expenses
C51: 1. | D51: NMLTA lobbying expense
C52: 2. | D52: Direct lobbying expense
C53: 3. | D53: Political contributions
C54: 4. | D54: State and federal income tax expense
C55: 5. | D55: 1/2 of meals and entertainment expense
C56: 6. | D56: Penalties
C57: 7. | D57: Country club dues
C58: 8. | D58: Salaries in excess of salary cap
C59: 9. | D59: Other excluded expenses (from Schedule E) | E59: 0
C60: 10. | D60: Total Excluded Expenses | E60: =SUM(E51:E59) -> 0
C62: Part E: Net Income
C63: 1. | D63: Net income as reported on the books of the agency | E63: =E48-E60 -> 263402
C65: Part F: Equity
C66: 1. | D66: Total equity as reported on balance sheet of the agency | E66: 385166
C68: Part G: Employees
C69: 1. | D69: Total number of employees | E69: 7

Sheet Great Western Abstract & Title
D1: NEW MEXICO TITLE INSURANCE AGENTS STATISTICAL REPORT
D2: SCHEDULE A: STATEMENT OF INCOME AND EXPENSES
D3: For the Calendar Year Ending December 31, 2022
C5: AGENCY NAME: | D5: GREAT WESTERN ABSTRACT & TITLE COMPANY
C6: ADDRESS: | D6: 2161 HAMMERLAND, LAS CRUCES, NM
C7: CONTACT NAME: | D7: JOHN R. KING
A8: Check One:
A9: X | B9: INDEPENDENT (NON-AFFILIATED) Title insurance agencies that are independently owned and write title insurance business
B10: one or more title insurance underwriters.
B12: AFFILIATED Title insurance agencies with 10% or greater ownership by a title insurance underwriter, including wholly-owned agencies.
B14: DIRECT Agency-type operations performed by the home or branch office of a title insurance underwriter. This does NOT include
B15: wholly-owned agencies.
C17: Part A: Revenue
C18: 1. | D18: Title insurance written premiums (from Schedule B) | E18: 157492
C19: 2. | D19: Less: Remitted title insurance premiums (from Schedule B) | E19: 31477
C20: 3. | D20: Retained title insurance premiums (from Schedule B) | E20: 126015
C21: 4. | D21: Other income (from Schedule C) | E21: 0
C22: 5. | D22: Total Revenue | E22: =SUM(E20:E21) -> 126015
C24: Part B: Expenses
C25: 1. | D25: Employees' salaries and wages | E25: 39976
C26: 2. | D26: Owners' and partners' salaries and wages
C27: 3. | D27: Employee benefits
C28: 4. | D28: Rent | E28: 5573
C29: 5. | D29: Insurance | E29: 2789
C30: 6. | D30: Legal expense
C31: 7. | D31: Licenses, taxes and fees | E31: 80
C32: 8. | D32: Title plant expense and maintenance | E32: 162
C33: 9. | D33: Office supplies | E33: 2733
C34: 10. | D34: Depreciation
C35: 11. | D35: Automobile expense
C36: 12. | D36: Communication expense | E36: 1713
C37: 13. | D37: Education expense
C38: 14. | D38: Bad debts
C39: 15. | D39: Interest expense
C40: 16. | D40: Employee travel and lodging
C41: 17. | D41: Loss and loss adjustment expense (from Schedule D) | E41: 0
C42: 18. | D42: Accounting and auditing expense | E42: 7450
C43: 19. | D43: Public relations expense
C44: 20. | D44: Other expenses (from Schedule E) | E44: 9267
C45: 21. | D45: Total Expenses | E45: 69743
C47: Part C: Net Income for Ratemaking Purposes
C48: 1. | D48: Income (Loss) from Operations | E48: 56272
C50: Part D: Excluded Expenses
C51: 1. | D51: NMLTA lobbying expense
C52: 2. | D52: Direct lobbying expense
C53: 3. | D53: Political contributions
C54: 4. | D54: State and federal income tax expense
C55: 5. | D55: 1/2 of meals and entertainment expense
C56: 6. | D56: Penalties
C57: 7. | D57: Country club dues
C58: 8. | D58: Salaries in excess of salary cap
C59: 9. | D59: Other excluded expenses (from Schedule E) | E59: 0
C60: 10. | D60: Total Excluded Expenses | E60: 0
C62: Part E: Net Income
C63: 1. | D63: Net income as reported on the books of the agency | E63: 56272
C65: Part F: Equity
C66: 1. | D66: Total equity as reported on balance sheet of the agency
C68: Part G: Employees
C69: 1. | D69: Total number of employees

Sheet Guaranty Title Co.
D1: NEW MEXICO TITLE INSURANCE AGENTS STATISTICAL REPORT
D2: SCHEDULE A: STATEMENT OF INCOME AND EXPENSES
D3: For the Calendar Year Ending December 31, 2022
C5: AGENCY NAME: | D5: Guaranty Title Company
C6: ADDRESS: | D6: 102 S. Main Street, Suite B Carlsbad, NM 88220
C7: CONTACT NAME: | D7: Luke Strawn
A8: Check One:
A9: X | B9: INDEPENDENT (NON-AFFILIATED) Title insurance agencies that are independently owned and write title insurance business
B10: one or more title insurance underwriters.
B12: AFFILIATED Title insurance agencies with 10% or greater ownership by a title insurance underwriter, including wholly-owned agencies.
B14: DIRECT Agency-type operations performed by the home or branch office of a title insurance underwriter. This does NOT include
B15: wholly-owned agencies.
C17: Part A: Revenue
C18: 1. | D18: Title insurance written premiums (from Schedule B) | E18: 2633512
C19: 2. | D19: Less: Remitted title insurance premiums (from Schedule B) | E19: 645370
C20: 3. | D20: Retained title insurance premiums (from Schedule B) | E20: 1988142
C21: 4. | D21: Other income (from Schedule C) | E21: 338761
C22: 5. | D22: Total Revenue | E22: 2326903
C24: Part B: Expenses
C25: 1. | D25: Employees' salaries and wages | E25: 773875
C26: 2. | D26: Owners' and partners' salaries and wages
C27: 3. | D27: Employee benefits | E27: 155806
C28: 4. | D28: Rent | E28: 130344
C29: 5. | D29: Insurance | E29: 10342
C30: 6. | D30: Legal expense
C31: 7. | D31: Licenses, taxes and fees | E31: 8707
C32: 8. | D32: Title plant expense and maintenance
C33: 9. | D33: Office supplies | E33: 24367
C34: 10. | D34: Depreciation | E34: 161548
C35: 11. | D35: Automobile expense | E35: 1536
C36: 12. | D36: Communication expense | E36: 6951
C37: 13. | D37: Education expense
C38: 14. | D38: Bad debts
C39: 15. | D39: Interest expense | E39: 119759
C40: 16. | D40: Employee travel and lodging | E40: 16779
C41: 17. | D41: Loss and loss adjustment expense (from Schedule D) | E41: 54415
C42: 18. | D42: Accounting and auditing expense | E42: 7347
C43: 19. | D43: Public relations expense | E43: 7380
C44: 20. | D44: Other expenses (from Schedule E) | E44: 300645
C45: 21. | D45: Total Expenses | E45: 1779801
C47: Part C: Net Income for Ratemaking Purposes
C48: 1. | D48: Income (Loss) from Operations | E48: 547102
C50: Part D: Excluded Expenses
C51: 1. | D51: NMLTA lobbying expense
C52: 2. | D52: Direct lobbying expense
C53: 3. | D53: Political contributions
C54: 4. | D54: State and federal income tax expense
C55: 5. | D55: 1/2 of meals and entertainment expense | E55: 913
C56: 6. | D56: Penalties
C57: 7. | D57: Country club dues
C58: 8. | D58: Salaries in excess of salary cap
C59: 9. | D59: Other excluded expenses (from Schedule E) | E59: 0
C60: 10. | D60: Total Excluded Expenses | E60: 913
C62: Part E: Net Income
C63: 1. | D63: Net income as reported on the books of the agency | E63: 546189
C65: Part F: Equity
C66: 1. | D66: Total equity as reported on balance sheet of the agency | E66: 4118447
C68: Part G: Employees
C69: 1. | D69: Total number of employees | E69: 18

Sheet Heritage Title of Valencia Co 
D1: NEW MEXICO TITLE INSURANCE AGENTS STATISTICAL REPORT
D2: SCHEDULE A: STATEMENT OF INCOME AND EXPENSES
D3: For the Calendar Year Ending December 31, 2022
C5: AGENCY NAME: | D5: Heritage Title of Valencia County
C6: ADDRESS: | D6: 311A Cortez SE PO Box 1387 Los Lunas, NM 87031
C7: CONTACT NAME: | D7: Charles Griego
A8: Check One:
A9: X | B9: INDEPENDENT (NON-AFFILIATED) Title insurance agencies that are independently owned and write title insurance business
B10: one or more title insurance underwriters.
B12: AFFILIATED Title insurance agencies with 10% or greater ownership by a title insurance underwriter, including wholly-owned agencies.
B14: DIRECT Agency-type operations performed by the home or branch office of a title insurance underwriter. This does NOT include
B15: wholly-owned agencies.
C17: Part A: Revenue
C18: 1. | D18: Title insurance written premiums (from Schedule B) | E18: 366974.95
C19: 2. | D19: Less: Remitted title insurance premiums (from Schedule B) | E19: 75400.55
C20: 3. | D20: Retained title insurance premiums (from Schedule B) | E20: 291574.4
C21: 4. | D21: Other income (from Schedule C) | E21: 168678.52
C22: 5. | D22: Total Revenue | E22: =SUM(E20:E21) -> 460252.92
C24: Part B: Expenses
C25: 1. | D25: Employees' salaries and wages | E25: 213388.53
C26: 2. | D26: Owners' and partners' salaries and wages | E26: 62400
C27: 3. | D27: Employee benefits | E27: 67938.07
C28: 4. | D28: Rent
C29: 5. | D29: Insurance | E29: 4141.53
C30: 6. | D30: Legal expense
C31: 7. | D31: Licenses, taxes and fees | E31: 658.62
C32: 8. | D32: Title plant expense and maintenance | E32: 19151.83
C33: 9. | D33: Office supplies | E33: 9454.39
C34: 10. | D34: Depreciation | E34: 4863.68
C35: 11. | D35: Automobile expense | E35: 2421.88
C36: 12. | D36: Communication expense | E36: 2923.08
C37: 13. | D37: Education expense
C38: 14. | D38: Bad debts
C39: 15. | D39: Interest expense
C40: 16. | D40: Employee travel and lodging
C41: 17. | D41: Loss and loss adjustment expense (from Schedule D) | E41: 8517.73
C42: 18. | D42: Accounting and auditing expense | E42: 18113.62
C43: 19. | D43: Public relations expense | E43: 754.74
C44: 20. | D44: Other expenses (from Schedule E) | E44: 63523.61
C45: 21. | D45: Total Expenses | E45: 478251.31
C47: Part C: Net Income for Ratemaking Purposes
C48: 1. | D48: Income (Loss) from Operations | E48: -17998.39
C50: Part D: Excluded Expenses
C51: 1. | D51: NMLTA lobbying expense
C52: 2. | D52: Direct lobbying expense
C53: 3. | D53: Political contributions
C54: 4. | D54: State and federal income tax expense
C55: 5. | D55: 1/2 of meals and entertainment expense
C56: 6. | D56: Penalties
C57: 7. | D57: Country club dues
C58: 8. | D58: Salaries in excess of salary cap
C59: 9. | D59: Other excluded expenses (from Schedule E) | E59: 0
C60: 10. | D60: Total Excluded Expenses | E60: =SUM(E51:E59) -> 0
C62: Part E: Net Income
C63: 1. | D63: Net income as reported on the books of the agency | E63: =E48-E60 -> -17998.39
C65: Part F: Equity
C66: 1. | D66: Total equity as reported on balance sheet of the agency | E66: 397572
C68: Part G: Employees
C69: 1. | D69: Total number of employees | E69: 7

Sheet Land Titles of Ruidoso
D1: NEW MEXICO TITLE INSURANCE AGENTS STATISTICAL REPORT
D2: SCHEDULE A: STATEMENT OF INCOME AND EXPENSES
D3: For the Calendar Year Ending December 31, 2022
C5: AGENCY NAME: | D5: Land Titles of Ruidoso, LLC
C6: ADDRESS: | D6: 508 Mechem Drive Ste D Ruidoso, NM 88345
C7: CONTACT NAME: | D7: Diana Proctor, General Manager
A8: Check One:
A9: x | B9: INDEPENDENT (NON-AFFILIATED) Title insurance agencies that are independently owned and write title insurance business
B10: one or more title insurance underwriters.
B12: AFFILIATED Title insurance agencies with 10% or greater ownership by a title insurance underwriter, including wholly-owned agencies.
B14: DIRECT Agency-type operations performed by the home or branch office of a title insurance underwriter. This does NOT include
B15: wholly-owned agencies.
C17: Part A: Revenue
C18: 1. | D18: Title insurance written premiums (from Schedule B) | E18: 2121691
C19: 2. | D19: Less: Remitted title insurance premiums (from Schedule B) | E19: 440363
C20: 3. | D20: Retained title insurance premiums (from Schedule B) | E20: 1681328
C21: 4. | D21: Other income (from Schedule C) | E21: 402414
C22: 5. | D22: Total Revenue | E22: =SUM(E20:E21) -> 2083742
C24: Part B: Expenses
C25: 1. | D25: Employees' salaries and wages | E25: 743144
C26: 2. | D26: Owners' and partners' salaries and wages | E26: 263600
C27: 3. | D27: Employee benefits | E27: 186290
C28: 4. | D28: Rent | E28: 40800
C29: 5. | D29: Insurance | E29: 15280
C30: 6. | D30: Legal expense
C31: 7. | D31: Licenses, taxes and fees | E31: 939
C32: 8. | D32: Title plant expense and maintenance | E32: 42719
C33: 9. | D33: Office supplies | E33: 52866
C34: 10. | D34: Depreciation | E34: 19607
C35: 11. | D35: Automobile expense | E35: 10182
C36: 12. | D36: Communication expense | E36: 17144
C37: 13. | D37: Education expense | E37: 1382
C38: 14. | D38: Bad debts
C39: 15. | D39: Interest expense | E39: -6
C40: 16. | D40: Employee travel and lodging | E40: 3368
C41: 17. | D41: Loss and loss adjustment expense (from Schedule D) | E41: 2217
C42: 18. | D42: Accounting and auditing expense | E42: 6749
C43: 19. | D43: Public relations expense | E43: 15144
C44: 20. | D44: Other expenses (from Schedule E) | E44: 76096
C45: 21. | D45: Total Expenses | E45: 1497521
C47: Part C: Net Income for Ratemaking Purposes
C48: 1. | D48: Income (Loss) from Operations | E48: 586221
C50: Part D: Excluded Expenses
C51: 1. | D51: NMLTA lobbying expense | E51: 148
C52: 2. | D52: Direct lobbying expense
C53: 3. | D53: Political contributions
C54: 4. | D54: State and federal income tax expense
C55: 5. | D55: 1/2 of meals and entertainment expense | E55: 2165
C56: 6. | D56: Penalties | E56: 59
C57: 7. | D57: Country club dues
C58: 8. | D58: Salaries in excess of salary cap
C59: 9. | D59: Other excluded expenses (from Schedule E) | E59: 2662
C60: 10. | D60: Total Excluded Expenses | E60: 5034
C62: Part E: Net Income
C63: 1. | D63: Net income as reported on the books of the agency | E63: 581187
C65: Part F: Equity
C66: 1. | D66: Total equity as reported on balance sheet of the agency | E66: 373318
C68: Part G: Employees
C69: 1. | D69: Total number of employees | E69: 19

Sheet Landmark Title Inc.
D1: NEW MEXICO TITLE INSURANCE AGENTS STATISTICAL REPORT
D2: SCHEDULE A: STATEMENT OF INCOME AND EXPENSES
D3: For the Calendar Year Ending December 31, 2022
C5: AGENCY NAME: | D5: Landmark Title, Inc.
C6: ADDRESS: | D6: PO BOX 1326 Clovis, NM 88102-1326
C7: CONTACT NAME: | D7: Michele Neff
A8: Check One:
A9: x | B9: INDEPENDENT (NON-AFFILIATED) Title insurance agencies that are independently owned and write title insurance business
B10: one or more title insurance underwriters.
B12: AFFILIATED Title insurance agencies with 10% or greater ownership by a title insurance underwriter, including wholly-owned agencies.
B14: DIRECT Agency-type operations performed by the home or branch office of a title insurance underwriter. This does NOT include
B15: wholly-owned agencies.
C17: Part A: Revenue
C18: 1. | D18: Title insurance written premiums (from Schedule B) | E18: 1510197.3
C19: 2. | D19: Less: Remitted title insurance premiums (from Schedule B) | E19: 462894.94
C20: 3. | D20: Retained title insurance premiums (from Schedule B) | E20: 1047302.3
C21: 4. | D21: Other income (from Schedule C) | E21: 594919.05
C22: 5. | D22: Total Revenue | E22: =SUM(E20:E21) -> 1642221.4
C24: Part B: Expenses
C25: 1. | D25: Employees' salaries and wages | E25: 696612
C26: 2. | D26: Owners' and partners' salaries and wages | E26: 24695.59
C27: 3. | D27: Employee benefits | E27: 67521
C28: 4. | D28: Rent | E28: 27985.29
C29: 5. | D29: Insurance | E29: 8517.17
C30: 6. | D30: Legal expense
C31: 7. | D31: Licenses, taxes and fees | E31: 3724.2
C32: 8. | D32: Title plant expense and maintenance | E32: 48913.42
C33: 9. | D33: Office supplies | E33: 30009.39
C34: 10. | D34: Depreciation | E34: 7288.31
C35: 11. | D35: Automobile expense | E35: 17749.15
C36: 12. | D36: Communication expense | E36: 36724.66
C37: 13. | D37: Education expense | E37: 2597
C38: 14. | D38: Bad debts
C39: 15. | D39: Interest expense | E39: 55411.28
C40: 16. | D40: Employee travel and lodging | E40: 820.44
C41: 17. | D41: Loss and loss adjustment expense (from Schedule D) | E41: 18858.05
C42: 18. | D42: Accounting and auditing expense | E42: 27510.91
C43: 19. | D43: Public relations expense | E43: 40907.94
C44: 20. | D44: Other expenses (from Schedule E) | E44: 100635.9
C45: 21. | D45: Total Expenses | E45: 1216481.7
C47: Part C: Net Income for Ratemaking Purposes
C48: 1. | D48: Income (Loss) from Operations | E48: 425739.68
C50: Part D: Excluded Expenses
C51: 1. | D51: NMLTA lobbying expense | E51: 68
C52: 2. | D52: Direct lobbying expense
C53: 3. | D53: Political contributions | E53: 1500
C54: 4. | D54: State and federal income tax expense
C55: 5. | D55: 1/2 of meals and entertainment expense | E55: 158.64
C56: 6. | D56: Penalties
C57: 7. | D57: Country club dues
C58: 8. | D58: Salaries in excess of salary cap
C59: 9. | D59: Other excluded expenses (from Schedule E) | E59: 18551.18
C60: 10. | D60: Total Excluded Expenses | E60: 20277.82
C62: Part E: Net Income
C63: 1. | D63: Net income as reported on the books of the agency | E63: 405461.86
C65: Part F: Equity
C66: 1. | D66: Total equity as reported on balance sheet of the agency | E66: 773579
C68: Part G: Employees
C69: 1. | D69: Total number of employees | E69: 25

Sheet Legal Description Inc.
D1: NEW MEXICO TITLE INSURANCE AGENTS STATISTICAL REPORT
D2: SCHEDULE A: STATEMENT OF INCOME AND EXPENSES
D3: For the Calendar Year Ending December 31, 2022
C5: AGENCY NAME: | D5: Legal Description Inc. dba Southwestern Abstract and Title
C6: ADDRESS: | D6: 1125 S. Main St., Las Cruces, NM 88005
C7: CONTACT NAME: | D7: Gricel R. Chavez
A8: Check One:
A9: X | B9: INDEPENDENT (NON-AFFILIATED) Title insurance agencies that are independently owned and write title insurance business
B10: one or more title insurance underwriters.
B12: AFFILIATED Title insurance agencies with 10% or greater ownership by a title insurance underwriter, including wholly-owned agencies.
B14: DIRECT Agency-type operations performed by the home or branch office of a title insurance underwriter. This does NOT include
B15: wholly-owned agencies.
C17: Part A: Revenue
C18: 1. | D18: Title insurance written premiums (from Schedule B) | E18: 2906872
C19: 2. | D19: Less: Remitted title insurance premiums (from Schedule B) | E19: 581374
C20: 3. | D20: Retained title insurance premiums (from Schedule B) | E20: 2325498
C21: 4. | D21: Other income (from Schedule C) | E21: 597824
C22: 5. | D22: Total Revenue | E22: =SUM(E20:E21) -> 2923322
C24: Part B: Expenses
C25: 1. | D25: Employees' salaries and wages | E25: 1080224
C26: 2. | D26: Owners' and partners' salaries and wages | E26: 223022
C27: 3. | D27: Employee benefits | E27: 175719
C28: 4. | D28: Rent | E28: 112232
C29: 5. | D29: Insurance | E29: 13561
C30: 6. | D30: Legal expense | E30: 0
C31: 7. | D31: Licenses, taxes and fees | E31: 76397
C32: 8. | D32: Title plant expense and maintenance | E32: 102684
C33: 9. | D33: Office supplies | E33: 54119
C34: 10. | D34: Depreciation | E34: 59491
C35: 11. | D35: Automobile expense | E35: 8202
C36: 12. | D36: Communication expense | E36: 21707
... C45: 21. | D45: Total Expenses | E45: 2329883
C47: Part C: Net Income for Ratemaking Purposes
C48: 1. | D48: Income (Loss) from Operations | E48: 593439
C50: Part D: Excluded Expenses
C51: 1. | D51: NMLTA lobbying expense | E51: 235
C52: 2. | D52: Direct lobbying expense
C53: 3. | D53: Political contributions
C54: 4. | D54: State and federal income tax expense
C55: 5. | D55: 1/2 of meals and entertainment expense | E55: 3943
C56: 6. | D56: Penalties
C57: 7. | D57: Country club dues
C58: 8. | D58: Salaries in excess of salary cap
C59: 9. | D59: Other excluded expenses (from Schedule E) | E59: 43021
C60: 10. | D60: Total Excluded Expenses | E60: 47199
C62: Part E: Net Income
C63: 1. | D63: Net income as reported on the books of the agency | E63: 546240
C65: Part F: Equity
C66: 1. | D66: Total equity as reported on balance sheet of the agency | E66: 2113207
C68: Part G: Employees
C69: 1. | D69: Total number of employees | E69: 24

Sheet Lincoln County Abstract & Title
D1: NEW MEXICO TITLE INSURANCE AGENTS STATISTICAL REPORT
D2: SCHEDULE A: STATEMENT OF INCOME AND EXPENSES
D3: For the Calendar Year Ending December 31, 2022
C5: AGENCY NAME: | D5: LINCOLN COUNTY ABSTRACT & TITLE
C6: ADDRESS: | D6: 1007 MECHEM DRIVE, RUIDOSO, NM 88345
C7: CONTACT NAME: | D7: SUE HARMON
A8: Check One:
A9: X | B9: INDEPENDENT (NON-AFFILIATED) Title insurance agencies that are independently owned and write title insurance business
B10: one or more title insurance underwriters.
B12: AFFILIATED Title insurance agencies with 10% or greater ownership by a title insurance underwriter, including wholly-owned agencies.
B14: DIRECT Agency-type operations performed by the home or branch office of a title insurance underwriter. This does NOT include
B15: wholly-owned agencies.
C17: Part A: Revenue
C18: 1. | D18: Title insurance written premiums (from Schedule B) | E18: 560243
C19: 2. | D19: Less: Remitted title insurance premiums (from Schedule B) | E19: 113038
C20: 3. | D20: Retained title insurance premiums (from Schedule B) | E20: 447205
C21: 4. | D21: Other income (from Schedule C) | E21: 306393
C22: 5. | D22: Total Revenue | E22: =SUM(E20:E21) -> 753598
C24: Part B: Expenses
C25: 1. | D25: Employees' salaries and wages | E25: 363316
C26: 2. | D26: Owners' and partners' salaries and wages
C27: 3. | D27: Employee benefits
C28: 4. | D28: Rent | E28: 7507
C29: 5. | D29: Insurance | E29: 26733
C30: 6. | D30: Legal expense
C31: 7. | D31: Licenses, taxes and fees | E31: 17180
C32: 8. | D32: Title plant expense and maintenance | E32: 11738
C33: 9. | D33: Office supplies | E33: 14561
C34: 10. | D34: Depreciation | E34: 66667
C35: 11. | D35: Automobile expense
C36: 12. | D36: Communication expense
C37: 13. | D37: Education expense
C38: 14. | D38: Bad debts
C39: 15. | D39: Interest expense
C40: 16. | D40: Employee travel and lodging | E40: 1908
C41: 17. | D41: Loss and loss adjustment expense (from Schedule D) | E41: 17066
C42: 18. | D42: Accounting and auditing expense | E42: 19606
C43: 19. | D43: Public relations expense | E43: 21544
C44: 20. | D44: Other expenses (from Schedule E) | E44: 163289
C45: 21. | D45: Total Expenses | E45: 731115
C47: Part C: Net Income for Ratemaking Purposes
C48: 1. | D48: Income (Loss) from Operations | E48: 22483
C50: Part D: Excluded Expenses
C51: 1. | D51: NMLTA lobbying expense
C52: 2. | D52: Direct lobbying expense
C53: 3. | D53: Political contributions
C54: 4. | D54: State and federal income tax expense
C55: 5. | D55: 1/2 of meals and entertainment expense | E55: 3328
C56: 6. | D56: Penalties
C57: 7. | D57: Country club dues
C58: 8. | D58: Salaries in excess of salary cap
C59: 9. | D59: Other excluded expenses (from Schedule E) | E59: 0
C60: 10. | D60: Total Excluded Expenses | E60: 3328
C62: Part E: Net Income
C63: 1. | D63: Net income as reported on the books of the agency | E63: 19155
C65: Part F: Equity
C66: 1. | D66: Total equity as reported on balance sheet of the agency
C68: Part G: Employees
C69: 1. | D69: Total number of employees

Sheet Nations Title Agency of NM
D1: NEW MEXICO TITLE INSURANCE AGENTS STATISTICAL REPORT
D2: SCHEDULE A: STATEMENT OF INCOME AND EXPENSES
D3: For the Calendar Year Ending December 31, 2022
C5: AGENCY NAME: | D5: Nations Title Agency of New Mexico
C6: ADDRESS: | D6: 9001 W 67th St, Merriam KS 66202
C7: CONTACT NAME: | D7: Bill Noel; dbocompliance@nationsholding.com
A8: Check One:
A9: X | B9: INDEPENDENT (NON-AFFILIATED) Title insurance agencies that are independently owned and write title insurance business
B10: one or more title insurance underwriters.
B12: AFFILIATED Title insurance agencies with 10% or greater ownership by a title insurance underwriter, including wholly-owned agencies.
B14: DIRECT Agency-type operations performed by the home or branch office of a title insurance underwriter. This does NOT include
B15: wholly-owned agencies.
C17: Part A: Revenue
C18: 1. | D18: Title insurance written premiums (from Schedule B) | E18: 15193
C19: 2. | D19: Less: Remitted title insurance premiums (from Schedule B) | E19: 3039
C20: 3. | D20: Retained title insurance premiums (from Schedule B) | E20: 12154
C21: 4. | D21: Other income (from Schedule C) | E21: 11987
C22: 5. | D22: Total Revenue | E22: =SUM(E20:E21) -> 24141
C24: Part B: Expenses
C25: 1. | D25: Employees' salaries and wages | E25: 0
C26: 2. | D26: Owners' and partners' salaries and wages | E26: 0
C27: 3. | D27: Employee benefits | E27: 1019
C28: 4. | D28: Rent | E28: 663
C29: 5. | D29: Insurance | E29: 500
C30: 6. | D30: Legal expense | E30: 249
C31: 7. | D31: Licenses, taxes and fees | E31: 2326
C32: 8. | D32: Title plant expense and maintenance | E32: 35960
C33: 9. | D33: Office supplies
C34: 10. | D34: Depreciation
C35: 11. | D35: Automobile expense
C36: 12. | D36: Communication expense
C37: 13. | D37: Education expense
C38: 14. | D38: Bad debts
C39: 15. | D39: Interest expense
C40: 16. | D40: Employee travel and lodging
C41: 17. | D41: Loss and loss adjustment expense (from Schedule D) | E41: 525
C42: 18. | D42: Accounting and auditing expense
C43: 19. | D43: Public relations expense
C44: 20. | D44: Other expenses (from Schedule E) | E44: 8833
C45: 21. | D45: Total Expenses | E45: 50075
C47: Part C: Net Income for Ratemaking Purposes
C48: 1. | D48: Income (Loss) from Operations | E48: -25934
C50: Part D: Excluded Expenses
C51: 1. | D51: NMLTA lobbying expense
C52: 2. | D52: Direct lobbying expense
C53: 3. | D53: Political contributions
C54: 4. | D54: State and federal income tax expense
C55: 5. | D55: 1/2 of meals and entertainment expense
C56: 6. | D56: Penalties
C57: 7. | D57: Country club dues
C58: 8. | D58: Salaries in excess of salary cap
C59: 9. | D59: Other excluded expenses (from Schedule E) | E59: 0
C60: 10. | D60: Total Excluded Expenses | E60: 0
C62: Part E: Net Income
C63: 1. | D63: Net income as reported on the books of the agency | E63: =E48-E60 -> -25934
C65: Part F: Equity
C66: 1. | D66: Total equity as reported on balance sheet of the agency | E66: -25934
C68: Part G: Employees
C69: 1. | D69: Total number of employees

Sheet NETCO, Inc
D1: NEW MEXICO TITLE INSURANCE AGENTS STATISTICAL REPORT
D2: SCHEDULE A: STATEMENT OF INCOME AND EXPENSES
D3: For the Calendar Year Ending December 31, 2022
C5: AGENCY NAME: | D5: NETCO, Inc.
C6: ADDRESS: | D6: 765 Ela Road Suite 302 Lake Zurich, IL 60047
C7: CONTACT NAME: | D7: Rob Biancalana
A8: Check One:
A9: X | B9: INDEPENDENT (NON-AFFILIATED) Title insurance agencies that are independently owned and write title insurance business
B10: one or more title insurance underwriters.
B12: AFFILIATED Title insurance agencies with 10% or greater ownership by a title insurance underwriter, including wholly-owned agencies.
B14: DIRECT Agency-type operations performed by the home or branch office of a title insurance underwriter. This does NOT include
B15: wholly-owned agencies.
C17: Part A: Revenue
C18: 1. | D18: Title insurance written premiums (from Schedule B) | E18: 5206
C19: 2. | D19: Less: Remitted title insurance premiums (from Schedule B) | E19: 5206
C20: 3. | D20: Retained title insurance premiums (from Schedule B) | E20: 0
C21: 4. | D21: Other income (from Schedule C) | E21: 53267
C22: 5. | D22: Total Revenue | E22: =SUM(E20:E21) -> 53267
C24: Part B: Expenses
C25: 1. | D25: Employees' salaries and wages | E25: 20430
C26: 2. | D26: Owners' and partners' salaries and wages
C27: 3. | D27: Employee benefits | E27: 2319
C28: 4. | D28: Rent | E28: 1902
C29: 5. | D29: Insurance | E29: 53
C30: 6. | D30: Legal expense
C31: 7. | D31: Licenses, taxes and fees | E31: 12
C32: 8. | D32: Title plant expense and maintenance
C33: 9. | D33: Office supplies | E33: 513
C34: 10. | D34: Depreciation
C35: 11. | D35: Automobile expense
C36: 12. | D36: Communication expense | E36: 351
C37: 13. | D37: Education expense
C38: 14. | D38: Bad debts
C39: 15. | D39: Interest expense
C40: 16. | D40: Employee travel and lodging | E40: 1612
C41: 17. | D41: Loss and loss adjustment expense (from Schedule D) | E41: 11386
C42: 18. | D42: Accounting and auditing expense
C43: 19. | D43: Public relations expense | E43: 944
C44: 20. | D44: Other expenses (from Schedule E) | E44: 8321
C45: 21. | D45: Total Expenses | E45: 47843
C47: Part C: Net Income for Ratemaking Purposes
C48: 1. | D48: Income (Loss) from Operations | E48: 5424
C50: Part D: Excluded Expenses
C51: 1. | D51: NMLTA lobbying expense
C52: 2. | D52: Direct lobbying expense
C53: 3. | D53: Political contributions
C54: 4. | D54: State and federal income tax expense
C55: 5. | D55: 1/2 of meals and entertainment expense
C56: 6. | D56: Penalties
C57: 7. | D57: Country club dues
C58: 8. | D58: Salaries in excess of salary cap
C59: 9. | D59: Other excluded expenses (from Schedule E)
C60: 10. | D60: Total Excluded Expenses | E60: 0
C62: Part E: Net Income
C63: 1. | D63: Net income as reported on the books of the agency | E63: 5424
C65: Part F: Equity
C66: 1. | D66: Total equity as reported on balance sheet of the agency | E66: -5942157
C68: Part G: Employees
C69: 1. | D69: Total number of employees | E69: 1

Sheet Network Closing Services, Inc.
D1: NEW MEXICO TITLE INSURANCE AGENTS STATISTICAL REPORT
D2: SCHEDULE A: STATEMENT OF INCOME AND EXPENSES
D3: For the Calendar Year Ending December 31, 2022
C5: AGENCY NAME: | D5: Network Closing Services, Inc.
C6: ADDRESS: | D6: 7651-A Ashley Park Court, Ste 401, Orlando, FL 32835
C7: CONTACT NAME: | D7: Donna J. Norris
A8: Check One:
A9: x | B9: INDEPENDENT (NON-AFFILIATED) Title insurance agencies that are independently owned and write title insurance business
B10: one or more title insurance underwriters.
B12: AFFILIATED Title insurance agencies with 10% or greater ownership by a title insurance underwriter, including wholly-owned agencies.
B14: DIRECT Agency-type operations performed by the home or branch office of a title insurance underwriter. This does NOT include
B15: wholly-owned agencies.
C17: Part A: Revenue
C18: 1. | D18: Title insurance written premiums (from Schedule B) | E18: 3264430
C19: 2. | D19: Less: Remitted title insurance premiums (from Schedule B) | E19: 652885.4
C20: 3. | D20: Retained title insurance premiums (from Schedule B) | E20: 2611544.6
C21: 4. | D21: Other income (from Schedule C) | E21: 2487551
C22: 5. | D22: Total Revenue | E22: 5099095.6
C24: Part B: Expenses
C25: 1. | D25: Employees' salaries and wages | E25: 1968284
C26: 2. | D26: Owners' and partners' salaries and wages | E26: 106492
C27: 3. | D27: Employee benefits | E27: 109186
C28: 4. | D28: Rent | E28: 101025
C29: 5. | D29: Insurance | E29: 18292
C30: 6. | D30: Legal expense | E30: 0
C31: 7. | D31: Licenses, taxes and fees | E31: 5588
C32: 8. | D32: Title plant expense and maintenance | E32: 218837
C33: 9. | D33: Office supplies | E33: 133001
C34: 10. | D34: Depreciation | E34: 0
C35: 11. | D35: Automobile expense | E35: 2762
C36: 12. | D36: Communication expense | E36: 2909
... C42: 18. | D42: Accounting and auditing expense | E42: 12306
C43: 19. | D43: Public relations expense
C44: 20. | D44: Other expenses (from Schedule E) | E44: 1794323
C45: 21. | D45: Total Expenses | E45: 4624801
C47: Part C: Net Income for Ratemaking Purposes
C48: 1. | D48: Income (Loss) from Operations | E48: 474294.6
C50: Part D: Excluded Expenses
C51: 1. | D51: NMLTA lobbying expense | E51: 0
C52: 2. | D52: Direct lobbying expense | E52: 0
C53: 3. | D53: Political contributions | E53: 0
C54: 4. | D54: State and federal income tax expense | E54: 9265
C55: 5. | D55: 1/2 of meals and entertainment expense | E55: 616.5
C56: 6. | D56: Penalties | E56: 0
C57: 7. | D57: Country club dues | E57: 0
C58: 8. | D58: Salaries in excess of salary cap | E58: 0
C59: 9. | D59: Other excluded expenses (from Schedule E) | E59: 0
C60: 10. | D60: Total Excluded Expenses | E60: 9881.5
C62: Part E: Net Income
C63: 1. | D63: Net income as reported on the books of the agency | E63: 464413.1
C65: Part F: Equity
C66: 1. | D66: Total equity as reported on balance sheet of the agency | E66: 347549
C68: Part G: Employees
C69: 1. | D69: Total number of employees | E69: 19

Sheet New Mexico Abstract Co.
D1: NEW MEXICO TITLE INSURANCE AGENTS STATISTICAL REPORT
D2: SCHEDULE A: STATEMENT OF INCOME AND EXPENSES
D3: For the Calendar Year Ending December 31, 2022
C5: AGENCY NAME: | D5: New Mexico Abstract Co.
C6: ADDRESS: | D6: P.O. Box 408/510 Williams Ave, Estancia NM 87016
C7: CONTACT NAME: | D7: Bonnie L. Kayser
A8: Check One:
A9: X | B9: INDEPENDENT (NON-AFFILIATED) Title insurance agencies that are independently owned and write title insurance business
B10: one or more title insurance underwriters.
B12: AFFILIATED Title insurance agencies with 10% or greater ownership by a title insurance underwriter, including wholly-owned agencies.
B14: DIRECT Agency-type operations performed by the home or branch office of a title insurance underwriter. This does NOT include
B15: wholly-owned agencies.
C17: Part A: Revenue
C18: 1. | D18: Title insurance written premiums (from Schedule B) | E18: 870331.18
C19: 2. | D19: Less: Remitted title insurance premiums (from Schedule B) | E19: 308419.96
C20: 3. | D20: Retained title insurance premiums (from Schedule B) | E20: 561911.22
C21: 4. | D21: Other income (from Schedule C) | E21: 25710.85
C22: 5. | D22: Total Revenue | E22: 587622.07
C24: Part B: Expenses
C25: 1. | D25: Employees' salaries and wages | E25: 147225
C26: 2. | D26: Owners' and partners' salaries and wages | E26: 512500
C27: 3. | D27: Employee benefits | E27: 12791.27
C28: 4. | D28: Rent | E28: 500
C29: 5. | D29: Insurance | E29: 12552.97
C30: 6. | D30: Legal expense | E30: 0
C31: 7. | D31: Licenses, taxes and fees | E31: 596.8
C32: 8. | D32: Title plant expense and maintenance | E32: 9023.68
C33: 9. | D33: Office supplies | E33: 13473.17
C34: 10. | D34: Depreciation | E34: 0
C35: 11. | D35: Automobile expense | E35: 0
C36: 12. | D36: Communication expense | E36: 15870.2
... C45: 21. | D45: Total Expenses | E45: 750772.81
C47: Part C: Net Income for Ratemaking Purposes
C48: 1. | D48: Income (Loss) from Operations | E48: -163150.74
C50: Part D: Excluded Expenses
C51: 1. | D51: NMLTA lobbying expense | E51: 0
C52: 2. | D52: Direct lobbying expense | E52: 0
C53: 3. | D53: Political contributions | E53: 0
C54: 4. | D54: State and federal income tax expense | E54: 0
C55: 5. | D55: 1/2 of meals and entertainment expense | E55: 0
C56: 6. | D56: Penalties | E56: 0
C57: 7. | D57: Country club dues | E57: 0
C58: 8. | D58: Salaries in excess of salary cap | E58: 0
C59: 9. | D59: Other excluded expenses (from Schedule E) | E59: 0
C60: 10. | D60: Total Excluded Expenses | E60: 0
C62: Part E: Net Income
C63: 1. | D63: Net income as reported on the books of the agency | E63: -163150.74
C65: Part F: Equity
C66: 1. | D66: Total equity as reported on balance sheet of the agency | E66: 792650.88
C68: Part G: Employees
C69: 1. | D69: Total number of employees | E69: 4

Sheet New Mexico Land & Title Company
D1: NEW MEXICO TITLE INSURANCE AGENTS STATISTICAL REPORT
D2: SCHEDULE A: STATEMENT OF INCOME AND EXPENSES
D3: For the Calendar Year Ending December 31, 2022
C5: AGENCY NAME: | D5: New Mexico Land and Title Company
C6: ADDRESS: | D6: 801 7th Street, Las Vegas, NM 87701
C7: CONTACT NAME: | D7: Jay D. Moore, President
A8: Check One:
A9: X | B9: INDEPENDENT (NON-AFFILIATED) Title insurance agencies that are independently owned and write title insurance business
B10: one or more title insurance underwriters.
B12: AFFILIATED Title insurance agencies with 10% or greater ownership by a title insurance underwriter, including wholly-owned agencies.
B14: DIRECT Agency-type operations performed by the home or branch office of a title insurance underwriter. This does NOT include
B15: wholly-owned agencies.
C17: Part A: Revenue
C18: 1. | D18: Title insurance written premiums (from Schedule B) | E18: 1344591
C19: 2. | D19: Less: Remitted title insurance premiums (from Schedule B) | E19: 437670
C20: 3. | D20: Retained title insurance premiums (from Schedule B) | E20: 906921
C21: 4. | D21: Other income (from Schedule C) | E21: 1297617
C22: 5. | D22: Total Revenue | E22: =SUM(E20:E21) -> 2204538
C24: Part B: Expenses
C25: 1. | D25: Employees' salaries and wages | E25: 1214485
C26: 2. | D26: Owners' and partners' salaries and wages | E26: 136988
C27: 3. | D27: Employee benefits | E27: 190958
C28: 4. | D28: Rent | E28: 227452
C29: 5. | D29: Insurance | E29: 18275
C30: 6. | D30: Legal expense
C31: 7. | D31: Licenses, taxes and fees | E31: 1737
C32: 8. | D32: Title plant expense and maintenance | E32: 3064
C33: 9. | D33: Office supplies | E33: 113938
C34: 10. | D34: Depreciation | E34: 14699
C35: 11. | D35: Automobile expense | E35: 42575
C36: 12. | D36: Communication expense | E36: 39143
C37: 13. | D37: Education expense | E37: 520
C38: 14. | D38: Bad debts
C39: 15. | D39: Interest expense | E39: 73229
C40: 16. | D40: Employee travel and lodging | E40: 3651
C41: 17. | D41: Loss and loss adjustment expense (from Schedule D) | E41: 13637
C42: 18. | D42: Accounting and auditing expense | E42: 48579
C43: 19. | D43: Public relations expense | E43: 12586
C44: 20. | D44: Other expenses (from Schedule E) | E44: 408256
C45: 21. | D45: Total Expenses | E45: 2563772
C47: Part C: Net Income for Ratemaking Purposes
C48: 1. | D48: Income (Loss) from Operations | E48: -359234
C50: Part D: Excluded Expenses
C51: 1. | D51: NMLTA lobbying expense
C52: 2. | D52: Direct lobbying expense
C53: 3. | D53: Political contributions
C54: 4. | D54: State and federal income tax expense
C55: 5. | D55: 1/2 of meals and entertainment expense | E55: 1553
C56: 6. | D56: Penalties | E56: 98469
C57: 7. | D57: Country club dues
C58: 8. | D58: Salaries in excess of salary cap
C59: 9. | D59: Other excluded expenses (from Schedule E) | E59: 0
C60: 10. | D60: Total Excluded Expenses | E60: 100022
C62: Part E: Net Income
C63: 1. | D63: Net income as reported on the books of the agency | E63: -459256
C65: Part F: Equity
C66: 1. | D66: Total equity as reported on balance sheet of the agency | E66: 1039909
C68: Part G: Employees
C69: 1. | D69: Total number of employees | E69: 22

Sheet North East Title Inc.
D1: NEW MEXICO TITLE INSURANCE AGENTS STATISTICAL REPORT
D2: SCHEDULE A: STATEMENT OF INCOME AND EXPENSES
D3: For the Calendar Year Ending December 31, 2022
C5: AGENCY NAME: | D5: North East Title, Inc.
C6: ADDRESS: | D6: 124 S. 2nd Street, Raton, NM 87740
C7: CONTACT NAME: | D7: Jack Oldham
A8: Check One:
A9: x | B9: INDEPENDENT (NON-AFFILIATED) Title insurance agencies that are independently owned and write title insurance business
B10: one or more title insurance underwriters.
B12: AFFILIATED Title insurance agencies with 10% or greater ownership by a title insurance underwriter, including wholly-owned agencies.
B14: DIRECT Agency-type operations performed by the home or branch office of a title insurance underwriter. This does NOT include
B15: wholly-owned agencies.
C17: Part A: Revenue
C18: 1. | D18: Title insurance written premiums (from Schedule B) | E18: 494510
C19: 2. | D19: Less: Remitted title insurance premiums (from Schedule B) | E19: 98902
C20: 3. | D20: Retained title insurance premiums (from Schedule B) | E20: 395608
C21: 4. | D21: Other income (from Schedule C) | E21: 285553
C22: 5. | D22: Total Revenue | E22: =SUM(E20:E21) -> 681161
C24: Part B: Expenses
C25: 1. | D25: Employees' salaries and wages | E25: 180554
C26: 2. | D26: Owners' and partners' salaries and wages | E26: 60000
C27: 3. | D27: Employee benefits | E27: 50409
C28: 4. | D28: Rent
C29: 5. | D29: Insurance | E29: 28555
C30: 6. | D30: Legal expense | E30: 23134
C31: 7. | D31: Licenses, taxes and fees | E31: 56721
C32: 8. | D32: Title plant expense and maintenance | E32: 17748
C33: 9. | D33: Office supplies | E33: 28868
C34: 10. | D34: Depreciation | E34: 20000
C35: 11. | D35: Automobile expense
C36: 12. | D36: Communication expense | E36: 7919
C37: 13. | D37: Education expense
C38: 14. | D38: Bad debts
C39: 15. | D39: Interest expense | E39: 24390
C40: 16. | D40: Employee travel and lodging | E40: 3000
C41: 17. | D41: Loss and loss adjustment expense (from Schedule D) | E41: 6550
C42: 18. | D42: Accounting and auditing expense | E42: 5250
C43: 19. | D43: Public relations expense
C44: 20. | D44: Other expenses (from Schedule E) | E44: 145824
C45: 21. | D45: Total Expenses | E45: 658922
C47: Part C: Net Income for Ratemaking Purposes
C48: 1. | D48: Income (Loss) from Operations | E48: =E22-E45 -> 22239
C50: Part D: Excluded Expenses
C51: 1. | D51: NMLTA lobbying expense
C52: 2. | D52: Direct lobbying expense
C53: 3. | D53: Political contributions
C54: 4. | D54: State and federal income tax expense
C55: 5. | D55: 1/2 of meals and entertainment expense
C56: 6. | D56: Penalties
C57: 7. | D57: Country club dues
C58: 8. | D58: Salaries in excess of salary cap
C59: 9. | D59: Other excluded expenses (from Schedule E) | E59: 0
C60: 10. | D60: Total Excluded Expenses | E60: =SUM(E51:E59) -> 0
C62: Part E: Net Income
C63: 1. | D63: Net income as reported on the books of the agency | E63: =E48-E60 -> 22239
C65: Part F: Equity
C66: 1. | D66: Total equity as reported on balance sheet of the agency | E66: 550325
C68: Part G: Employees
C69: 1. | D69: Total number of employees | E69: 4

Sheet Paramount Title, LLC
D1: NEW MEXICO TITLE INSURANCE AGENTS STATISTICAL REPORT
D2: SCHEDULE A: STATEMENT OF INCOME AND EXPENSES
D3: For the Calendar Year Ending December 31, 2022
C5: AGENCY NAME: | D5: Paramount Title, LLC
C6: ADDRESS: | D6: 2100 Calle de la Vuelta, Unit 104E, Santa Fe, NM
C7: CONTACT NAME: | D7: Thomas Banner
A8: Check One:
A9: X | B9: INDEPENDENT (NON-AFFILIATED) Title insurance agencies that are independently owned and write title insurance business
B10: one or more title insurance underwriters.
B12: AFFILIATED Title insurance agencies with 10% or greater ownership by a title insurance underwriter, including wholly-owned agencies.
B14: DIRECT Agency-type operations performed by the home or branch office of a title insurance underwriter. This does NOT include
B15: wholly-owned agencies.
C17: Part A: Revenue
C18: 1. | D18: Title insurance written premiums (from Schedule B) | E18: 192715
C19: 2. | D19: Less: Remitted title insurance premiums (from Schedule B) | E19: 38542
C20: 3. | D20: Retained title insurance premiums (from Schedule B) | E20: 154173
C21: 4. | D21: Other income (from Schedule C) | E21: 76980
C22: 5. | D22: Total Revenue | E22: 231153
C24: Part B: Expenses
C25: 1. | D25: Employees' salaries and wages | E25: 17394
C26: 2. | D26: Owners' and partners' salaries and wages | E26: 0
C27: 3. | D27: Employee benefits | E27: 2504
C28: 4. | D28: Rent | E28: 27787
C29: 5. | D29: Insurance | E29: 1029
C30: 6. | D30: Legal expense | E30: 0
C31: 7. | D31: Licenses, taxes and fees | E31: 566
C32: 8. | D32: Title plant expense and maintenance | E32: 26261
C33: 9. | D33: Office supplies | E33: 2174
C34: 10. | D34: Depreciation | E34: 5033
C35: 11. | D35: Automobile expense | E35: 2540
C36: 12. | D36: Communication expense | E36: 6272
... C45: 21. | D45: Total Expenses | E45: 160511.5
C47: Part C: Net Income for Ratemaking Purposes
C48: 1. | D48: Income (Loss) from Operations | E48: 70641.5
C50: Part D: Excluded Expenses
C51: 1. | D51: NMLTA lobbying expense
C52: 2. | D52: Direct lobbying expense
C53: 3. | D53: Political contributions
C54: 4. | D54: State and federal income tax expense
C55: 5. | D55: 1/2 of meals and entertainment expense | E55: 922.5
C56: 6. | D56: Penalties
C57: 7. | D57: Country club dues
C58: 8. | D58: Salaries in excess of salary cap
C59: 9. | D59: Other excluded expenses (from Schedule E) | E59: 0
C60: 10. | D60: Total Excluded Expenses | E60: 922.5
C62: Part E: Net Income
C63: 1. | D63: Net income as reported on the books of the agency | E63: 69719
C65: Part F: Equity
C66: 1. | D66: Total equity as reported on balance sheet of the agency | E66: -133128
C68: Part G: Employees
C69: 1. | D69: Total number of employees | E69: 1

Sheet Pioneer Abstract & Title Co.
D1: NEW MEXICO TITLE INSURANCE AGENTS STATISTICAL REPORT
D2: SCHEDULE A: STATEMENT OF INCOME AND EXPENSES
D3: For the Calendar Year Ending December 31, 2022
C5: AGENCY NAME: | D5: Pioneer Abstract & Title Co of Alamogordo Inc
C6: ADDRESS: | D6: 909 Delaware Avenue, Alamogordo, NM 88310
C7: CONTACT NAME: | D7: Tiffany Thompson
A8: Check One:
A9: X | B9: INDEPENDENT (NON-AFFILIATED) Title insurance agencies that are independently owned and write title insurance business
B10: one or more title insurance underwriters.
B12: AFFILIATED Title insurance agencies with 10% or greater ownership by a title insurance underwriter, including wholly-owned agencies.
B14: DIRECT Agency-type operations performed by the home or branch office of a title insurance underwriter. This does NOT include
B15: wholly-owned agencies.
C17: Part A: Revenue
C18: 1. | D18: Title insurance written premiums (from Schedule B) | E18: 2122865
C19: 2. | D19: Less: Remitted title insurance premiums (from Schedule B) | E19: 438521
C20: 3. | D20: Retained title insurance premiums (from Schedule B) | E20: 1684344
C21: 4. | D21: Other income (from Schedule C) | E21: 742824.44
C22: 5. | D22: Total Revenue | E22: =SUM(E20:E21) -> 2427168.4
C24: Part B: Expenses
C25: 1. | D25: Employees' salaries and wages | E25: 614158
C26: 2. | D26: Owners' and partners' salaries and wages | E26: 589210
C27: 3. | D27: Employee benefits | E27: 23240
C28: 4. | D28: Rent | E28: 39600
C29: 5. | D29: Insurance | E29: 15727
C30: 6. | D30: Legal expense
C31: 7. | D31: Licenses, taxes and fees | E31: =1168+82357+400+134+583 -> 84642
C32: 8. | D32: Title plant expense and maintenance | E32: 9040
C33: 9. | D33: Office supplies | E33: =32384+26916 -> 59300
C34: 10. | D34: Depreciation | E34: 24101
C35: 11. | D35: Automobile expense | E35: =1533+10821 -> 12354
C36: 12. | D36: Communication expense
C37: 13. | D37: Education expense | E37: 13885
C38: 14. | D38: Bad debts
C39: 15. | D39: Interest expense | E39: 53347
C40: 16. | D40: Employee travel and lodging | E40: 8997
C41: 17. | D41: Loss and loss adjustment expense (from Schedule D) | E41: 6677
C42: 18. | D42: Accounting and auditing expense | E42: 3040
C43: 19. | D43: Public relations expense | E43: 47353
C44: 20. | D44: Other expenses (from Schedule E) | E44: 337737
C45: 21. | D45: Total Expenses | E45: 1942408
C47: Part C: Net Income for Ratemaking Purposes
C48: 1. | D48: Income (Loss) from Operations | E48: 484760.44
C50: Part D: Excluded Expenses
C51: 1. | D51: NMLTA lobbying expense
C52: 2. | D52: Direct lobbying expense
C53: 3. | D53: Political contributions
C54: 4. | D54: State and federal income tax expense
C55: 5. | D55: 1/2 of meals and entertainment expense
C56: 6. | D56: Penalties | E56: 2084
C57: 7. | D57: Country club dues
C58: 8. | D58: Salaries in excess of salary cap
C59: 9. | D59: Other excluded expenses (from Schedule E) | E59: 4
C60: 10. | D60: Total Excluded Expenses | E60: 2088
C62: Part E: Net Income
C63: 1. | D63: Net income as reported on the books of the agency | E63: 482672.44
C65: Part F: Equity
C66: 1. | D66: Total equity as reported on balance sheet of the agency | E66: 1770741.3
C68: Part G: Employees
C69: 1. | D69: Total number of employees | E69: 14

Sheet Prima Title LLC
D1: NEW MEXICO TITLE INSURANCE AGENTS STATISTICAL REPORT
D2: SCHEDULE A: STATEMENT OF INCOME AND EXPENSES
D3: For the Calendar Year Ending December 31, 2022
C5: AGENCY NAME: | D5: Prima Title LLC
C6: ADDRESS: | D6: 433 Paseo de Peralta, Santa Fe, NM 87501
C7: CONTACT NAME: | D7: Charles R Dickey, Jr.
A8: Check One:
A9: X | B9: INDEPENDENT (NON-AFFILIATED) Title insurance agencies that are independently owned and write title insurance business
B10: one or more title insurance underwriters.
B12: AFFILIATED Title insurance agencies with 10% or greater ownership by a title insurance underwriter, including wholly-owned agencies.
B14: DIRECT Agency-type operations performed by the home or branch office of a title insurance underwriter. This does NOT include
B15: wholly-owned agencies.
C17: Part A: Revenue
C18: 1. | D18: Title insurance written premiums (from Schedule B) | E18: 56835
C19: 2. | D19: Less: Remitted title insurance premiums (from Schedule B) | E19: 11367
C20: 3. | D20: Retained title insurance premiums (from Schedule B) | E20: 45468
C21: 4. | D21: Other income (from Schedule C) | E21: 227345
C22: 5. | D22: Total Revenue | E22: =SUM(E20:E21) -> 272813
C24: Part B: Expenses
C25: 1. | D25: Employees' salaries and wages
C26: 2. | D26: Owners' and partners' salaries and wages
C27: 3. | D27: Employee benefits
C28: 4. | D28: Rent
C29: 5. | D29: Insurance
C30: 6. | D30: Legal expense
C31: 7. | D31: Licenses, taxes and fees | E31: 30
C32: 8. | D32: Title plant expense and maintenance
C33: 9. | D33: Office supplies
C34: 10. | D34: Depreciation
C35: 11. | D35: Automobile expense
C36: 12. | D36: Communication expense
C37: 13. | D37: Education expense
C38: 14. | D38: Bad debts | E38: 651
C39: 15. | D39: Interest expense
C40: 16. | D40: Employee travel and lodging
C41: 17. | D41: Loss and loss adjustment expense (from Schedule D) | E41: 36
C42: 18. | D42: Accounting and auditing expense | E42: 7354
C43: 19. | D43: Public relations expense
C44: 20. | D44: Other expenses (from Schedule E) | E44: 59857
C45: 21. | D45: Total Expenses | E45: 67928
C47: Part C: Net Income for Ratemaking Purposes
C48: 1. | D48: Income (Loss) from Operations | E48: 204885
C50: Part D: Excluded Expenses
C51: 1. | D51: NMLTA lobbying expense
C52: 2. | D52: Direct lobbying expense
C53: 3. | D53: Political contributions
C54: 4. | D54: State and federal income tax expense
C55: 5. | D55: 1/2 of meals and entertainment expense
C56: 6. | D56: Penalties
C57: 7. | D57: Country club dues
C58: 8. | D58: Salaries in excess of salary cap
C59: 9. | D59: Other excluded expenses (from Schedule E)
C60: 10. | D60: Total Excluded Expenses | E60: 0
C62: Part E: Net Income
C63: 1. | D63: Net income as reported on the books of the agency | E63: 204885
C65: Part F: Equity
C66: 1. | D66: Total equity as reported on balance sheet of the agency | E66: 32945
C68: Part G: Employees
C69: 1. | D69: Total number of employees | E69: 0

Sheet Priority Title & Escrow LLC
D1: NEW MEXICO TITLE INSURANCE AGENTS STATISTICAL REPORT
D2: SCHEDULE A: STATEMENT OF INCOME AND EXPENSES
D3: For the Calendar Year Ending December 31, 2022
C5: AGENCY NAME: | D5: Priority Title & Escrow, LLC
C6: ADDRESS: | D6: 641 Lynnhaven Pkwy, Ste 200 Virginia Beach, VA 23452
C7: CONTACT NAME: | D7: Dave Nadzam
A8: Check One:
A9: X | B9: INDEPENDENT (NON-AFFILIATED) Title insurance agencies that are independently owned and write title insurance business
B10: one or more title insurance underwriters.
B12: AFFILIATED Title insurance agencies with 10% or greater ownership by a title insurance underwriter, including wholly-owned agencies.
B14: DIRECT Agency-type operations performed by the home or branch office of a title insurance underwriter. This does NOT include
B15: wholly-owned agencies.
C17: Part A: Revenue
C18: 1. | D18: Title insurance written premiums (from Schedule B) | E18: 210842.86
C19: 2. | D19: Less: Remitted title insurance premiums (from Schedule B) | E19: 42168.57
C20: 3. | D20: Retained title insurance premiums (from Schedule B) | E20: 168674.29
C21: 4. | D21: Other income (from Schedule C) | E21: 59663.82
C22: 5. | D22: Total Revenue | E22: =SUM(E20:E21) -> 228338.11
C24: Part B: Expenses
C25: 1. | D25: Employees' salaries and wages | E25: 94381.21
C26: 2. | D26: Owners' and partners' salaries and wages | E26: 8705.36
C27: 3. | D27: Employee benefits | E27: 21237.54
C28: 4. | D28: Rent | E28: 4383.7
C29: 5. | D29: Insurance | E29: 634.2
C30: 6. | D30: Legal expense | E30: 32.1
C31: 7. | D31: Licenses, taxes and fees | E31: 1234.9
C32: 8. | D32: Title plant expense and maintenance | E32: 58948.2
C33: 9. | D33: Office supplies | E33: 639.28
C34: 10. | D34: Depreciation | E34: 77.38
C35: 11. | D35: Automobile expense | E35: 118.42
C36: 12. | D36: Communication expense | E36: 504.4
... C45: 21. | D45: Total Expenses | E45: 215734.36
C47: Part C: Net Income for Ratemaking Purposes
C48: 1. | D48: Income (Loss) from Operations | E48: 12603.75
C50: Part D: Excluded Expenses
C51: 1. | D51: NMLTA lobbying expense | E51: 0
C52: 2. | D52: Direct lobbying expense | E52: 0
C53: 3. | D53: Political contributions | E53: 0
C54: 4. | D54: State and federal income tax expense | E54: 0
C55: 5. | D55: 1/2 of meals and entertainment expense | E55: 346.33
C56: 6. | D56: Penalties | E56: 0
C57: 7. | D57: Country club dues | E57: 0
C58: 8. | D58: Salaries in excess of salary cap | E58: 0
C59: 9. | D59: Other excluded expenses (from Schedule E) | E59: 0
C60: 10. | D60: Total Excluded Expenses | E60: 346.33
C62: Part E: Net Income
C63: 1. | D63: Net income as reported on the books of the agency | E63: 12257.42
C65: Part F: Equity
C66: 1. | D66: Total equity as reported on balance sheet of the agency | E66: 4072880.5
C68: Part G: Employees
C69: 1. | D69: Total number of employees | E69: 81

Sheet Rio Arriba Title & Escrow Co.
D1: NEW MEXICO TITLE INSURANCE AGENTS STATISTICAL REPORT
D2: SCHEDULE A: STATEMENT OF INCOME AND EXPENSES
D3: For the Calendar Year Ending December 31, 2022
C5: AGENCY NAME: | D5: Rio Arriba Title & Escrow Co., Inc.
C6: ADDRESS: | D6: P.O. Box 116, Chama, N.M. 87520
C7: CONTACT NAME: | D7: Meredith Brown
A8: Check One:
A9: X | B9: INDEPENDENT (NON-AFFILIATED) Title insurance agencies that are independently owned and write title insurance business
B10: one or more title insurance underwriters.
B12: AFFILIATED Title insurance agencies with 10% or greater ownership by a title insurance underwriter, including wholly-owned agencies.
B14: DIRECT Agency-type operations performed by the home or branch office of a title insurance underwriter. This does NOT include
B15: wholly-owned agencies.
C17: Part A: Revenue
C18: 1. | D18: Title insurance written premiums (from Schedule B) | E18: 753211.87
C19: 2. | D19: Less: Remitted title insurance premiums (from Schedule B) | E19: 176741.37
C20: 3. | D20: Retained title insurance premiums (from Schedule B) | E20: 576470.5
C21: 4. | D21: Other income (from Schedule C) | E21: 218220.14
C22: 5. | D22: Total Revenue | E22: =SUM(E20:E21) -> 794690.64
C24: Part B: Expenses
C25: 1. | D25: Employees' salaries and wages | E25: 355050.88
C26: 2. | D26: Owners' and partners' salaries and wages | E26: 66703.37
C27: 3. | D27: Employee benefits | E27: 53418.09
C28: 4. | D28: Rent | E28: 22536
C29: 5. | D29: Insurance | E29: 3437
C30: 6. | D30: Legal expense
C31: 7. | D31: Licenses, taxes and fees | E31: 1187.54
C32: 8. | D32: Title plant expense and maintenance | E32: 49182.66
C33: 9. | D33: Office supplies | E33: 44520.59
C34: 10. | D34: Depreciation
C35: 11. | D35: Automobile expense | E35: 26164.07
C36: 12. | D36: Communication expense | E36: 13154.76
C37: 13. | D37: Education expense
C38: 14. | D38: Bad debts
C39: 15. | D39: Interest expense
C40: 16. | D40: Employee travel and lodging | E40: 929.51
C41: 17. | D41: Loss and loss adjustment expense (from Schedule D) | E41: 15769.14
C42: 18. | D42: Accounting and auditing expense | E42: 32451.78
C43: 19. | D43: Public relations expense | E43: 10223.23
C44: 20. | D44: Other expenses (from Schedule E) | E44: 1000
C45: 21. | D45: Total Expenses | E45: 695728.62
C47: Part C: Net Income for Ratemaking Purposes
C48: 1. | D48: Income (Loss) from Operations | E48: 98962.02
C50: Part D: Excluded Expenses
C51: 1. | D51: NMLTA lobbying expense
C52: 2. | D52: Direct lobbying expense
C53: 3. | D53: Political contributions
C54: 4. | D54: State and federal income tax expense | E54: 69600
C55: 5. | D55: 1/2 of meals and entertainment expense | E55: 8770.86
C56: 6. | D56: Penalties
C57: 7. | D57: Country club dues
C58: 8. | D58: Salaries in excess of salary cap
C59: 9. | D59: Other excluded expenses (from Schedule E) | E59: 10639.87
C60: 10. | D60: Total Excluded Expenses | E60: 89010.73
C62: Part E: Net Income
C63: 1. | D63: Net income as reported on the books of the agency | E63: =E48-E60 -> 9951.29
C65: Part F: Equity
C66: 1. | D66: Total equity as reported on balance sheet of the agency | E66: 749843
C68: Part G: Employees
C69: 1. | D69: Total number of employees | E69: 9

Sheet Rio Investment Ltd
D1: NEW MEXICO TITLE INSURANCE AGENTS STATISTICAL REPORT
D2: SCHEDULE A: STATEMENT OF INCOME AND EXPENSES
D3: For the Calendar Year Ending December 31, 2022
C5: AGENCY NAME: | D5: Rio Investments Ltd
C6: ADDRESS: | D6: P O Box 1064 Elephant Butte, NM 87935
C7: CONTACT NAME: | D7: Raymond R Ruffini
A8: Check One:
A9: X | B9: INDEPENDENT (NON-AFFILIATED) Title insurance agencies that are independently owned and write title insurance business
B10: one or more title insurance underwriters.
B12: AFFILIATED Title insurance agencies with 10% or greater ownership by a title insurance underwriter, including wholly-owned agencies.
B14: DIRECT Agency-type operations performed by the home or branch office of a title insurance underwriter. This does NOT include
B15: wholly-owned agencies.
C17: Part A: Revenue
C18: 1. | D18: Title insurance written premiums (from Schedule B) | E18: 775959.76
C19: 2. | D19: Less: Remitted title insurance premiums (from Schedule B) | E19: 155191.96
C20: 3. | D20: Retained title insurance premiums (from Schedule B) | E20: 620767.8
C21: 4. | D21: Other income (from Schedule C) | E21: 392454.37
C22: 5. | D22: Total Revenue | E22: =SUM(E20:E21) -> 1013222.2
C24: Part B: Expenses
C25: 1. | D25: Employees' salaries and wages | E25: 260772.18
C26: 2. | D26: Owners' and partners' salaries and wages
C27: 3. | D27: Employee benefits | E27: 1337.34
C28: 4. | D28: Rent | E28: 21932
C29: 5. | D29: Insurance | E29: 9751.35
C30: 6. | D30: Legal expense
C31: 7. | D31: Licenses, taxes and fees | E31: 37525.2
C32: 8. | D32: Title plant expense and maintenance | E32: 12820.85
C33: 9. | D33: Office supplies | E33: 31332.8
C34: 10. | D34: Depreciation | E34: 145761
C35: 11. | D35: Automobile expense | E35: 895
C36: 12. | D36: Communication expense | E36: 4430.65
C37: 13. | D37: Education expense | E37: 640
C38: 14. | D38: Bad debts
C39: 15. | D39: Interest expense | E39: 78399.36
C40: 16. | D40: Employee travel and lodging | E40: 1050.3
C41: 17. | D41: Loss and loss adjustment expense (from Schedule D) | E41: 4850
C42: 18. | D42: Accounting and auditing expense | E42: 27517.4
C43: 19. | D43: Public relations expense | E43: 7655.61
C44: 20. | D44: Other expenses (from Schedule E) | E44: 54213.72
C45: 21. | D45: Total Expenses | E45: 700884.76
C47: Part C: Net Income for Ratemaking Purposes
C48: 1. | D48: Income (Loss) from Operations | E48: 312337.41
C50: Part D: Excluded Expenses
C51: 1. | D51: NMLTA lobbying expense | E51: 1100
C52: 2. | D52: Direct lobbying expense
C53: 3. | D53: Political contributions
C54: 4. | D54: State and federal income tax expense
C55: 5. | D55: 1/2 of meals and entertainment expense
C56: 6. | D56: Penalties
C57: 7. | D57: Country club dues
C58: 8. | D58: Salaries in excess of salary cap
C59: 9. | D59: Other excluded expenses (from Schedule E) | E59: 0
C60: 10. | D60: Total Excluded Expenses | E60: 1100
C62: Part E: Net Income
C63: 1. | D63: Net income as reported on the books of the agency | E63: 311237.41
C65: Part F: Equity
C66: 1. | D66: Total equity as reported on balance sheet of the agency | E66: -733540
C68: Part G: Employees
C69: 1. | D69: Total number of employees | E69: 8

Sheet Salinas-Bradley dba Artisan
D1: NEW MEXICO TITLE INSURANCE AGENTS STATISTICAL REPORT
D2: SCHEDULE A: STATEMENT OF INCOME AND EXPENSES
D3: For the Calendar Year Ending December 31, 2022
C5: AGENCY NAME: | D5: Salinas-Bradley, LLC, dba Artisan Title
C6: ADDRESS: | D6: 200 W De Vargas St, Suite 7, santa Fe, NM 87501
C7: CONTACT NAME: | D7: John Salinas
A8: Check One:
A9: X | B9: INDEPENDENT (NON-AFFILIATED) Title insurance agencies that are independently owned and write title insurance business
B10: one or more title insurance underwriters.
B12: AFFILIATED Title insurance agencies with 10% or greater ownership by a title insurance underwriter, including wholly-owned agencies.
B14: DIRECT Agency-type operations performed by the home or branch office of a title insurance underwriter. This does NOT include
B15: wholly-owned agencies.
C17: Part A: Revenue
C18: 1. | D18: Title insurance written premiums (from Schedule B) | E18: 1261413
C19: 2. | D19: Less: Remitted title insurance premiums (from Schedule B) | E19: 265923
C20: 3. | D20: Retained title insurance premiums (from Schedule B) | E20: 995490
C21: 4. | D21: Other income (from Schedule C) | E21: 390801
C22: 5. | D22: Total Revenue | E22: =SUM(E20:E21) -> 1386291
C24: Part B: Expenses
C25: 1. | D25: Employees' salaries and wages | E25: 280291
C26: 2. | D26: Owners' and partners' salaries and wages | E26: 679550
C27: 3. | D27: Employee benefits | E27: 32099
C28: 4. | D28: Rent | E28: 89670
C29: 5. | D29: Insurance | E29: 28335
C30: 6. | D30: Legal expense | E30: 11152
C31: 7. | D31: Licenses, taxes and fees | E31: 2037
C32: 8. | D32: Title plant expense and maintenance | E32: 40186
C33: 9. | D33: Office supplies | E33: 36929
C34: 10. | D34: Depreciation
C35: 11. | D35: Automobile expense | E35: 35
C36: 12. | D36: Communication expense | E36: 8854
C37: 13. | D37: Education expense
C38: 14. | D38: Bad debts
C39: 15. | D39: Interest expense | E39: 438
C40: 16. | D40: Employee travel and lodging | E40: 2810
C41: 17. | D41: Loss and loss adjustment expense (from Schedule D) | E41: 11280
C42: 18. | D42: Accounting and auditing expense | E42: 8177
C43: 19. | D43: Public relations expense | E43: 10130
C44: 20. | D44: Other expenses (from Schedule E) | E44: 118895
C45: 21. | D45: Total Expenses | E45: 1360868
C47: Part C: Net Income for Ratemaking Purposes
C48: 1. | D48: Income (Loss) from Operations | E48: 25423
C50: Part D: Excluded Expenses
C51: 1. | D51: NMLTA lobbying expense
C52: 2. | D52: Direct lobbying expense
C53: 3. | D53: Political contributions
C54: 4. | D54: State and federal income tax expense
C55: 5. | D55: 1/2 of meals and entertainment expense | E55: 3593
C56: 6. | D56: Penalties | E56: 1814
C57: 7. | D57: Country club dues
C58: 8. | D58: Salaries in excess of salary cap
C59: 9. | D59: Other excluded expenses (from Schedule E) | E59: 0
C60: 10. | D60: Total Excluded Expenses | E60: 5407
C62: Part E: Net Income
C63: 1. | D63: Net income as reported on the books of the agency | E63: 20016
C65: Part F: Equity
C66: 1. | D66: Total equity as reported on balance sheet of the agency | E66: 603048
C68: Part G: Employees
C69: 1. | D69: Total number of employees | E69: 6

Sheet San Juan County Abstract & Titl
D1: NEW MEXICO TITLE INSURANCE AGENTS STATISTICAL REPORT
D2: SCHEDULE A: STATEMENT OF INCOME AND EXPENSES
D3: For the Calendar Year Ending December 31, 2022
C5: AGENCY NAME: | D5: San Juan Abstract & Title Company
C6: ADDRESS: | D6: 111 N Orchard, Farmington, NM 87401
C7: CONTACT NAME: | D7: Joshua Payne
A8: Check One:
A9: x | B9: INDEPENDENT (NON-AFFILIATED) Title insurance agencies that are independently owned and write title insurance business
B10: one or more title insurance underwriters.
B12: AFFILIATED Title insurance agencies with 10% or greater ownership by a title insurance underwriter, including wholly-owned agencies.
B14: DIRECT Agency-type operations performed by the home or branch office of a title insurance underwriter. This does NOT include
B15: wholly-owned agencies.
C17: Part A: Revenue
C18: 1. | D18: Title insurance written premiums (from Schedule B) | E18: 4335739
C19: 2. | D19: Less: Remitted title insurance premiums (from Schedule B) | E19: 883022.4
C20: 3. | D20: Retained title insurance premiums (from Schedule B) | E20: 3452716.6
C21: 4. | D21: Other income (from Schedule C) | E21: 1234416.3
C22: 5. | D22: Total Revenue | E22: =SUM(E20:E21) -> 4687132.9
C24: Part B: Expenses
C25: 1. | D25: Employees' salaries and wages | E25: 1183139.6
C26: 2. | D26: Owners' and partners' salaries and wages | E26: 592922
C27: 3. | D27: Employee benefits | E27: 531758.62
C28: 4. | D28: Rent | E28: 122400
C29: 5. | D29: Insurance | E29: 15616.5
C30: 6. | D30: Legal expense
C31: 7. | D31: Licenses, taxes and fees | E31: 10538.85
C32: 8. | D32: Title plant expense and maintenance | E32: 105629.73
C33: 9. | D33: Office supplies | E33: 66401.48
C34: 10. | D34: Depreciation | E34: 171894
C35: 11. | D35: Automobile expense | E35: 21522.65
C36: 12. | D36: Communication expense | E36: 16056.02
C37: 13. | D37: Education expense | E37: 979.2
C38: 14. | D38: Bad debts
C39: 15. | D39: Interest expense | E39: 380.75
C40: 16. | D40: Employee travel and lodging | E40: 17610.31
C41: 17. | D41: Loss and loss adjustment expense (from Schedule D) | E41: 42699.47
C42: 18. | D42: Accounting and auditing expense | E42: 7299.16
C43: 19. | D43: Public relations expense | E43: 34016.4
C44: 20. | D44: Other expenses (from Schedule E) | E44: 235762.62
C45: 21. | D45: Total Expenses | E45: 3176627.4
C47: Part C: Net Income for Ratemaking Purposes
C48: 1. | D48: Income (Loss) from Operations | E48: 1510505.5
C50: Part D: Excluded Expenses
C51: 1. | D51: NMLTA lobbying expense
C52: 2. | D52: Direct lobbying expense
C53: 3. | D53: Political contributions
C54: 4. | D54: State and federal income tax expense | E54: 1834.59
C55: 5. | D55: 1/2 of meals and entertainment expense | E55: 3609.23
C56: 6. | D56: Penalties
C57: 7. | D57: Country club dues | E57: 15941.53
C58: 8. | D58: Salaries in excess of salary cap | E58: 1174684.6
C59: 9. | D59: Other excluded expenses (from Schedule E) | E59: 613310.89
C60: 10. | D60: Total Excluded Expenses | E60: 1809380.8
C62: Part E: Net Income
C63: 1. | D63: Net income as reported on the books of the agency | E63: -298875.36
C65: Part F: Equity
C66: 1. | D66: Total equity as reported on balance sheet of the agency | E66: 513203
C68: Part G: Employees
C69: 1. | D69: Total number of employees | E69: 42

Sheet Santa Fe Title Co.
D1: NEW MEXICO TITLE INSURANCE AGENTS STATISTICAL REPORT
D2: SCHEDULE A: STATEMENT OF INCOME AND EXPENSES
D3: For the Calendar Year Ending December 31, 2022
C5: AGENCY NAME: | D5: Santa Fe Title Company
C6: ADDRESS: | D6: 515 Don Gaspar Avenue, Santa Fe, NM
C7: CONTACT NAME: | D7: Steven Riemann
A8: Check One:
A9: X | B9: INDEPENDENT (NON-AFFILIATED) Title insurance agencies that are independently owned and write title insurance business
B10: one or more title insurance underwriters.
B12: AFFILIATED Title insurance agencies with 10% or greater ownership by a title insurance underwriter, including wholly-owned agencies.
B14: DIRECT Agency-type operations performed by the home or branch office of a title insurance underwriter. This does NOT include
B15: wholly-owned agencies.
C17: Part A: Revenue
C18: 1. | D18: Title insurance written premiums (from Schedule B) | E18: 2306870
C19: 2. | D19: Less: Remitted title insurance premiums (from Schedule B) | E19: 487005
C20: 3. | D20: Retained title insurance premiums (from Schedule B) | E20: 1819865
C21: 4. | D21: Other income (from Schedule C) | E21: 691056
C22: 5. | D22: Total Revenue | E22: =SUM(E20:E21) -> 2510921
C24: Part B: Expenses
C25: 1. | D25: Employees' salaries and wages | E25: 1278949
C26: 2. | D26: Owners' and partners' salaries and wages | E26: 282419
C27: 3. | D27: Employee benefits | E27: 132909
C28: 4. | D28: Rent | E28: 126174
C29: 5. | D29: Insurance | E29: 4788
C30: 6. | D30: Legal expense | E30: 13525
C31: 7. | D31: Licenses, taxes and fees | E31: 9516
C32: 8. | D32: Title plant expense and maintenance | E32: 65493
C33: 9. | D33: Office supplies | E33: 16014
C34: 10. | D34: Depreciation | E34: 4683
C35: 11. | D35: Automobile expense | E35: 138
C36: 12. | D36: Communication expense | E36: 3365
... C45: 21. | D45: Total Expenses | E45: 2129906
C47: Part C: Net Income for Ratemaking Purposes
C48: 1. | D48: Income (Loss) from Operations | E48: 381015
C50: Part D: Excluded Expenses
C51: 1. | D51: NMLTA lobbying expense
C52: 2. | D52: Direct lobbying expense
C53: 3. | D53: Political contributions
C54: 4. | D54: State and federal income tax expense
C55: 5. | D55: 1/2 of meals and entertainment expense
C56: 6. | D56: Penalties | E56: 54
C57: 7. | D57: Country club dues
C58: 8. | D58: Salaries in excess of salary cap
C59: 9. | D59: Other excluded expenses (from Schedule E) | E59: 0
C60: 10. | D60: Total Excluded Expenses | E60: 54
C62: Part E: Net Income
C63: 1. | D63: Net income as reported on the books of the agency | E63: 380961
C65: Part F: Equity
C66: 1. | D66: Total equity as reported on balance sheet of the agency | E66: 151502
C68: Part G: Employees
C69: 1. | D69: Total number of employees | E69: 18

Sheet Security Title Abstract Co.
D1: NEW MEXICO TITLE INSURANCE AGENTS STATISTICAL REPORT
D2: SCHEDULE A: STATEMENT OF INCOME AND EXPENSES
D3: For the Calendar Year Ending December 31, 2022
C5: AGENCY NAME: | D5: Security Title Abstract Inc.
C6: ADDRESS: | D6: P O Box 1064 Elephant Butte, NM 87935
C7: CONTACT NAME: | D7: Raymond R Ruffini
A8: Check One:
A9: X | B9: INDEPENDENT (NON-AFFILIATED) Title insurance agencies that are independently owned and write title insurance business
B10: one or more title insurance underwriters.
B12: AFFILIATED Title insurance agencies with 10% or greater ownership by a title insurance underwriter, including wholly-owned agencies.
B14: DIRECT Agency-type operations performed by the home or branch office of a title insurance underwriter. This does NOT include
B15: wholly-owned agencies.
C17: Part A: Revenue
C18: 1. | D18: Title insurance written premiums (from Schedule B) | E18: 614691.97
C19: 2. | D19: Less: Remitted title insurance premiums (from Schedule B) | E19: 122938
C20: 3. | D20: Retained title insurance premiums (from Schedule B) | E20: 491753.97
C21: 4. | D21: Other income (from Schedule C) | E21: 102824.86
C22: 5. | D22: Total Revenue | E22: =SUM(E20:E21) -> 594578.83
C24: Part B: Expenses
C25: 1. | D25: Employees' salaries and wages | E25: 209724
C26: 2. | D26: Owners' and partners' salaries and wages | E26: 65332
C27: 3. | D27: Employee benefits
C28: 4. | D28: Rent | E28: 59960
C29: 5. | D29: Insurance | E29: 11354
C30: 6. | D30: Legal expense
C31: 7. | D31: Licenses, taxes and fees | E31: 39520
C32: 8. | D32: Title plant expense and maintenance | E32: 8180
C33: 9. | D33: Office supplies | E33: 11935
C34: 10. | D34: Depreciation
C35: 11. | D35: Automobile expense | E35: 790
C36: 12. | D36: Communication expense | E36: 18580
C37: 13. | D37: Education expense | E37: 480
C38: 14. | D38: Bad debts
C39: 15. | D39: Interest expense
C40: 16. | D40: Employee travel and lodging | E40: 901
C41: 17. | D41: Loss and loss adjustment expense (from Schedule D) | E41: 3932
C42: 18. | D42: Accounting and auditing expense | E42: 19234
C43: 19. | D43: Public relations expense | E43: 1086
C44: 20. | D44: Other expenses (from Schedule E) | E44: 28514
C45: 21. | D45: Total Expenses | E45: 479522
C47: Part C: Net Income for Ratemaking Purposes
C48: 1. | D48: Income (Loss) from Operations | E48: 115056.83
C50: Part D: Excluded Expenses
C51: 1. | D51: NMLTA lobbying expense | E51: 800
C52: 2. | D52: Direct lobbying expense
C53: 3. | D53: Political contributions
C54: 4. | D54: State and federal income tax expense
C55: 5. | D55: 1/2 of meals and entertainment expense
C56: 6. | D56: Penalties
C57: 7. | D57: Country club dues
C58: 8. | D58: Salaries in excess of salary cap
C59: 9. | D59: Other excluded expenses (from Schedule E) | E59: 0
C60: 10. | D60: Total Excluded Expenses | E60: 800
C62: Part E: Net Income
C63: 1. | D63: Net income as reported on the books of the agency | E63: 114256.83
C65: Part F: Equity
C66: 1. | D66: Total equity as reported on balance sheet of the agency | E66: 173174
C68: Part G: Employees
C69: 1. | D69: Total number of employees | E69: 10

Sheet Sierra Title of New Mexico, Inc
D1: NEW MEXICO TITLE INSURANCE AGENTS STATISTICAL REPORT
D2: SCHEDULE A: STATEMENT OF INCOME AND EXPENSES
D3: For the Calendar Year Ending December 31, 2022
C5: AGENCY NAME: | D5: Sierra Title Company, Inc.
C6: ADDRESS: | D6: 2161 Hammerland, Las Cruces, NM
C7: CONTACT NAME: | D7: John R. King
A8: Check One:
A9: X | B9: INDEPENDENT (NON-AFFILIATED) Title insurance agencies that are independently owned and write title insurance business
B10: one or more title insurance underwriters.
B12: AFFILIATED Title insurance agencies with 10% or greater ownership by a title insurance underwriter, including wholly-owned agencies.
B14: DIRECT Agency-type operations performed by the home or branch office of a title insurance underwriter. This does NOT include
B15: wholly-owned agencies.
C17: Part A: Revenue
C18: 1. | D18: Title insurance written premiums (from Schedule B) | E18: 37847.1
C19: 2. | D19: Less: Remitted title insurance premiums (from Schedule B) | E19: 7569
C20: 3. | D20: Retained title insurance premiums (from Schedule B) | E20: 30278.1
C21: 4. | D21: Other income (from Schedule C) | E21: 17171.9
C22: 5. | D22: Total Revenue | E22: =SUM(E20:E21) -> 47450
C24: Part B: Expenses
C25: 1. | D25: Employees' salaries and wages | E25: 25030
C26: 2. | D26: Owners' and partners' salaries and wages
C27: 3. | D27: Employee benefits
C28: 4. | D28: Rent
C29: 5. | D29: Insurance
C30: 6. | D30: Legal expense
C31: 7. | D31: Licenses, taxes and fees
C32: 8. | D32: Title plant expense and maintenance | E32: 2256
C33: 9. | D33: Office supplies | E33: 806
C34: 10. | D34: Depreciation
C35: 11. | D35: Automobile expense
C36: 12. | D36: Communication expense | E36: 655
C37: 13. | D37: Education expense
C38: 14. | D38: Bad debts
C39: 15. | D39: Interest expense
C40: 16. | D40: Employee travel and lodging | E40: 291
C41: 17. | D41: Loss and loss adjustment expense (from Schedule D) | E41: 0
C42: 18. | D42: Accounting and auditing expense
C43: 19. | D43: Public relations expense
C44: 20. | D44: Other expenses (from Schedule E) | E44: 24340
C45: 21. | D45: Total Expenses | E45: 53378
C47: Part C: Net Income for Ratemaking Purposes
C48: 1. | D48: Income (Loss) from Operations | E48: -5928
C50: Part D: Excluded Expenses
C51: 1. | D51: NMLTA lobbying expense
C52: 2. | D52: Direct lobbying expense
C53: 3. | D53: Political contributions
C54: 4. | D54: State and federal income tax expense
C55: 5. | D55: 1/2 of meals and entertainment expense
C56: 6. | D56: Penalties
C57: 7. | D57: Country club dues
C58: 8. | D58: Salaries in excess of salary cap
C59: 9. | D59: Other excluded expenses (from Schedule E) | E59: 0
C60: 10. | D60: Total Excluded Expenses | E60: 0
C62: Part E: Net Income
C63: 1. | D63: Net income as reported on the books of the agency | E63: -5928
C65: Part F: Equity
C66: 1. | D66: Total equity as reported on balance sheet of the agency
C68: Part G: Employees
C69: 1. | D69: Total number of employees

Sheet Signature Title Agency of NM
D1: NEW MEXICO TITLE INSURANCE AGENTS STATISTICAL REPORT
D2: SCHEDULE A: STATEMENT OF INCOME AND EXPENSES
D3: For the Calendar Year Ending December 31, 2022
C5: AGENCY NAME: | D5: Signature Title Agency of New Mexico
C6: ADDRESS: | D6: 801 7th Street, Las Vegas, NM 87701
C7: CONTACT NAME: | D7: Jay D. Moore, President
A8: Check One:
A9: X | B9: INDEPENDENT (NON-AFFILIATED) Title insurance agencies that are independently owned and write title insurance business
B10: one or more title insurance underwriters.
B12: AFFILIATED Title insurance agencies with 10% or greater ownership by a title insurance underwriter, including wholly-owned agencies.
B14: DIRECT Agency-type operations performed by the home or branch office of a title insurance underwriter. This does NOT include
B15: wholly-owned agencies.
C17: Part A: Revenue
C18: 1. | D18: Title insurance written premiums (from Schedule B) | E18: 1390041
C19: 2. | D19: Less: Remitted title insurance premiums (from Schedule B) | E19: 278008
C20: 3. | D20: Retained title insurance premiums (from Schedule B) | E20: 1112033
C21: 4. | D21: Other income (from Schedule C) | E21: 0
C22: 5. | D22: Total Revenue | E22: =SUM(E20:E21) -> 1112033
C24: Part B: Expenses
C25: 1. | D25: Employees' salaries and wages | E25: 67500
C26: 2. | D26: Owners' and partners' salaries and wages
C27: 3. | D27: Employee benefits | E27: 9186
C28: 4. | D28: Rent | E28: 3000
C29: 5. | D29: Insurance
C30: 6. | D30: Legal expense | E30: 7218
C31: 7. | D31: Licenses, taxes and fees | E31: 1769
C32: 8. | D32: Title plant expense and maintenance | E32: 62380
C33: 9. | D33: Office supplies
C34: 10. | D34: Depreciation
C35: 11. | D35: Automobile expense
C36: 12. | D36: Communication expense
C37: 13. | D37: Education expense
C38: 14. | D38: Bad debts
C39: 15. | D39: Interest expense
C40: 16. | D40: Employee travel and lodging | E40: 658
C41: 17. | D41: Loss and loss adjustment expense (from Schedule D) | E41: 7592
C42: 18. | D42: Accounting and auditing expense | E42: 26775
C43: 19. | D43: Public relations expense | E43: 17581
C44: 20. | D44: Other expenses (from Schedule E) | E44: 51262
C45: 21. | D45: Total Expenses | E45: 254921
C47: Part C: Net Income for Ratemaking Purposes
C48: 1. | D48: Income (Loss) from Operations | E48: 857112
C50: Part D: Excluded Expenses
C51: 1. | D51: NMLTA lobbying expense
C52: 2. | D52: Direct lobbying expense
C53: 3. | D53: Political contributions
C54: 4. | D54: State and federal income tax expense
C55: 5. | D55: 1/2 of meals and entertainment expense | E55: 15
C56: 6. | D56: Penalties
C57: 7. | D57: Country club dues
C58: 8. | D58: Salaries in excess of salary cap
C59: 9. | D59: Other excluded expenses (from Schedule E) | E59: 0
C60: 10. | D60: Total Excluded Expenses | E60: 15
C62: Part E: Net Income
C63: 1. | D63: Net income as reported on the books of the agency | E63: 857097
C65: Part F: Equity
C66: 1. | D66: Total equity as reported on balance sheet of the agency | E66: 407909
C68: Part G: Employees
C69: 1. | D69: Total number of employees | E69: 1

Sheet Sitterly, Inc.
D1: NEW MEXICO TITLE INSURANCE AGENTS STATISTICAL REPORT
D2: SCHEDULE A: STATEMENT OF INCOME AND EXPENSES
D3: For the Calendar Year Ending December 31, 2022
C5: AGENCY NAME: | D5: Sitterly, Inc. dba Curry County Abstract & Title Co.
C6: ADDRESS: | D6: P.O. Box 1787 Clovis, NM 88102
C7: CONTACT NAME: | D7: Alissa Jones, President
A8: Check One:
A9: X | B9: INDEPENDENT (NON-AFFILIATED) Title insurance agencies that are independently owned and write title insurance business
B10: one or more title insurance underwriters.
B12: AFFILIATED Title insurance agencies with 10% or greater ownership by a title insurance underwriter, including wholly-owned agencies.
B14: DIRECT Agency-type operations performed by the home or branch office of a title insurance underwriter. This does NOT include
B15: wholly-owned agencies.
C17: Part A: Revenue
C18: 1. | D18: Title insurance written premiums (from Schedule B) | E18: 1270108.4
C19: 2. | D19: Less: Remitted title insurance premiums (from Schedule B) | E19: 256578.55
C20: 3. | D20: Retained title insurance premiums (from Schedule B) | E20: 1013529.8
C21: 4. | D21: Other income (from Schedule C) | E21: 852123
C22: 5. | D22: Total Revenue | E22: =SUM(E20:E21) -> 1865652.9
C24: Part B: Expenses
C25: 1. | D25: Employees' salaries and wages | E25: 340397
C26: 2. | D26: Owners' and partners' salaries and wages | E26: 98354
C27: 3. | D27: Employee benefits | E27: 54799
C28: 4. | D28: Rent | E28: 224613
C29: 5. | D29: Insurance | E29: 28685
C30: 6. | D30: Legal expense | E30: 0
C31: 7. | D31: Licenses, taxes and fees | E31: 0
C32: 8. | D32: Title plant expense and maintenance | E32: 68941
C33: 9. | D33: Office supplies | E33: 89406
C34: 10. | D34: Depreciation | E34: 9193
C35: 11. | D35: Automobile expense | E35: 0
C36: 12. | D36: Communication expense | E36: 25030
... C45: 21. | D45: Total Expenses | E45: 1356001
C47: Part C: Net Income for Ratemaking Purposes
C48: 1. | D48: Income (Loss) from Operations | E48: 509651.85
C50: Part D: Excluded Expenses
C51: 1. | D51: NMLTA lobbying expense | E51: 114
C52: 2. | D52: Direct lobbying expense
C53: 3. | D53: Political contributions | E53: 3600
C54: 4. | D54: State and federal income tax expense
C55: 5. | D55: 1/2 of meals and entertainment expense | E55: 1741
C56: 6. | D56: Penalties
C57: 7. | D57: Country club dues
C58: 8. | D58: Salaries in excess of salary cap
C59: 9. | D59: Other excluded expenses (from Schedule E) | E59: 0
C60: 10. | D60: Total Excluded Expenses | E60: 5455
C62: Part E: Net Income
C63: 1. | D63: Net income as reported on the books of the agency | E63: 504196.85
C65: Part F: Equity
C66: 1. | D66: Total equity as reported on balance sheet of the agency | E66: 501439
C68: Part G: Employees
C69: 1. | D69: Total number of employees | E69: 12

Sheet Solidifi Title Agency, LLC
D1: NEW MEXICO TITLE INSURANCE AGENTS STATISTICAL REPORT
D2: SCHEDULE A: STATEMENT OF INCOME AND EXPENSES
D3: For the Calendar Year Ending December 31, 2022
C5: AGENCY NAME: | D5: Solidifi Title Agency, LLC
C6: ADDRESS: | D6: 88 Silva Lane, Middletown, RI 02842
C7: CONTACT NAME:
A8: Check One:
A9: X | B9: INDEPENDENT (NON-AFFILIATED) Title insurance agencies that are independently owned and write title insurance business
B10: one or more title insurance underwriters.
B12: AFFILIATED Title insurance agencies with 10% or greater ownership by a title insurance underwriter, including wholly-owned agencies.
B14: DIRECT Agency-type operations performed by the home or branch office of a title insurance underwriter. This does NOT include
B15: wholly-owned agencies.
C17: Part A: Revenue
C18: 1. | D18: Title insurance written premiums (from Schedule B) | E18: 152095
C19: 2. | D19: Less: Remitted title insurance premiums (from Schedule B) | E19: 30418.75
C20: 3. | D20: Retained title insurance premiums (from Schedule B) | E20: 121676.25
C21: 4. | D21: Other income (from Schedule C) | E21: 67430
C22: 5. | D22: Total Revenue | E22: =SUM(E20:E21) -> 189106.25
C24: Part B: Expenses
C25: 1. | D25: Employees' salaries and wages | E25: 169664
C26: 2. | D26: Owners' and partners' salaries and wages | E26: 0
C27: 3. | D27: Employee benefits | E27: 2224
C28: 4. | D28: Rent | E28: 1790
C29: 5. | D29: Insurance | E29: 15615
C30: 6. | D30: Legal expense | E30: 678
C31: 7. | D31: Licenses, taxes and fees | E31: 3865.89
C32: 8. | D32: Title plant expense and maintenance | E32: 22407
C33: 9. | D33: Office supplies | E33: 28352
C34: 10. | D34: Depreciation | E34: 34867
C35: 11. | D35: Automobile expense | E35: 0
C36: 12. | D36: Communication expense | E36: 5430
... C45: 21. | D45: Total Expenses | E45: 342510.89
C47: Part C: Net Income for Ratemaking Purposes
C48: 1. | D48: Income (Loss) from Operations | E48: -153404.64
C50: Part D: Excluded Expenses
C51: 1. | D51: NMLTA lobbying expense
C52: 2. | D52: Direct lobbying expense
C53: 3. | D53: Political contributions
C54: 4. | D54: State and federal income tax expense
C55: 5. | D55: 1/2 of meals and entertainment expense
C56: 6. | D56: Penalties
C57: 7. | D57: Country club dues
C58: 8. | D58: Salaries in excess of salary cap
C59: 9. | D59: Other excluded expenses (from Schedule E) | E59: 0
C60: 10. | D60: Total Excluded Expenses | E60: 0
C62: Part E: Net Income
C63: 1. | D63: Net income as reported on the books of the agency | E63: -153404.64
C65: Part F: Equity
C66: 1. | D66: Total equity as reported on balance sheet of the agency
C68: Part G: Employees
C69: 1. | D69: Total number of employees | E69: 0

Sheet Southwestern Title and Escrow
D1: NEW MEXICO TITLE INSURANCE AGENTS STATISTICAL REPORT
D2: SCHEDULE A: STATEMENT OF INCOME AND EXPENSES
D3: For the Calendar Year Ending December 31, 2022
C5: AGENCY NAME: | D5: Southwestern Title & Escrow, Inc.
C6: ADDRESS: | D6: 236 Montezuma Avenue, Santa Fe, NM 87501
C7: CONTACT NAME: | D7: John R. Fox
A8: Check One:
A9: X | B9: INDEPENDENT (NON-AFFILIATED) Title insurance agencies that are independently owned and write title insurance business
B10: one or more title insurance underwriters.
B12: AFFILIATED Title insurance agencies with 10% or greater ownership by a title insurance underwriter, including wholly-owned agencies.
B14: DIRECT Agency-type operations performed by the home or branch office of a title insurance underwriter. This does NOT include
B15: wholly-owned agencies.
C17: Part A: Revenue
C18: 1. | D18: Title insurance written premiums (from Schedule B) | E18: 4086214.3
C19: 2. | D19: Less: Remitted title insurance premiums (from Schedule B) | E19: 787073.56
C20: 3. | D20: Retained title insurance premiums (from Schedule B) | E20: 3299140.7
C21: 4. | D21: Other income (from Schedule C) | E21: 1526945.5
C22: 5. | D22: Total Revenue | E22: =SUM(E20:E21) -> 4826086.2
C24: Part B: Expenses
C25: 1. | D25: Employees' salaries and wages | E25: 2059766.5
C26: 2. | D26: Owners' and partners' salaries and wages | E26: 327615.5
C27: 3. | D27: Employee benefits | E27: 82792.12
C28: 4. | D28: Rent | E28: 307100
C29: 5. | D29: Insurance | E29: 70916.85
C30: 6. | D30: Legal expense | E30: 17612.94
C31: 7. | D31: Licenses, taxes and fees | E31: 12720.26
C32: 8. | D32: Title plant expense and maintenance | E32: 22958.44
C33: 9. | D33: Office supplies | E33: 108250
C34: 10. | D34: Depreciation | E34: 19850
C35: 11. | D35: Automobile expense | E35: 548.62
C36: 12. | D36: Communication expense | E36: 83450.58
C37: 13. | D37: Education expense | E37: 40044.21
C38: 14. | D38: Bad debts
C39: 15. | D39: Interest expense | E39: 11319.52
C40: 16. | D40: Employee travel and lodging | E40: 55530.94
C41: 17. | D41: Loss and loss adjustment expense (from Schedule D) | E41: 0
C42: 18. | D42: Accounting and auditing expense | E42: 10965.82
C43: 19. | D43: Public relations expense | E43: 115473.75
C44: 20. | D44: Other expenses (from Schedule E) | E44: 777682.55
C45: 21. | D45: Total Expenses | E45: =SUM(E25:E44) -> 4124598.5
C47: Part C: Net Income for Ratemaking Purposes
C48: 1. | D48: Income (Loss) from Operations | E48: =E22-E45 -> 701487.7
C50: Part D: Excluded Expenses
C51: 1. | D51: NMLTA lobbying expense
C52: 2. | D52: Direct lobbying expense
C53: 3. | D53: Political contributions
C54: 4. | D54: State and federal income tax expense
C55: 5. | D55: 1/2 of meals and entertainment expense
C56: 6. | D56: Penalties
C57: 7. | D57: Country club dues
C58: 8. | D58: Salaries in excess of salary cap
C59: 9. | D59: Other excluded expenses (from Schedule E)
C60: 10. | D60: Total Excluded Expenses | E60: =SUM(E51:E59) -> 0
C62: Part E: Net Income
C63: 1. | D63: Net income as reported on the books of the agency | E63: =E48-E60 -> 701487.7
C65: Part F: Equity
C66: 1. | D66: Total equity as reported on balance sheet of the agency | E66: 861160
C68: Part G: Employees
C69: 1. | D69: Total number of employees | E69: 41

Sheet Summit Title Agency, LLC
D1: NEW MEXICO TITLE INSURANCE AGENTS STATISTICAL REPORT
D2: SCHEDULE A: STATEMENT OF INCOME AND EXPENSES
D3: For the Calendar Year Ending December 31, 2022
C5: AGENCY NAME: | D5: Summit Title Agency, LLC
C6: ADDRESS: | D6: 50 Jordan Street, East Providence RI02914
C7: CONTACT NAME: | D7: Casey Peterson Perry, Compliance Director
A8: Check One:
A9: X | B9: INDEPENDENT (NON-AFFILIATED) Title insurance agencies that are independently owned and write title insurance business
B10: one or more title insurance underwriters.
B12: AFFILIATED Title insurance agencies with 10% or greater ownership by a title insurance underwriter, including wholly-owned agencies.
B14: DIRECT Agency-type operations performed by the home or branch office of a title insurance underwriter. This does NOT include
B15: wholly-owned agencies.
C17: Part A: Revenue
C18: 1. | D18: Title insurance written premiums (from Schedule B) | E18: 4875
C19: 2. | D19: Less: Remitted title insurance premiums (from Schedule B) | E19: 975
C20: 3. | D20: Retained title insurance premiums (from Schedule B) | E20: 3900
C21: 4. | D21: Other income (from Schedule C) | E21: 8005.43
C22: 5. | D22: Total Revenue | E22: 11905.43
C24: Part B: Expenses
C25: 1. | D25: Employees' salaries and wages | E25: 22076.02
C26: 2. | D26: Owners' and partners' salaries and wages
C27: 3. | D27: Employee benefits | E27: 3777.75
C28: 4. | D28: Rent | E28: 2392.35
C29: 5. | D29: Insurance
C30: 6. | D30: Legal expense
C31: 7. | D31: Licenses, taxes and fees | E31: 1044.19
C32: 8. | D32: Title plant expense and maintenance
C33: 9. | D33: Office supplies | E33: 34.65
C34: 10. | D34: Depreciation
C35: 11. | D35: Automobile expense
C36: 12. | D36: Communication expense | E36: 4448.26
C37: 13. | D37: Education expense
C38: 14. | D38: Bad debts
C39: 15. | D39: Interest expense | E39: 5.59
C40: 16. | D40: Employee travel and lodging
C41: 17. | D41: Loss and loss adjustment expense (from Schedule D) | E41: 827.73
C42: 18. | D42: Accounting and auditing expense
C43: 19. | D43: Public relations expense
C44: 20. | D44: Other expenses (from Schedule E)
C45: 21. | D45: Total Expenses | E45: 34606.54
C47: Part C: Net Income for Ratemaking Purposes
C48: 1. | D48: Income (Loss) from Operations | E48: -22701.11
C50: Part D: Excluded Expenses
C51: 1. | D51: NMLTA lobbying expense
C52: 2. | D52: Direct lobbying expense
C53: 3. | D53: Political contributions
C54: 4. | D54: State and federal income tax expense
C55: 5. | D55: 1/2 of meals and entertainment expense
C56: 6. | D56: Penalties
C57: 7. | D57: Country club dues
C58: 8. | D58: Salaries in excess of salary cap
C59: 9. | D59: Other excluded expenses (from Schedule E)
C60: 10. | D60: Total Excluded Expenses | E60: =SUM(E51:E59) -> 0
C62: Part E: Net Income
C63: 1. | D63: Net income as reported on the books of the agency | E63: -22701.11
C65: Part F: Equity
C66: 1. | D66: Total equity as reported on balance sheet of the agency | E66: 22412
C68: Part G: Employees
C69: 1. | D69: Total number of employees | E69: 1

Sheet T or C Investment, Inc.
D1: NEW MEXICO TITLE INSURANCE AGENTS STATISTICAL REPORT
D2: SCHEDULE A: STATEMENT OF INCOME AND EXPENSES
D3: For the Calendar Year Ending December 31, 2022
C5: AGENCY NAME: | D5: T or C Investments, Inc. dba Sierra County Title Company
C6: ADDRESS: | D6: P. O. Box 767, T or C, NM 87901
C7: CONTACT NAME: | D7: Randall K Ashbaugh
A8: Check One:
A9: X | B9: INDEPENDENT (NON-AFFILIATED) Title insurance agencies that are independently owned and write title insurance business
B10: one or more title insurance underwriters.
B12: AFFILIATED Title insurance agencies with 10% or greater ownership by a title insurance underwriter, including wholly-owned agencies.
B14: DIRECT Agency-type operations performed by the home or branch office of a title insurance underwriter. This does NOT include
B15: wholly-owned agencies.
C17: Part A: Revenue
C18: 1. | D18: Title insurance written premiums (from Schedule B) | E18: 230373.91
C19: 2. | D19: Less: Remitted title insurance premiums (from Schedule B) | E19: 74802.67
C20: 3. | D20: Retained title insurance premiums (from Schedule B) | E20: 155571.24
C21: 4. | D21: Other income (from Schedule C) | E21: 129796.56
C22: 5. | D22: Total Revenue | E22: =SUM(E20:E21) -> 285367.8
C24: Part B: Expenses
C25: 1. | D25: Employees' salaries and wages | E25: 115292.89
C26: 2. | D26: Owners' and partners' salaries and wages | E26: 44020
C27: 3. | D27: Employee benefits | E27: 15399
C28: 4. | D28: Rent | E28: 21355
C29: 5. | D29: Insurance | E29: 9733
C30: 6. | D30: Legal expense
C31: 7. | D31: Licenses, taxes and fees | E31: 3202.62
C32: 8. | D32: Title plant expense and maintenance | E32: 6027
C33: 9. | D33: Office supplies | E33: 12609
C34: 10. | D34: Depreciation
C35: 11. | D35: Automobile expense
C36: 12. | D36: Communication expense | E36: 7268.23
C37: 13. | D37: Education expense
C38: 14. | D38: Bad debts
C39: 15. | D39: Interest expense | E39: 37.88
C40: 16. | D40: Employee travel and lodging | E40: 2808
C41: 17. | D41: Loss and loss adjustment expense (from Schedule D) | E41: 4317.25
C42: 18. | D42: Accounting and auditing expense | E42: 7571
C43: 19. | D43: Public relations expense | E43: 1752.99
C44: 20. | D44: Other expenses (from Schedule E) | E44: 37177.23
C45: 21. | D45: Total Expenses | E45: 288571.09
C47: Part C: Net Income for Ratemaking Purposes
C48: 1. | D48: Income (Loss) from Operations | E48: -3203.29
C50: Part D: Excluded Expenses
C51: 1. | D51: NMLTA lobbying expense
C52: 2. | D52: Direct lobbying expense
C53: 3. | D53: Political contributions
C54: 4. | D54: State and federal income tax expense | E54: 16576.07
C55: 5. | D55: 1/2 of meals and entertainment expense
C56: 6. | D56: Penalties
C57: 7. | D57: Country club dues
C58: 8. | D58: Salaries in excess of salary cap
C59: 9. | D59: Other excluded expenses (from Schedule E) | E59: 500
C60: 10. | D60: Total Excluded Expenses | E60: 17076.07
C62: Part E: Net Income
C63: 1. | D63: Net income as reported on the books of the agency | E63: =E48-E60 -> -20279.36
C65: Part F: Equity
C66: 1. | D66: Total equity as reported on balance sheet of the agency | E66: 97374.64
C68: Part G: Employees
C69: 1. | D69: Total number of employees | E69: 7

Sheet Territorial Title of Las Vegas
D1: NEW MEXICO TITLE INSURANCE AGENTS STATISTICAL REPORT
D2: SCHEDULE A: STATEMENT OF INCOME AND EXPENSES
D3: For the Calendar Year Ending December 31, 2022
C5: AGENCY NAME: | D5: Territorial Title of Las Vegas, Inc.
C6: ADDRESS: | D6: 919 Douglas Ave., Las Vegas, NM 87701
C7: CONTACT NAME: | D7: Ruth D Mares
A8: Check One:
A9: X | B9: INDEPENDENT (NON-AFFILIATED) Title insurance agencies that are independently owned and write title insurance business
B10: one or more title insurance underwriters.
B12: AFFILIATED Title insurance agencies with 10% or greater ownership by a title insurance underwriter, including wholly-owned agencies.
B14: DIRECT Agency-type operations performed by the home or branch office of a title insurance underwriter. This does NOT include
B15: wholly-owned agencies.
C17: Part A: Revenue
C18: 1. | D18: Title insurance written premiums (from Schedule B) | E18: 892677
C19: 2. | D19: Less: Remitted title insurance premiums (from Schedule B) | E19: 190491
C20: 3. | D20: Retained title insurance premiums (from Schedule B) | E20: 702186
C21: 4. | D21: Other income (from Schedule C) | E21: 265679
C22: 5. | D22: Total Revenue | E22: =SUM(E20:E21) -> 967865
C24: Part B: Expenses
C25: 1. | D25: Employees' salaries and wages | E25: 544703
C26: 2. | D26: Owners' and partners' salaries and wages | E26: 93953
C27: 3. | D27: Employee benefits | E27: 56064.76
C28: 4. | D28: Rent | E28: 33664.6
C29: 5. | D29: Insurance | E29: 7732
C30: 6. | D30: Legal expense
C31: 7. | D31: Licenses, taxes and fees | E31: 21751
C32: 8. | D32: Title plant expense and maintenance | E32: 14384
C33: 9. | D33: Office supplies | E33: 18629
C34: 10. | D34: Depreciation | E34: 4763
C35: 11. | D35: Automobile expense | E35: 1319
C36: 12. | D36: Communication expense | E36: 25087
C37: 13. | D37: Education expense | E37: 3736
C38: 14. | D38: Bad debts
C39: 15. | D39: Interest expense
C40: 16. | D40: Employee travel and lodging | E40: 833
C41: 17. | D41: Loss and loss adjustment expense (from Schedule D) | E41: 9190.17
C42: 18. | D42: Accounting and auditing expense | E42: 13322
C43: 19. | D43: Public relations expense | E43: 7364
C44: 20. | D44: Other expenses (from Schedule E) | E44: 19820
C45: 21. | D45: Total Expenses | E45: 876315.53
C47: Part C: Net Income for Ratemaking Purposes
C48: 1. | D48: Income (Loss) from Operations | E48: 91549.47
C50: Part D: Excluded Expenses
C51: 1. | D51: NMLTA lobbying expense | E51: 84
C52: 2. | D52: Direct lobbying expense
C53: 3. | D53: Political contributions
C54: 4. | D54: State and federal income tax expense
C55: 5. | D55: 1/2 of meals and entertainment expense | E55: 516
C56: 6. | D56: Penalties
C57: 7. | D57: Country club dues
C58: 8. | D58: Salaries in excess of salary cap
C59: 9. | D59: Other excluded expenses (from Schedule E) | E59: 0
C60: 10. | D60: Total Excluded Expenses | E60: 600
C62: Part E: Net Income
C63: 1. | D63: Net income as reported on the books of the agency | E63: =E48-E60 -> 90949.47
C65: Part F: Equity
C66: 1. | D66: Total equity as reported on balance sheet of the agency | E66: 350550
C68: Part G: Employees
C69: 1. | D69: Total number of employees | E69: 15

Sheet Tierras Title, LLC
D1: NEW MEXICO TITLE INSURANCE AGENTS STATISTICAL REPORT
D2: SCHEDULE A: STATEMENT OF INCOME AND EXPENSES
D3: For the Calendar Year Ending December 31, 2022
C5: AGENCY NAME: | D5: Tierras Title, LLC
C6: ADDRESS: | D6: 224 Cruz Alta Road, Suite J, Taos, NM 87571
C7: CONTACT NAME: | D7: Evelyn Jean Trujillo
A8: Check One:
A9: x | B9: INDEPENDENT (NON-AFFILIATED) Title insurance agencies that are independently owned and write title insurance business
B10: one or more title insurance underwriters.
B12: AFFILIATED Title insurance agencies with 10% or greater ownership by a title insurance underwriter, including wholly-owned agencies.
B14: DIRECT Agency-type operations performed by the home or branch office of a title insurance underwriter. This does NOT include
B15: wholly-owned agencies.
C17: Part A: Revenue
C18: 1. | D18: Title insurance written premiums (from Schedule B) | E18: 1397323.9
C19: 2. | D19: Less: Remitted title insurance premiums (from Schedule B) | E19: 296021.69
C20: 3. | D20: Retained title insurance premiums (from Schedule B) | E20: 1101302.2
C21: 4. | D21: Other income (from Schedule C) | E21: 407724.84
C22: 5. | D22: Total Revenue | E22: 1509027.1
C24: Part B: Expenses
C25: 1. | D25: Employees' salaries and wages | E25: 622128.34
C26: 2. | D26: Owners' and partners' salaries and wages | E26: 151335.4
C27: 3. | D27: Employee benefits | E27: 120163.5
C28: 4. | D28: Rent | E28: 47550.28
C29: 5. | D29: Insurance | E29: 2069.35
C30: 6. | D30: Legal expense
C31: 7. | D31: Licenses, taxes and fees | E31: 1151.4
C32: 8. | D32: Title plant expense and maintenance | E32: 7662.78
C33: 9. | D33: Office supplies | E33: 30984.39
C34: 10. | D34: Depreciation | E34: 1036
C35: 11. | D35: Automobile expense | E35: 2129.16
C36: 12. | D36: Communication expense | E36: 34178.59
C37: 13. | D37: Education expense | E37: 1461
C38: 14. | D38: Bad debts
C39: 15. | D39: Interest expense | E39: 6506.94
C40: 16. | D40: Employee travel and lodging | E40: 2572.71
C41: 17. | D41: Loss and loss adjustment expense (from Schedule D) | E41: 29893.69
C42: 18. | D42: Accounting and auditing expense | E42: 7913.13
C43: 19. | D43: Public relations expense | E43: 1729.48
C44: 20. | D44: Other expenses (from Schedule E) | E44: 135689.93
C45: 21. | D45: Total Expenses | E45: 1206156.1
C47: Part C: Net Income for Ratemaking Purposes
C48: 1. | D48: Income (Loss) from Operations | E48: 302871.01
C50: Part D: Excluded Expenses
C51: 1. | D51: NMLTA lobbying expense
C52: 2. | D52: Direct lobbying expense
C53: 3. | D53: Political contributions
C54: 4. | D54: State and federal income tax expense | E54: 32274.19
C55: 5. | D55: 1/2 of meals and entertainment expense | E55: 710.36
C56: 6. | D56: Penalties | E56: 50
C57: 7. | D57: Country club dues
C58: 8. | D58: Salaries in excess of salary cap
C59: 9. | D59: Other excluded expenses (from Schedule E) | E59: 325
C60: 10. | D60: Total Excluded Expenses | E60: 33359.55
C62: Part E: Net Income
C63: 1. | D63: Net income as reported on the books of the agency | E63: 269511.46
C65: Part F: Equity
C66: 1. | D66: Total equity as reported on balance sheet of the agency | E66: 58743.16
C68: Part G: Employees
C69: 1. | D69: Total number of employees | E69: 20

Sheet Timios, Inc.
D1: NEW MEXICO TITLE INSURANCE AGENTS STATISTICAL REPORT
D2: SCHEDULE A: STATEMENT OF INCOME AND EXPENSES
D3: For the Calendar Year Ending December 31, 2022
C5: AGENCY NAME: | D5: Timios, Inc.
C6: ADDRESS: | D6: 5716 Corsa Ave Ste 102 Westlake Village, CA 91362
C7: CONTACT NAME: | D7: Matthew Golden
A8: Check One:
A9: x | B9: INDEPENDENT (NON-AFFILIATED) Title insurance agencies that are independently owned and write title insurance business
B10: one or more title insurance underwriters.
B12: AFFILIATED Title insurance agencies with 10% or greater ownership by a title insurance underwriter, including wholly-owned agencies.
B14: DIRECT Agency-type operations performed by the home or branch office of a title insurance underwriter. This does NOT include
B15: wholly-owned agencies.
C17: Part A: Revenue
C18: 1. | D18: Title insurance written premiums (from Schedule B) | E18: 76419.78
C19: 2. | D19: Less: Remitted title insurance premiums (from Schedule B) | E19: 15283.96
C20: 3. | D20: Retained title insurance premiums (from Schedule B) | E20: 61135.82
C21: 4. | D21: Other income (from Schedule C) | E21: 156542.2
C22: 5. | D22: Total Revenue | E22: 217678.02
C24: Part B: Expenses
C25: 1. | D25: Employees' salaries and wages | E25: 5698
C26: 2. | D26: Owners' and partners' salaries and wages | E26: 1841.61
C27: 3. | D27: Employee benefits | E27: 1248.78
C28: 4. | D28: Rent | E28: -146.77
C29: 5. | D29: Insurance | E29: 283.95
C30: 6. | D30: Legal expense | E30: 202.52
C31: 7. | D31: Licenses, taxes and fees | E31: 89.38
C32: 8. | D32: Title plant expense and maintenance | E32: 3071.83
C33: 9. | D33: Office supplies | E33: 109.21
C34: 10. | D34: Depreciation | E34: 623.75
C35: 11. | D35: Automobile expense
C36: 12. | D36: Communication expense | E36: 1235.75
C37: 13. | D37: Education expense
C38: 14. | D38: Bad debts
C39: 15. | D39: Interest expense
C40: 16. | D40: Employee travel and lodging | E40: 211.79
C41: 17. | D41: Loss and loss adjustment expense (from Schedule D) | E41: 6787.05
C42: 18. | D42: Accounting and auditing expense | E42: 30.36
C43: 19. | D43: Public relations expense | E43: 605.9
C44: 20. | D44: Other expenses (from Schedule E) | E44: 6723.52
C45: 21. | D45: Total Expenses | E45: 28616.63
C47: Part C: Net Income for Ratemaking Purposes
C48: 1. | D48: Income (Loss) from Operations | E48: 189061.39
C50: Part D: Excluded Expenses
C51: 1. | D51: NMLTA lobbying expense | E51: 0
C52: 2. | D52: Direct lobbying expense | E52: 0
C53: 3. | D53: Political contributions | E53: 0
C54: 4. | D54: State and federal income tax expense | E54: -661.13
C55: 5. | D55: 1/2 of meals and entertainment expense
C56: 6. | D56: Penalties
C57: 7. | D57: Country club dues
C58: 8. | D58: Salaries in excess of salary cap
C59: 9. | D59: Other excluded expenses (from Schedule E) | E59: 0
C60: 10. | D60: Total Excluded Expenses | E60: -661.13
C62: Part E: Net Income
C63: 1. | D63: Net income as reported on the books of the agency | E63: 189722.52
C65: Part F: Equity
C66: 1. | D66: Total equity as reported on balance sheet of the agency | E66: 11857
C68: Part G: Employees
C69: 1. | D69: Total number of employees | E69: 1

Sheet Title Alliance Advantage, LLC
D1: NEW MEXICO TITLE INSURANCE AGENTS STATISTICAL REPORT
D2: SCHEDULE A: STATEMENT OF INCOME AND EXPENSES
D3: For the Calendar Year Ending December 31, 2022
C5: AGENCY NAME: | D5: TITLE ALLIANCE ADVANTAGE, LLC
C6: ADDRESS: | D6: 2 VETERANS SQUARE MEDIA, PA 19063
C7: CONTACT NAME: | D7: THOMAS ODONNELL
A8: Check One:
A9: X | B9: INDEPENDENT (NON-AFFILIATED) Title insurance agencies that are independently owned and write title insurance business
B10: one or more title insurance underwriters.
B12: AFFILIATED Title insurance agencies with 10% or greater ownership by a title insurance underwriter, including wholly-owned agencies.
B14: DIRECT Agency-type operations performed by the home or branch office of a title insurance underwriter. This does NOT include
B15: wholly-owned agencies.
C17: Part A: Revenue
C18: 1. | D18: Title insurance written premiums (from Schedule B) | E18: 312676
C19: 2. | D19: Less: Remitted title insurance premiums (from Schedule B) | E19: 62535
C20: 3. | D20: Retained title insurance premiums (from Schedule B) | E20: 250141
C21: 4. | D21: Other income (from Schedule C) | E21: 146639
C22: 5. | D22: Total Revenue | E22: 396780
C24: Part B: Expenses
C25: 1. | D25: Employees' salaries and wages | E25: 190965
C26: 2. | D26: Owners' and partners' salaries and wages
C27: 3. | D27: Employee benefits | E27: 28460
C28: 4. | D28: Rent | E28: 48080
C29: 5. | D29: Insurance | E29: 3145
C30: 6. | D30: Legal expense | E30: 8000
C31: 7. | D31: Licenses, taxes and fees | E31: 15680
C32: 8. | D32: Title plant expense and maintenance | E32: 84859
C33: 9. | D33: Office supplies | E33: 6505
C34: 10. | D34: Depreciation | E34: 8515
C35: 11. | D35: Automobile expense | E35: 461
C36: 12. | D36: Communication expense | E36: 5720
C37: 13. | D37: Education expense | E37: 6769
C38: 14. | D38: Bad debts | E38: 0
C39: 15. | D39: Interest expense
C40: 16. | D40: Employee travel and lodging | E40: 99
C41: 17. | D41: Loss and loss adjustment expense (from Schedule D) | E41: 6401
C42: 18. | D42: Accounting and auditing expense | E42: 8273
C43: 19. | D43: Public relations expense | E43: 12123
C44: 20. | D44: Other expenses (from Schedule E) | E44: 158170
C45: 21. | D45: Total Expenses | E45: 592225
C47: Part C: Net Income for Ratemaking Purposes
C48: 1. | D48: Income (Loss) from Operations | E48: -195445
C50: Part D: Excluded Expenses
C51: 1. | D51: NMLTA lobbying expense
C52: 2. | D52: Direct lobbying expense
C53: 3. | D53: Political contributions
C54: 4. | D54: State and federal income tax expense
C55: 5. | D55: 1/2 of meals and entertainment expense | E55: 2486
C56: 6. | D56: Penalties
C57: 7. | D57: Country club dues
C58: 8. | D58: Salaries in excess of salary cap
C59: 9. | D59: Other excluded expenses (from Schedule E) | E59: 0
C60: 10. | D60: Total Excluded Expenses | E60: 2486
C62: Part E: Net Income
C63: 1. | D63: Net income as reported on the books of the agency | E63: -197931
C65: Part F: Equity
C66: 1. | D66: Total equity as reported on balance sheet of the agency | E66: -94447
C68: Part G: Employees
C69: 1. | D69: Total number of employees | E69: 3

Sheet Title Alliance of New Mexico
D1: NEW MEXICO TITLE INSURANCE AGENTS STATISTICAL REPORT
D2: SCHEDULE A: STATEMENT OF INCOME AND EXPENSES
D3: For the Calendar Year Ending December 31, 2022
C5: AGENCY NAME: | D5: TITLE ALLIANCE OF NEW MEXICO, LLC
C6: ADDRESS: | D6: 2 VETERANS SQUARE MEDIA, PA 19063
C7: CONTACT NAME: | D7: THOMAS ODONNELL
A8: Check One:
A9: X | B9: INDEPENDENT (NON-AFFILIATED) Title insurance agencies that are independently owned and write title insurance business
B10: one or more title insurance underwriters.
B12: AFFILIATED Title insurance agencies with 10% or greater ownership by a title insurance underwriter, including wholly-owned agencies.
B14: DIRECT Agency-type operations performed by the home or branch office of a title insurance underwriter. This does NOT include
B15: wholly-owned agencies.
C17: Part A: Revenue
C18: 1. | D18: Title insurance written premiums (from Schedule B) | E18: 1238409
C19: 2. | D19: Less: Remitted title insurance premiums (from Schedule B) | E19: 247682
C20: 3. | D20: Retained title insurance premiums (from Schedule B) | E20: 990727
C21: 4. | D21: Other income (from Schedule C) | E21: 458629
C22: 5. | D22: Total Revenue | E22: 1449356
C24: Part B: Expenses
C25: 1. | D25: Employees' salaries and wages | E25: 381741
C26: 2. | D26: Owners' and partners' salaries and wages | E26: 0
C27: 3. | D27: Employee benefits | E27: 67716
C28: 4. | D28: Rent | E28: 45374
C29: 5. | D29: Insurance | E29: 6741
C30: 6. | D30: Legal expense | E30: 9771
C31: 7. | D31: Licenses, taxes and fees | E31: 32871
C32: 8. | D32: Title plant expense and maintenance | E32: 65455
C33: 9. | D33: Office supplies | E33: 8013
C34: 10. | D34: Depreciation | E34: 3636
C35: 11. | D35: Automobile expense | E35: 492
C36: 12. | D36: Communication expense | E36: 9996
... C45: 21. | D45: Total Expenses | E45: 1023907
C47: Part C: Net Income for Ratemaking Purposes
C48: 1. | D48: Income (Loss) from Operations | E48: 425449
C50: Part D: Excluded Expenses
C51: 1. | D51: NMLTA lobbying expense | E51: 0
C52: 2. | D52: Direct lobbying expense | E52: 0
C53: 3. | D53: Political contributions | E53: 0
C54: 4. | D54: State and federal income tax expense | E54: 0
C55: 5. | D55: 1/2 of meals and entertainment expense | E55: 4767
C56: 6. | D56: Penalties | E56: 0
C57: 7. | D57: Country club dues | E57: 0
C58: 8. | D58: Salaries in excess of salary cap | E58: 0
C59: 9. | D59: Other excluded expenses (from Schedule E) | E59: 0
C60: 10. | D60: Total Excluded Expenses | E60: 4767
C62: Part E: Net Income
C63: 1. | D63: Net income as reported on the books of the agency | E63: 420682
C65: Part F: Equity
C66: 1. | D66: Total equity as reported on balance sheet of the agency | E66: 264780.81
C68: Part G: Employees
C69: 1. | D69: Total number of employees | E69: 5

Sheet Title Clearing and Escrow, LLC
D1: NEW MEXICO TITLE INSURANCE AGENTS STATISTICAL REPORT
D2: SCHEDULE A: STATEMENT OF INCOME AND EXPENSES
D3: For the Calendar Year Ending December 31, 2022
C5: AGENCY NAME: | D5: Title Clearing & Escrow LLC
C6: ADDRESS: | D6: 6102 S Memorial Drive Tulsa, OK 74133
C7: CONTACT NAME: | D7: Ronda Roberts
A8: Check One:
A9: X | B9: INDEPENDENT (NON-AFFILIATED) Title insurance agencies that are independently owned and write title insurance business
B10: one or more title insurance underwriters.
B12: AFFILIATED Title insurance agencies with 10% or greater ownership by a title insurance underwriter, including wholly-owned agencies.
B14: DIRECT Agency-type operations performed by the home or branch office of a title insurance underwriter. This does NOT include
B15: wholly-owned agencies.
C17: Part A: Revenue
C18: 1. | D18: Title insurance written premiums (from Schedule B) | E18: 76762
C19: 2. | D19: Less: Remitted title insurance premiums (from Schedule B) | E19: 15314.25
C20: 3. | D20: Retained title insurance premiums (from Schedule B) | E20: 61447.75
C21: 4. | D21: Other income (from Schedule C) | E21: 116661.1
C22: 5. | D22: Total Revenue | E22: 178108.85
C24: Part B: Expenses
C25: 1. | D25: Employees' salaries and wages | E25: 98670
C26: 2. | D26: Owners' and partners' salaries and wages | E26: 4743
C27: 3. | D27: Employee benefits | E27: 10346
C28: 4. | D28: Rent | E28: 6870
C29: 5. | D29: Insurance | E29: 1616
C30: 6. | D30: Legal expense | E30: 3466
C31: 7. | D31: Licenses, taxes and fees | E31: 7847
C32: 8. | D32: Title plant expense and maintenance | E32: 0
C33: 9. | D33: Office supplies | E33: 1749
C34: 10. | D34: Depreciation | E34: 2523.65
C35: 11. | D35: Automobile expense | E35: 375.6
C36: 12. | D36: Communication expense | E36: 79.56
... C45: 21. | D45: Total Expenses | E45: 151530.43
C47: Part C: Net Income for Ratemaking Purposes
C48: 1. | D48: Income (Loss) from Operations | E48: 26578.42
C50: Part D: Excluded Expenses
C51: 1. | D51: NMLTA lobbying expense | E51: 0
C52: 2. | D52: Direct lobbying expense | E52: 0
C53: 3. | D53: Political contributions | E53: 0
C54: 4. | D54: State and federal income tax expense | E54: 0
C55: 5. | D55: 1/2 of meals and entertainment expense | E55: 652.875
C56: 6. | D56: Penalties | E56: 0
C57: 7. | D57: Country club dues | E57: 0
C58: 8. | D58: Salaries in excess of salary cap | E58: 0
C59: 9. | D59: Other excluded expenses (from Schedule E) | E59: 95672.12
C60: 10. | D60: Total Excluded Expenses | E60: 96324.995
C62: Part E: Net Income
C63: 1. | D63: Net income as reported on the books of the agency | E63: -69746.575
C65: Part F: Equity
C66: 1. | D66: Total equity as reported on balance sheet of the agency | E66: 7101
C68: Part G: Employees
C69: 1. | D69: Total number of employees | E69: 3

Sheet Title Guaranty, LLC
D1: NEW MEXICO TITLE INSURANCE AGENTS STATISTICAL REPORT
D2: SCHEDULE A: STATEMENT OF INCOME AND EXPENSES
D3: For the Calendar Year Ending December 31, 2022
C5: AGENCY NAME: | D5: Title Guaranty, LLC
C6: ADDRESS: | D6: 1631 Central Ave/PO Box 146, Los Alamos, NM 87544
C7: CONTACT NAME: | D7: Denise G. Terrazas
A8: Check One:
A9: x | B9: INDEPENDENT (NON-AFFILIATED) Title insurance agencies that are independently owned and write title insurance business
B10: one or more title insurance underwriters.
B12: AFFILIATED Title insurance agencies with 10% or greater ownership by a title insurance underwriter, including wholly-owned agencies.
B14: DIRECT Agency-type operations performed by the home or branch office of a title insurance underwriter. This does NOT include
B15: wholly-owned agencies.
C17: Part A: Revenue
C18: 1. | D18: Title insurance written premiums (from Schedule B) | E18: 1505318.2
C19: 2. | D19: Less: Remitted title insurance premiums (from Schedule B) | E19: 370426.21
C20: 3. | D20: Retained title insurance premiums (from Schedule B) | E20: 1134892
C21: 4. | D21: Other income (from Schedule C) | E21: 434450.64
C22: 5. | D22: Total Revenue | E22: 1569342.6
C24: Part B: Expenses
C25: 1. | D25: Employees' salaries and wages | E25: 486704.87
C26: 2. | D26: Owners' and partners' salaries and wages | E26: 148767.42
C27: 3. | D27: Employee benefits | E27: 195808.05
C28: 4. | D28: Rent | E28: 50796.33
C29: 5. | D29: Insurance | E29: 3208
C30: 6. | D30: Legal expense | E30: 0
C31: 7. | D31: Licenses, taxes and fees | E31: 705.22
C32: 8. | D32: Title plant expense and maintenance | E32: 7200
C33: 9. | D33: Office supplies | E33: 56154.1
C34: 10. | D34: Depreciation | E34: 0
C35: 11. | D35: Automobile expense | E35: 0
C36: 12. | D36: Communication expense | E36: 23559.79
... C45: 21. | D45: Total Expenses | E45: 1192149.6
C47: Part C: Net Income for Ratemaking Purposes
C48: 1. | D48: Income (Loss) from Operations | E48: 377193.06
C50: Part D: Excluded Expenses
C51: 1. | D51: NMLTA lobbying expense | E51: 154.1
C52: 2. | D52: Direct lobbying expense | E52: 0
C53: 3. | D53: Political contributions | E53: 0
C54: 4. | D54: State and federal income tax expense | E54: 0
C55: 5. | D55: 1/2 of meals and entertainment expense | E55: 963.11
C56: 6. | D56: Penalties | E56: 0
C57: 7. | D57: Country club dues | E57: 0
C58: 8. | D58: Salaries in excess of salary cap | E58: 0
C59: 9. | D59: Other excluded expenses (from Schedule E) | E59: 2000
C60: 10. | D60: Total Excluded Expenses | E60: 3117.21
C62: Part E: Net Income
C63: 1. | D63: Net income as reported on the books of the agency | E63: 374075.85
C65: Part F: Equity
C66: 1. | D66: Total equity as reported on balance sheet of the agency | E66: 293821.27
C68: Part G: Employees
C69: 1. | D69: Total number of employees | E69: 13

Sheet Title Services, Inc.
D1: NEW MEXICO TITLE INSURANCE AGENTS STATISTICAL REPORT
D2: SCHEDULE A: STATEMENT OF INCOME AND EXPENSES
D3: For the Calendar Year Ending December 31, 2022
C5: AGENCY NAME: | D5: Title Services, Inc
C6: ADDRESS: | D6: 112 North Second Street, Raton, New Mexico
C7: CONTACT NAME: | D7: Bob Harris
A8: Check One:
A9: X | B9: INDEPENDENT (NON-AFFILIATED) Title insurance agencies that are independently owned and write title insurance business
B10: one or more title insurance underwriters.
B12: AFFILIATED Title insurance agencies with 10% or greater ownership by a title insurance underwriter, including wholly-owned agencies.
B14: DIRECT Agency-type operations performed by the home or branch office of a title insurance underwriter. This does NOT include
B15: wholly-owned agencies.
C17: Part A: Revenue
C18: 1. | D18: Title insurance written premiums (from Schedule B) | E18: 394727.91
C19: 2. | D19: Less: Remitted title insurance premiums (from Schedule B) | E19: 82375.54
C20: 3. | D20: Retained title insurance premiums (from Schedule B) | E20: 312352.37
C21: 4. | D21: Other income (from Schedule C) | E21: 125462.93
C22: 5. | D22: Total Revenue | E22: =SUM(E20:E21) -> 437815.3
C24: Part B: Expenses
C25: 1. | D25: Employees' salaries and wages | E25: 195892.93
C26: 2. | D26: Owners' and partners' salaries and wages | E26: 118320
C27: 3. | D27: Employee benefits | E27: 22400.23
C28: 4. | D28: Rent
C29: 5. | D29: Insurance | E29: 12982.93
C30: 6. | D30: Legal expense
C31: 7. | D31: Licenses, taxes and fees | E31: 720
C32: 8. | D32: Title plant expense and maintenance | E32: 29102.56
C33: 9. | D33: Office supplies | E33: 19421.38
C34: 10. | D34: Depreciation | E34: 18063.62
C35: 11. | D35: Automobile expense | E35: 89
C36: 12. | D36: Communication expense | E36: =25.9+9475.45 -> 9501.35
C37: 13. | D37: Education expense
C38: 14. | D38: Bad debts
C39: 15. | D39: Interest expense | E39: 3712.35
C40: 16. | D40: Employee travel and lodging
C41: 17. | D41: Loss and loss adjustment expense (from Schedule D) | E41: 3539.01
C42: 18. | D42: Accounting and auditing expense | E42: 8324.97
C43: 19. | D43: Public relations expense | E43: 1720
C44: 20. | D44: Other expenses (from Schedule E) | E44: 41956.67
C45: 21. | D45: Total Expenses | E45: 485747
C47: Part C: Net Income for Ratemaking Purposes
C48: 1. | D48: Income (Loss) from Operations | E48: -47931.7
C50: Part D: Excluded Expenses
C51: 1. | D51: NMLTA lobbying expense
C52: 2. | D52: Direct lobbying expense
C53: 3. | D53: Political contributions
C54: 4. | D54: State and federal income tax expense
C55: 5. | D55: 1/2 of meals and entertainment expense
C56: 6. | D56: Penalties
C57: 7. | D57: Country club dues
C58: 8. | D58: Salaries in excess of salary cap
C59: 9. | D59: Other excluded expenses (from Schedule E)
C60: 10. | D60: Total Excluded Expenses | E60: 0
C62: Part E: Net Income
C63: 1. | D63: Net income as reported on the books of the agency | E63: -47931.7
C65: Part F: Equity
C66: 1. | D66: Total equity as reported on balance sheet of the agency | E66: 486303.19
C68: Part G: Employees
C69: 1. | D69: Total number of employees | E69: 5

Sheet Titleology
D1: NEW MEXICO TITLE INSURANCE AGENTS STATISTICAL REPORT
D2: SCHEDULE A: STATEMENT OF INCOME AND EXPENSES
D3: For the Calendar Year Ending December 31, 2022
C5: AGENCY NAME: | D5: Titleology, Inc.
C6: ADDRESS: | D6: 14800 Landmark Blvd., Ste. 850, Dallas, TX 75254
C7: CONTACT NAME: | D7: Monica DiGeronimo
A8: Check One:
A9: X | B9: INDEPENDENT (NON-AFFILIATED) Title insurance agencies that are independently owned and write title insurance business
B10: one or more title insurance underwriters.
B12: AFFILIATED Title insurance agencies with 10% or greater ownership by a title insurance underwriter, including wholly-owned agencies.
B14: DIRECT Agency-type operations performed by the home or branch office of a title insurance underwriter. This does NOT include
B15: wholly-owned agencies.
C17: Part A: Revenue
C18: 1. | D18: Title insurance written premiums (from Schedule B) | E18: 22827
C19: 2. | D19: Less: Remitted title insurance premiums (from Schedule B) | E19: 4826
C20: 3. | D20: Retained title insurance premiums (from Schedule B) | E20: 18001
C21: 4. | D21: Other income (from Schedule C) | E21: 968005
C22: 5. | D22: Total Revenue | E22: 986006
C24: Part B: Expenses
C25: 1. | D25: Employees' salaries and wages | E25: 34079
C26: 2. | D26: Owners' and partners' salaries and wages | E26: 0
C27: 3. | D27: Employee benefits | E27: 3700
C28: 4. | D28: Rent | E28: 0
C29: 5. | D29: Insurance | E29: 22
C30: 6. | D30: Legal expense | E30: 0
C31: 7. | D31: Licenses, taxes and fees | E31: 368
C32: 8. | D32: Title plant expense and maintenance | E32: 5092
C33: 9. | D33: Office supplies | E33: 129
C34: 10. | D34: Depreciation | E34: 829
C35: 11. | D35: Automobile expense | E35: 0
C36: 12. | D36: Communication expense | E36: 0
... C45: 21. | D45: Total Expenses | E45: 96134
C47: Part C: Net Income for Ratemaking Purposes
C48: 1. | D48: Income (Loss) from Operations | E48: 889872
C50: Part D: Excluded Expenses
C51: 1. | D51: NMLTA lobbying expense | E51: 0
C52: 2. | D52: Direct lobbying expense | E52: 0
C53: 3. | D53: Political contributions | E53: 0
C54: 4. | D54: State and federal income tax expense | E54: 150
C55: 5. | D55: 1/2 of meals and entertainment expense | E55: 0
C56: 6. | D56: Penalties | E56: 0
C57: 7. | D57: Country club dues | E57: 0
C58: 8. | D58: Salaries in excess of salary cap | E58: 0
C59: 9. | D59: Other excluded expenses (from Schedule E)
C60: 10. | D60: Total Excluded Expenses | E60: 150
C62: Part E: Net Income
C63: 1. | D63: Net income as reported on the books of the agency | E63: 889722
C65: Part F: Equity
C66: 1. | D66: Total equity as reported on balance sheet of the agency | E66: -88587
C68: Part G: Employees
C69: 1. | D69: Total number of employees | E69: 2

Sheet Travis County Title Company
D1: NEW MEXICO TITLE INSURANCE AGENTS STATISTICAL REPORT
D2: SCHEDULE A: STATEMENT OF INCOME AND EXPENSES
D3: For the Calendar Year Ending December 31, 2022
C5: AGENCY NAME: | D5: Travis County Title Company DBA DHI Title of New Mexico
C6: ADDRESS: | D6: 4400 Alameda Blvd NE Ste B, Albuquerque, NM 87113
C7: CONTACT NAME: | D7: Francis Hughes
A8: Check One:
A9: x | B9: INDEPENDENT (NON-AFFILIATED) Title insurance agencies that are independently owned and write title insurance business
B10: one or more title insurance underwriters.
B12: AFFILIATED Title insurance agencies with 10% or greater ownership by a title insurance underwriter, including wholly-owned agencies.
B14: DIRECT Agency-type operations performed by the home or branch office of a title insurance underwriter. This does NOT include
B15: wholly-owned agencies.
C17: Part A: Revenue
C18: 1. | D18: Title insurance written premiums (from Schedule B) | E18: 729271
C19: 2. | D19: Less: Remitted title insurance premiums (from Schedule B) | E19: 145809.26
C20: 3. | D20: Retained title insurance premiums (from Schedule B) | E20: 583461.74
C21: 4. | D21: Other income (from Schedule C) | E21: 100555.6
C22: 5. | D22: Total Revenue | E22: 684017.34
C24: Part B: Expenses
C25: 1. | D25: Employees' salaries and wages | E25: 229060.72
C26: 2. | D26: Owners' and partners' salaries and wages
C27: 3. | D27: Employee benefits | E27: 57313.48
C28: 4. | D28: Rent | E28: 30314.4
C29: 5. | D29: Insurance | E29: 0
C30: 6. | D30: Legal expense | E30: 0
C31: 7. | D31: Licenses, taxes and fees | E31: 1221.93
C32: 8. | D32: Title plant expense and maintenance | E32: 88749.78
C33: 9. | D33: Office supplies | E33: 9743.43
C34: 10. | D34: Depreciation | E34: 0
C35: 11. | D35: Automobile expense | E35: 0
C36: 12. | D36: Communication expense | E36: 312.54
C37: 13. | D37: Education expense | E37: 0
C38: 14. | D38: Bad debts | E38: 0
... C45: 21. | D45: Total Expenses | E45: 518602.98
C47: Part C: Net Income for Ratemaking Purposes
C48: 1. | D48: Income (Loss) from Operations | E48: 165414.36
C50: Part D: Excluded Expenses
C51: 1. | D51: NMLTA lobbying expense
C52: 2. | D52: Direct lobbying expense
C53: 3. | D53: Political contributions
C54: 4. | D54: State and federal income tax expense | E54: 38872.39
C55: 5. | D55: 1/2 of meals and entertainment expense
C56: 6. | D56: Penalties
C57: 7. | D57: Country club dues
C58: 8. | D58: Salaries in excess of salary cap
C59: 9. | D59: Other excluded expenses (from Schedule E) | E59: 0
C60: 10. | D60: Total Excluded Expenses | E60: 38872.39
C62: Part E: Net Income
C63: 1. | D63: Net income as reported on the books of the agency | E63: 126541.97
C65: Part F: Equity
C66: 1. | D66: Total equity as reported on balance sheet of the agency | E66: 24559892
C68: Part G: Employees
C69: 1. | D69: Total number of employees | E69: 3

Sheet Vantage Point Title, Inc.
D1: NEW MEXICO TITLE INSURANCE AGENTS STATISTICAL REPORT
D2: SCHEDULE A: STATEMENT OF INCOME AND EXPENSES
D3: For the Calendar Year Ending December 31, 2022
C5: AGENCY NAME: | D5: Vantage Point Title, Inc.
C6: ADDRESS: | D6: 18167 US HWY 19 N. 3rd Floor, Clearwater, FL 33764
C7: CONTACT NAME: | D7: Robert Grisko
A8: Check One:
A9: X | B9: INDEPENDENT (NON-AFFILIATED) Title insurance agencies that are independently owned and write title insurance business
B10: one or more title insurance underwriters.
B12: AFFILIATED Title insurance agencies with 10% or greater ownership by a title insurance underwriter, including wholly-owned agencies.
B14: DIRECT Agency-type operations performed by the home or branch office of a title insurance underwriter. This does NOT include
B15: wholly-owned agencies.
C17: Part A: Revenue
C18: 1. | D18: Title insurance written premiums (from Schedule B) | E18: 445594.05
C19: 2. | D19: Less: Remitted title insurance premiums (from Schedule B) | E19: 89118.81
C20: 3. | D20: Retained title insurance premiums (from Schedule B) | E20: 356475.24
C21: 4. | D21: Other income (from Schedule C) | E21: 89958.21
C22: 5. | D22: Total Revenue | E22: 446433.45
C24: Part B: Expenses
C25: 1. | D25: Employees' salaries and wages | E25: 204095.1
C26: 2. | D26: Owners' and partners' salaries and wages | E26: 0
C27: 3. | D27: Employee benefits | E27: 11899.45
C28: 4. | D28: Rent | E28: 12966.77
C29: 5. | D29: Insurance | E29: 2706.04
C30: 6. | D30: Legal expense | E30: 10.15
C31: 7. | D31: Licenses, taxes and fees | E31: 208.41
C32: 8. | D32: Title plant expense and maintenance | E32: 119168.31
C33: 9. | D33: Office supplies | E33: 1195.46
C34: 10. | D34: Depreciation | E34: 9733.73
C35: 11. | D35: Automobile expense | E35: 1060.98
C36: 12. | D36: Communication expense | E36: 3460.34
... C45: 21. | D45: Total Expenses | E45: 418000.09
C47: Part C: Net Income for Ratemaking Purposes
C48: 1. | D48: Income (Loss) from Operations | E48: 28433.36
C50: Part D: Excluded Expenses
C51: 1. | D51: NMLTA lobbying expense | E51: 0
C52: 2. | D52: Direct lobbying expense | E52: 0
C53: 3. | D53: Political contributions | E53: 0
C54: 4. | D54: State and federal income tax expense | E54: 0
C55: 5. | D55: 1/2 of meals and entertainment expense | E55: 975.85
C56: 6. | D56: Penalties | E56: 0
C57: 7. | D57: Country club dues | E57: 0
C58: 8. | D58: Salaries in excess of salary cap | E58: 0
C59: 9. | D59: Other excluded expenses (from Schedule E) | E59: 0
C60: 10. | D60: Total Excluded Expenses | E60: 975.85
C62: Part E: Net Income
C63: 1. | D63: Net income as reported on the books of the agency | E63: 27457.51
C65: Part F: Equity
C66: 1. | D66: Total equity as reported on balance sheet of the agency | E66: 131322
C68: Part G: Employees
C69: 1. | D69: Total number of employees | E69: 2

Sheet Western New Mexico Title Co.
D1: NEW MEXICO TITLE INSURANCE AGENTS STATISTICAL REPORT
D2: SCHEDULE A: STATEMENT OF INCOME AND EXPENSES
D3: For the Calendar Year Ending December 31, 2022
C5: AGENCY NAME: | D5: Western New Mexico Title Co., Inc.
C6: ADDRESS: | D6: 3445 HWY 180E. Silver City, NM 88061
C7: CONTACT NAME: | D7: James M. Gruwell
A8: Check One:
A9: x | B9: INDEPENDENT (NON-AFFILIATED) Title insurance agencies that are independently owned and write title insurance business
B10: one or more title insurance underwriters.
B12: AFFILIATED Title insurance agencies with 10% or greater ownership by a title insurance underwriter, including wholly-owned agencies.
B14: DIRECT Agency-type operations performed by the home or branch office of a title insurance underwriter. This does NOT include
B15: wholly-owned agencies.
C17: Part A: Revenue
C18: 1. | D18: Title insurance written premiums (from Schedule B) | E18: 275532
C19: 2. | D19: Less: Remitted title insurance premiums (from Schedule B) | E19: 54162
C20: 3. | D20: Retained title insurance premiums (from Schedule B) | E20: 221370
C21: 4. | D21: Other income (from Schedule C) | E21: 90762
C22: 5. | D22: Total Revenue | E22: =SUM(E20:E21) -> 312132
C24: Part B: Expenses
C25: 1. | D25: Employees' salaries and wages | E25: 150822
C26: 2. | D26: Owners' and partners' salaries and wages | E26: 24000
C27: 3. | D27: Employee benefits | E27: 14945
C28: 4. | D28: Rent | E28: 49929
C29: 5. | D29: Insurance | E29: 3476
C30: 6. | D30: Legal expense | E30: 0
C31: 7. | D31: Licenses, taxes and fees | E31: 169
C32: 8. | D32: Title plant expense and maintenance | E32: 7795
C33: 9. | D33: Office supplies | E33: 9229
C34: 10. | D34: Depreciation | E34: 551
C35: 11. | D35: Automobile expense | E35: 3390
C36: 12. | D36: Communication expense | E36: 14543
... C45: 21. | D45: Total Expenses | E45: 295560
C47: Part C: Net Income for Ratemaking Purposes
C48: 1. | D48: Income (Loss) from Operations | E48: 16572
C50: Part D: Excluded Expenses
C51: 1. | D51: NMLTA lobbying expense | E51: 53
C52: 2. | D52: Direct lobbying expense
C53: 3. | D53: Political contributions
C54: 4. | D54: State and federal income tax expense
C55: 5. | D55: 1/2 of meals and entertainment expense
C56: 6. | D56: Penalties
C57: 7. | D57: Country club dues
C58: 8. | D58: Salaries in excess of salary cap
C59: 9. | D59: Other excluded expenses (from Schedule E) | E59: 0
C60: 10. | D60: Total Excluded Expenses | E60: =SUM(E51:E59) -> 53
C62: Part E: Net Income
C63: 1. | D63: Net income as reported on the books of the agency | E63: =E48-E60 -> 16519
C65: Part F: Equity
C66: 1. | D66: Total equity as reported on balance sheet of the agency | E66: 75264
C68: Part G: Employees
C69: 1. | D69: Total number of employees | E69: 4

Sheet Western Plains, Inc.
D1: NEW MEXICO TITLE INSURANCE AGENTS STATISTICAL REPORT
D2: SCHEDULE A: STATEMENT OF INCOME AND EXPENSES
D3: For the Calendar Year Ending December 31, 2022
C5: AGENCY NAME: | D5: Western Plains, Inc.
C6: ADDRESS: | D6: 111 W Center Street, Tucumcari, NM 88401
C7: CONTACT NAME: | D7: Pamela R. Sanders
A8: Check One:
A9: X | B9: INDEPENDENT (NON-AFFILIATED) Title insurance agencies that are independently owned and write title insurance business
B10: one or more title insurance underwriters.
B12: AFFILIATED Title insurance agencies with 10% or greater ownership by a title insurance underwriter, including wholly-owned agencies.
B14: DIRECT Agency-type operations performed by the home or branch office of a title insurance underwriter. This does NOT include
B15: wholly-owned agencies.
C17: Part A: Revenue
C18: 1. | D18: Title insurance written premiums (from Schedule B) | E18: 157752
C19: 2. | D19: Less: Remitted title insurance premiums (from Schedule B) | E19: 31550
C20: 3. | D20: Retained title insurance premiums (from Schedule B) | E20: 126202
C21: 4. | D21: Other income (from Schedule C) | E21: 81105
C22: 5. | D22: Total Revenue | E22: =SUM(E20:E21) -> 207307
C24: Part B: Expenses
C25: 1. | D25: Employees' salaries and wages
C26: 2. | D26: Owners' and partners' salaries and wages | E26: 70000
C27: 3. | D27: Employee benefits
C28: 4. | D28: Rent | E28: 18345
C29: 5. | D29: Insurance | E29: 4132
C30: 6. | D30: Legal expense
C31: 7. | D31: Licenses, taxes and fees | E31: 3779
C32: 8. | D32: Title plant expense and maintenance | E32: 16162
C33: 9. | D33: Office supplies | E33: 769
C34: 10. | D34: Depreciation | E34: 17731
C35: 11. | D35: Automobile expense | E35: 15836
C36: 12. | D36: Communication expense | E36: 7755
C37: 13. | D37: Education expense | E37: 1330
C38: 14. | D38: Bad debts | E38: 6964
C39: 15. | D39: Interest expense
C40: 16. | D40: Employee travel and lodging
C41: 17. | D41: Loss and loss adjustment expense (from Schedule D) | E41: 2731
C42: 18. | D42: Accounting and auditing expense | E42: 1505
C43: 19. | D43: Public relations expense | E43: 5846
C44: 20. | D44: Other expenses (from Schedule E) | E44: 2446
C45: 21. | D45: Total Expenses | E45: 175331
C47: Part C: Net Income for Ratemaking Purposes
C48: 1. | D48: Income (Loss) from Operations | E48: 31976
C50: Part D: Excluded Expenses
C51: 1. | D51: NMLTA lobbying expense | E51: 26
C52: 2. | D52: Direct lobbying expense
C53: 3. | D53: Political contributions
C54: 4. | D54: State and federal income tax expense | E54: 12996
C55: 5. | D55: 1/2 of meals and entertainment expense | E55: 135
C56: 6. | D56: Penalties
C57: 7. | D57: Country club dues
C58: 8. | D58: Salaries in excess of salary cap
C59: 9. | D59: Other excluded expenses (from Schedule E) | E59: 0
C60: 10. | D60: Total Excluded Expenses | E60: 13157
C62: Part E: Net Income
C63: 1. | D63: Net income as reported on the books of the agency | E63: 18819
C65: Part F: Equity
C66: 1. | D66: Total equity as reported on balance sheet of the agency | E66: 334667
C68: Part G: Employees
C69: 1. | D69: Total number of employees | E69: 2
